Workbook

Sheet PolicyInputs
A1: Choose Scenario | B1: 1 | C1: 1: Sure & Steady… 2: Burning Rubber… 3: Green Fleet… 4: Misery Index
A4: Revenue Alternatives | E4: Existing state share | F4: Desired state share | G4: Existing rate | H4: Desired rate (2017) | I4: Periodic increase (every 3 years) | J4: Escalation Factor | K4: Transition | M4: Shut-off year | N4: Notes | P4: Calculated Rates
A5: Alternative Category | B5: Alternative Number | C5: Alternative Description | D5: Instructions | K5: Start of transition | L5: End of transition | P5: 2015 | Q5: =P5+1 -> 2016 | R5: =Q5+1 -> 2017 | S5: =R5+1 -> 2018 | T5: =S5+1 -> 2019 | U5: =T5+1 -> 2020 | V5: =U5+1 -> 2021 | W5: =V5+1 -> 2022 | X5: =W5+1 -> 2023 | ... AJ5: =AI5+1 -> 2035
A6: Fuel Tax | B6: 4.3.1 - 4.3.5 | C6: Existing Fuel Excise Tax - Gasoline | D6: Enter the desired tax rate in dollars per gallon for each fuel type for a one-time increase (column F). Optionally, indicate a periodic increase amount to be added every 3 years (column G) and/or an escalation factor for the excise tax rate (CPI or CCI). | E6: 0.57 | F6: 0.57 | G6: 0.18 | H6: 0.28 | I6: 0 | J6: None | K6: 2036 | L6: 2036 | M6: 2036 | P6: =G6 -> 0.18 | Q6: =P6 -> 0.18 | R6: =H6 -> 0.28 | S6: =IF($M6-S$5<=0,0,IF($L6-S$5<=0,0,IF(AND($I6>0,MOD(S5-2017,3)=0),R6+$I6,R6)*IF($J6="cpi",(1+TechnicalInputs!$D$2),IF($J6="cci",(1+TechnicalInputs!$D$3),IF($J6="none",1,"error"))))) -> 0.28 | T6: =IF($M6-T$5<=0,0,IF($L6-T$5<=0,0,IF(AND($I6>0,MOD(T5-2017,3)=0),S6+$I6,S6)*IF($J6="cpi",(1+TechnicalInputs!$D$2),IF($J6="cci",(1+TechnicalInputs!$D$3),IF($J6="none",1,"error"))))) -> 0.28 | U6: =IF($M6-U$5<=0,0,IF($L6-U$5<=0,0,IF(AND($I6>0,MOD(U5-2017,3)=0),T6+$I6,T6)*IF($J6="cpi",(1+TechnicalInputs!$D$2),IF($J6="cci",(1+TechnicalInputs!$D$3),IF($J6="none",1,"error"))))) -> 0.28 | V6: =IF($M6-V$5<=0,0,IF($L6-V$5<=0,0,IF(AND($I6>0,MOD(V5-2017,3)=0),U6+$I6,U6)*IF($J6="cpi",(1+TechnicalInputs!$D$2),IF($J6="cci",(1+TechnicalInputs!$D$3),IF($J6="none",1,"error"))))) -> 0.28 | W6: =IF($M6-W$5<=0,0,IF($L6-W$5<=0,0,IF(AND($I6>0,MOD(W5-2017,3)=0),V6+$I6,V6)*IF($J6="cpi",(1+TechnicalInputs!$D$2),IF($J6="cci",(1+TechnicalInputs!$D$3),IF($J6="none",1,"error"))))) -> 0.28 | X6: =IF($M6-X$5<=0,0,IF($L6-X$5<=0,0,IF(AND($I6>0,MOD(X5-2017,3)=0),W6+$I6,W6)*IF($J6="cpi",(1+TechnicalInputs!$D$2),IF($J6="cci",(1+TechnicalInputs!$D$3),IF($J6="none",1,"error"))))) -> 0.28 | Y6: =IF($M6-Y$5<=0,0,IF($L6-Y$5<=0,0,IF(AND($I6>0,MOD(Y5-2017,3)=0),X6+$I6,X6)*IF($J6="cpi",(1+TechnicalInputs!$D$2),IF($J6="cci",(1+TechnicalInputs!$D$3),IF($J6="none",1,"error"))))) -> 0.28 | Z6: =IF($M6-Z$5<=0,0,IF($L6-Z$5<=0,0,IF(AND($I6>0,MOD(Z5-2017,3)=0),Y6+$I6,Y6)*IF($J6="cpi",(1+TechnicalInputs!$D$2),IF($J6="cci",(1+TechnicalInputs!$D$3),IF($J6="none",1,"error"))))) -> 0.28 | ... AJ6: =IF($M6-AJ$5<=0,0,IF($L6-AJ$5<=0,0,IF(AND($I6>0,MOD(AJ5-2017,3)=0),AI6+$I6,AI6)*IF($J6="cpi",(1+TechnicalInputs!$D$2),IF($J6="cci",(1+TechnicalInputs!$D$3),IF($J6="none",1,"error"))))) -> 0.28
C7: Existing Fuel Excise Tax - Diesel | E7: 0.52 | F7: 0.52 | G7: 0.16 | H7: 0.16 | I7: 0 | J7: None | K7: 2036 | L7: 2036 | M7: 2036 | P7: =G7 -> 0.16 | Q7: =P7 -> 0.16 | R7: =H7 -> 0.16 | S7: =IF($M7-S$5<=0,0,IF($L7-S$5<=0,0,IF(AND($I7>0,MOD(S5-2017,3)=0),R7+$I7,R7)*IF($J7="cpi",(1+TechnicalInputs!$D$2),IF($J7="cci",(1+TechnicalInputs!$D$3),IF($J7="none",1,"error"))))) -> 0.16 | T7: =IF($M7-T$5<=0,0,IF($L7-T$5<=0,0,IF(AND($I7>0,MOD(T5-2017,3)=0),S7+$I7,S7)*IF($J7="cpi",(1+TechnicalInputs!$D$2),IF($J7="cci",(1+TechnicalInputs!$D$3),IF($J7="none",1,"error"))))) -> 0.16 | U7: =IF($M7-U$5<=0,0,IF($L7-U$5<=0,0,IF(AND($I7>0,MOD(U5-2017,3)=0),T7+$I7,T7)*IF($J7="cpi",(1+TechnicalInputs!$D$2),IF($J7="cci",(1+TechnicalInputs!$D$3),IF($J7="none",1,"error"))))) -> 0.16 | V7: =IF($M7-V$5<=0,0,IF($L7-V$5<=0,0,IF(AND($I7>0,MOD(V5-2017,3)=0),U7+$I7,U7)*IF($J7="cpi",(1+TechnicalInputs!$D$2),IF($J7="cci",(1+TechnicalInputs!$D$3),IF($J7="none",1,"error"))))) -> 0.16 | W7: =IF($M7-W$5<=0,0,IF($L7-W$5<=0,0,IF(AND($I7>0,MOD(W5-2017,3)=0),V7+$I7,V7)*IF($J7="cpi",(1+TechnicalInputs!$D$2),IF($J7="cci",(1+TechnicalInputs!$D$3),IF($J7="none",1,"error"))))) -> 0.16 | X7: =IF($M7-X$5<=0,0,IF($L7-X$5<=0,0,IF(AND($I7>0,MOD(X5-2017,3)=0),W7+$I7,W7)*IF($J7="cpi",(1+TechnicalInputs!$D$2),IF($J7="cci",(1+TechnicalInputs!$D$3),IF($J7="none",1,"error"))))) -> 0.16 | Y7: =IF($M7-Y$5<=0,0,IF($L7-Y$5<=0,0,IF(AND($I7>0,MOD(Y5-2017,3)=0),X7+$I7,X7)*IF($J7="cpi",(1+TechnicalInputs!$D$2),IF($J7="cci",(1+TechnicalInputs!$D$3),IF($J7="none",1,"error"))))) -> 0.16 | Z7: =IF($M7-Z$5<=0,0,IF($L7-Z$5<=0,0,IF(AND($I7>0,MOD(Z5-2017,3)=0),Y7+$I7,Y7)*IF($J7="cpi",(1+TechnicalInputs!$D$2),IF($J7="cci",(1+TechnicalInputs!$D$3),IF($J7="none",1,"error"))))) -> 0.16 | ... AJ7: =IF($M7-AJ$5<=0,0,IF($L7-AJ$5<=0,0,IF(AND($I7>0,MOD(AJ5-2017,3)=0),AI7+$I7,AI7)*IF($J7="cpi",(1+TechnicalInputs!$D$2),IF($J7="cci",(1+TechnicalInputs!$D$3),IF($J7="none",1,"error"))))) -> 0.16
C8: Existing Fuel Excise Tax - Surtax | E8: 0.78 | F8: 0.78 | G8: 0.11 | H8: 0.11 | I8: 0 | J8: None | K8: 2036 | L8: 2036 | M8: 2036 | P8: =G8 -> 0.11 | Q8: =P8 -> 0.11 | R8: =H8 -> 0.11 | S8: =IF($M8-S$5<=0,0,IF($L8-S$5<=0,0,IF(AND($I8>0,MOD(S5-2017,3)=0),R8+$I8,R8)*IF($J8="cpi",(1+TechnicalInputs!$D$2),IF($J8="cci",(1+TechnicalInputs!$D$3),IF($J8="none",1,"error"))))) -> 0.11 | T8: =IF($M8-T$5<=0,0,IF($L8-T$5<=0,0,IF(AND($I8>0,MOD(T5-2017,3)=0),S8+$I8,S8)*IF($J8="cpi",(1+TechnicalInputs!$D$2),IF($J8="cci",(1+TechnicalInputs!$D$3),IF($J8="none",1,"error"))))) -> 0.11 | U8: =IF($M8-U$5<=0,0,IF($L8-U$5<=0,0,IF(AND($I8>0,MOD(U5-2017,3)=0),T8+$I8,T8)*IF($J8="cpi",(1+TechnicalInputs!$D$2),IF($J8="cci",(1+TechnicalInputs!$D$3),IF($J8="none",1,"error"))))) -> 0.11 | V8: =IF($M8-V$5<=0,0,IF($L8-V$5<=0,0,IF(AND($I8>0,MOD(V5-2017,3)=0),U8+$I8,U8)*IF($J8="cpi",(1+TechnicalInputs!$D$2),IF($J8="cci",(1+TechnicalInputs!$D$3),IF($J8="none",1,"error"))))) -> 0.11 | W8: =IF($M8-W$5<=0,0,IF($L8-W$5<=0,0,IF(AND($I8>0,MOD(W5-2017,3)=0),V8+$I8,V8)*IF($J8="cpi",(1+TechnicalInputs!$D$2),IF($J8="cci",(1+TechnicalInputs!$D$3),IF($J8="none",1,"error"))))) -> 0.11 | X8: =IF($M8-X$5<=0,0,IF($L8-X$5<=0,0,IF(AND($I8>0,MOD(X5-2017,3)=0),W8+$I8,W8)*IF($J8="cpi",(1+TechnicalInputs!$D$2),IF($J8="cci",(1+TechnicalInputs!$D$3),IF($J8="none",1,"error"))))) -> 0.11 | Y8: =IF($M8-Y$5<=0,0,IF($L8-Y$5<=0,0,IF(AND($I8>0,MOD(Y5-2017,3)=0),X8+$I8,X8)*IF($J8="cpi",(1+TechnicalInputs!$D$2),IF($J8="cci",(1+TechnicalInputs!$D$3),IF($J8="none",1,"error"))))) -> 0.11 | Z8: =IF($M8-Z$5<=0,0,IF($L8-Z$5<=0,0,IF(AND($I8>0,MOD(Z5-2017,3)=0),Y8+$I8,Y8)*IF($J8="cpi",(1+TechnicalInputs!$D$2),IF($J8="cci",(1+TechnicalInputs!$D$3),IF($J8="none",1,"error"))))) -> 0.11 | ... AJ8: =IF($M8-AJ$5<=0,0,IF($L8-AJ$5<=0,0,IF(AND($I8>0,MOD(AJ5-2017,3)=0),AI8+$I8,AI8)*IF($J8="cpi",(1+TechnicalInputs!$D$2),IF($J8="cci",(1+TechnicalInputs!$D$3),IF($J8="none",1,"error"))))) -> 0.11
B9: 4.3.7 | C9: Sales tax on motor fuel | D9: Enter new sales tax rate for fuel (above 7% goes to transportation). | E9: N/A | F9: 1 | G9: 0.07 | H9: 0.07 | K9: 2036 | L9: 2036 | M9: 2036 | P9: 0 | Q9: 0 | R9: =MAX(0,H9-0.07) -> 0 | S9: =IF($M9-S$5<=0,0,IF($L9-S$5<=0,0,R9)) -> 0 | T9: =IF($M9-T$5<=0,0,IF($L9-T$5<=0,0,S9)) -> 0 | U9: =IF($M9-U$5<=0,0,IF($L9-U$5<=0,0,T9)) -> 0 | V9: =IF($M9-V$5<=0,0,IF($L9-V$5<=0,0,U9)) -> 0 | W9: =IF($M9-W$5<=0,0,IF($L9-W$5<=0,0,V9)) -> 0 | X9: =IF($M9-X$5<=0,0,IF($L9-X$5<=0,0,W9)) -> 0 | Y9: =IF($M9-Y$5<=0,0,IF($L9-Y$5<=0,0,X9)) -> 0 | Z9: =IF($M9-Z$5<=0,0,IF($L9-Z$5<=0,0,Y9)) -> 0 | ... AJ9: =IF($M9-AJ$5<=0,0,IF($L9-AJ$5<=0,0,AI9)) -> 0
A10: Vehicle & Driver Taxes | B10: 4.4.1 | C10: Operator (driver) license fee | D10: Enter the desired amount to charge per year for a driver license. | E10: 0.66 | F10: 0.66 | G10: 2.92 | H10: 2.92 | J10: None | M10: 2036 | P10: =G10 -> 2.92 | Q10: =P10 -> 2.92 | R10: =H10 -> 2.92 | S10: =IF($M10-S$5<=0,0,IF($J10="cpi",R10*(1+TechnicalInputs!$D$2),IF($J10="cci",R10(1+TechnicalInputs!$D$3),IF($J10="none",R10,"error")))) -> 2.92 | T10: =IF($M10-T$5<=0,0,IF($J10="cpi",S10*(1+TechnicalInputs!$D$2),IF($J10="cci",S10(1+TechnicalInputs!$D$3),IF($J10="none",S10,"error")))) -> 2.92 | U10: =IF($M10-U$5<=0,0,IF($J10="cpi",T10*(1+TechnicalInputs!$D$2),IF($J10="cci",T10(1+TechnicalInputs!$D$3),IF($J10="none",T10,"error")))) -> 2.92 | V10: =IF($M10-V$5<=0,0,IF($J10="cpi",U10*(1+TechnicalInputs!$D$2),IF($J10="cci",U10(1+TechnicalInputs!$D$3),IF($J10="none",U10,"error")))) -> 2.92 | W10: =IF($M10-W$5<=0,0,IF($J10="cpi",V10*(1+TechnicalInputs!$D$2),IF($J10="cci",V10(1+TechnicalInputs!$D$3),IF($J10="none",V10,"error")))) -> 2.92 | X10: =IF($M10-X$5<=0,0,IF($J10="cpi",W10*(1+TechnicalInputs!$D$2),IF($J10="cci",W10(1+TechnicalInputs!$D$3),IF($J10="none",W10,"error")))) -> 2.92 | Y10: =IF($M10-Y$5<=0,0,IF($J10="cpi",X10*(1+TechnicalInputs!$D$2),IF($J10="cci",X10(1+TechnicalInputs!$D$3),IF($J10="none",X10,"error")))) -> 2.92 | Z10: =IF($M10-Z$5<=0,0,IF($J10="cpi",Y10*(1+TechnicalInputs!$D$2),IF($J10="cci",Y10(1+TechnicalInputs!$D$3),IF($J10="none",Y10,"error")))) -> 2.92 | AA10: =IF($M10-AA$5<=0,0,IF($J10="cpi",Z10*(1+TechnicalInputs!$D$2),IF($J10="cci",Z10(1+TechnicalInputs!$D$3),IF($J10="none",Z10,"error")))) -> 2.92 | AB10: =IF($M10-AB$5<=0,0,IF($J10="cpi",AA10*(1+TechnicalInputs!$D$2),IF($J10="cci",AA10(1+TechnicalInputs!$D$3),IF($J10="none",AA10,"error")))) -> 2.92 | AC10: =IF($M10-AC$5<=0,0,IF($J10="cpi",AB10*(1+TechnicalInputs!$D$2),IF($J10="cci",AB10(1+TechnicalInputs!$D$3),IF($J10="none",AB10,"error")))) -> 2.92 | AD10: =IF($M10-AD$5<=0,0,IF($J10="cpi",AC10*(1+TechnicalInputs!$D$2),IF($J10="cci",AC10(1+TechnicalInputs!$D$3),IF($J10="none",AC10,"error")))) -> 2.92 | AE10: =IF($M10-AE$5<=0,0,IF($J10="cpi",AD10*(1+TechnicalInputs!$D$2),IF($J10="cci",AD10(1+TechnicalInputs!$D$3),IF($J10="none",AD10,"error")))) -> 2.92 | AF10: =IF($M10-AF$5<=0,0,IF($J10="cpi",AE10*(1+TechnicalInputs!$D$2),IF($J10="cci",AE10(1+TechnicalInputs!$D$3),IF($J10="none",AE10,"error")))) -> 2.92 | AG10: =IF($M10-AG$5<=0,0,IF($J10="cpi",AF10*(1+TechnicalInputs!$D$2),IF($J10="cci",AF10(1+TechnicalInputs!$D$3),IF($J10="none",AF10,"error")))) -> 2.92 | AH10: =IF($M10-AH$5<=0,0,IF($J10="cpi",AG10*(1+TechnicalInputs!$D$2),IF($J10="cci",AG10(1+TechnicalInputs!$D$3),IF($J10="none",AG10,"error")))) -> 2.92 | AI10: =IF($M10-AI$5<=0,0,IF($J10="cpi",AH10*(1+TechnicalInputs!$D$2),IF($J10="cci",AH10(1+TechnicalInputs!$D$3),IF($J10="none",AH10,"error")))) -> 2.92 | AJ10: =IF($M10-AJ$5<=0,0,IF($J10="cpi",AI10*(1+TechnicalInputs!$D$2),IF($J10="cci",AI10(1+TechnicalInputs!$D$3),IF($J10="none",AI10,"error")))) -> 2.92
B11: 4.4.2 | C11: Passenger vehicle registration fee | D11: Enter the desired amount to charge per year for vehicle registration. | E11: 0.66 | F11: 0.66 | G11: 21.05 | H11: 21.05 | J11: None | M11: 2036 | P11: =G11*TechnicalInputs!D35 -> 28.207 | Q11: =P11 -> 28.207 | R11: =H11*TechnicalInputs!D35 -> 28.207 | S11: =IF($M11-S$5<=0,0,IF($J11="cpi",R11*(1+TechnicalInputs!$D$2),IF($J11="cci",R11(1+TechnicalInputs!$D$3),IF($J11="none",R11,"error")))) -> 28.207 | T11: =IF($M11-T$5<=0,0,IF($J11="cpi",S11*(1+TechnicalInputs!$D$2),IF($J11="cci",S11(1+TechnicalInputs!$D$3),IF($J11="none",S11,"error")))) -> 28.207 | U11: =IF($M11-U$5<=0,0,IF($J11="cpi",T11*(1+TechnicalInputs!$D$2),IF($J11="cci",T11(1+TechnicalInputs!$D$3),IF($J11="none",T11,"error")))) -> 28.207 | V11: =IF($M11-V$5<=0,0,IF($J11="cpi",U11*(1+TechnicalInputs!$D$2),IF($J11="cci",U11(1+TechnicalInputs!$D$3),IF($J11="none",U11,"error")))) -> 28.207 | W11: =IF($M11-W$5<=0,0,IF($J11="cpi",V11*(1+TechnicalInputs!$D$2),IF($J11="cci",V11(1+TechnicalInputs!$D$3),IF($J11="none",V11,"error")))) -> 28.207 | X11: =IF($M11-X$5<=0,0,IF($J11="cpi",W11*(1+TechnicalInputs!$D$2),IF($J11="cci",W11(1+TechnicalInputs!$D$3),IF($J11="none",W11,"error")))) -> 28.207 | Y11: =IF($M11-Y$5<=0,0,IF($J11="cpi",X11*(1+TechnicalInputs!$D$2),IF($J11="cci",X11(1+TechnicalInputs!$D$3),IF($J11="none",X11,"error")))) -> 28.207 | Z11: =IF($M11-Z$5<=0,0,IF($J11="cpi",Y11*(1+TechnicalInputs!$D$2),IF($J11="cci",Y11(1+TechnicalInputs!$D$3),IF($J11="none",Y11,"error")))) -> 28.207 | AA11: =IF($M11-AA$5<=0,0,IF($J11="cpi",Z11*(1+TechnicalInputs!$D$2),IF($J11="cci",Z11(1+TechnicalInputs!$D$3),IF($J11="none",Z11,"error")))) -> 28.207 | AB11: =IF($M11-AB$5<=0,0,IF($J11="cpi",AA11*(1+TechnicalInputs!$D$2),IF($J11="cci",AA11(1+TechnicalInputs!$D$3),IF($J11="none",AA11,"error")))) -> 28.207 | AC11: =IF($M11-AC$5<=0,0,IF($J11="cpi",AB11*(1+TechnicalInputs!$D$2),IF($J11="cci",AB11(1+TechnicalInputs!$D$3),IF($J11="none",AB11,"error")))) -> 28.207 | AD11: =IF($M11-AD$5<=0,0,IF($J11="cpi",AC11*(1+TechnicalInputs!$D$2),IF($J11="cci",AC11(1+TechnicalInputs!$D$3),IF($J11="none",AC11,"error")))) -> 28.207 | AE11: =IF($M11-AE$5<=0,0,IF($J11="cpi",AD11*(1+TechnicalInputs!$D$2),IF($J11="cci",AD11(1+TechnicalInputs!$D$3),IF($J11="none",AD11,"error")))) -> 28.207 | AF11: =IF($M11-AF$5<=0,0,IF($J11="cpi",AE11*(1+TechnicalInputs!$D$2),IF($J11="cci",AE11(1+TechnicalInputs!$D$3),IF($J11="none",AE11,"error")))) -> 28.207 | AG11: =IF($M11-AG$5<=0,0,IF($J11="cpi",AF11*(1+TechnicalInputs!$D$2),IF($J11="cci",AF11(1+TechnicalInputs!$D$3),IF($J11="none",AF11,"error")))) -> 28.207 | AH11: =IF($M11-AH$5<=0,0,IF($J11="cpi",AG11*(1+TechnicalInputs!$D$2),IF($J11="cci",AG11(1+TechnicalInputs!$D$3),IF($J11="none",AG11,"error")))) -> 28.207 | AI11: =IF($M11-AI$5<=0,0,IF($J11="cpi",AH11*(1+TechnicalInputs!$D$2),IF($J11="cci",AH11(1+TechnicalInputs!$D$3),IF($J11="none",AH11,"error")))) -> 28.207 | AJ11: =IF($M11-AJ$5<=0,0,IF($J11="cpi",AI11*(1+TechnicalInputs!$D$2),IF($J11="cci",AI11(1+TechnicalInputs!$D$3),IF($J11="none",AI11,"error")))) -> 28.207
C12: IRP | D12: Enter percentage increase across the board from existing schedule. | E12: 0.53 | F12: 0.53 | G12: See schedule | H12: 0 | J12: None | M12: 2036 | P12: 0 | Q12: =P12 -> 0 | R12: =H12 -> 0 | S12: =IF($M12-S$5<=0,0,R12) -> 0 | T12: =IF($M12-T$5<=0,0,S12) -> 0 | U12: =IF($M12-U$5<=0,0,T12) -> 0 | V12: =IF($M12-V$5<=0,0,U12) -> 0 | W12: =IF($M12-W$5<=0,0,V12) -> 0 | X12: =IF($M12-X$5<=0,0,W12) -> 0 | Y12: =IF($M12-Y$5<=0,0,X12) -> 0 | Z12: =IF($M12-Z$5<=0,0,Y12) -> 0 | ... AJ12: =IF($M12-AJ$5<=0,0,AI12) -> 0
B13: 4.4.3 | C13: Passenger vehicle excise tax | D13: Enter percentage increase across the board from existing schedule. | E13: 0 | F13: 1 | G13: See schedule | H13: 0 | M13: 2036 | P13: 0 | Q13: =P13 -> 0 | R13: =H13 -> 0 | S13: =IF($M13-S$5<=0,0,R13) -> 0 | T13: =IF($M13-T$5<=0,0,S13) -> 0 | U13: =IF($M13-U$5<=0,0,T13) -> 0 | V13: =IF($M13-V$5<=0,0,U13) -> 0 | W13: =IF($M13-W$5<=0,0,V13) -> 0 | X13: =IF($M13-X$5<=0,0,W13) -> 0 | Y13: =IF($M13-Y$5<=0,0,X13) -> 0 | Z13: =IF($M13-Z$5<=0,0,Y13) -> 0 | ... AJ13: =IF($M13-AJ$5<=0,0,AI13) -> 0
B14: 4.4.6 | C14: Plug-in electric vehicle tax | D14: Enter per-vehicle annual fee for electric vehicles only. | E14: N/A | F14: 1 | G14: N/A | H14: 0 | J14: None | M14: 2036 | P14: 0 | Q14: =P14 -> 0 | R14: =H14 -> 0 | S14: =IF($M14-S$5<=0,0,IF($J14="cpi",R14*(1+TechnicalInputs!$D$2),IF($J14="cci",R14(1+TechnicalInputs!$D$3),IF($J14="none",R14,"error")))) -> 0 | T14: =IF($M14-T$5<=0,0,IF($J14="cpi",S14*(1+TechnicalInputs!$D$2),IF($J14="cci",S14(1+TechnicalInputs!$D$3),IF($J14="none",S14,"error")))) -> 0 | U14: =IF($M14-U$5<=0,0,IF($J14="cpi",T14*(1+TechnicalInputs!$D$2),IF($J14="cci",T14(1+TechnicalInputs!$D$3),IF($J14="none",T14,"error")))) -> 0 | V14: =IF($M14-V$5<=0,0,IF($J14="cpi",U14*(1+TechnicalInputs!$D$2),IF($J14="cci",U14(1+TechnicalInputs!$D$3),IF($J14="none",U14,"error")))) -> 0 | W14: =IF($M14-W$5<=0,0,IF($J14="cpi",V14*(1+TechnicalInputs!$D$2),IF($J14="cci",V14(1+TechnicalInputs!$D$3),IF($J14="none",V14,"error")))) -> 0 | X14: =IF($M14-X$5<=0,0,IF($J14="cpi",W14*(1+TechnicalInputs!$D$2),IF($J14="cci",W14(1+TechnicalInputs!$D$3),IF($J14="none",W14,"error")))) -> 0 | Y14: =IF($M14-Y$5<=0,0,IF($J14="cpi",X14*(1+TechnicalInputs!$D$2),IF($J14="cci",X14(1+TechnicalInputs!$D$3),IF($J14="none",X14,"error")))) -> 0 | Z14: =IF($M14-Z$5<=0,0,IF($J14="cpi",Y14*(1+TechnicalInputs!$D$2),IF($J14="cci",Y14(1+TechnicalInputs!$D$3),IF($J14="none",Y14,"error")))) -> 0 | AA14: =IF($M14-AA$5<=0,0,IF($J14="cpi",Z14*(1+TechnicalInputs!$D$2),IF($J14="cci",Z14(1+TechnicalInputs!$D$3),IF($J14="none",Z14,"error")))) -> 0 | AB14: =IF($M14-AB$5<=0,0,IF($J14="cpi",AA14*(1+TechnicalInputs!$D$2),IF($J14="cci",AA14(1+TechnicalInputs!$D$3),IF($J14="none",AA14,"error")))) -> 0 | AC14: =IF($M14-AC$5<=0,0,IF($J14="cpi",AB14*(1+TechnicalInputs!$D$2),IF($J14="cci",AB14(1+TechnicalInputs!$D$3),IF($J14="none",AB14,"error")))) -> 0 | AD14: =IF($M14-AD$5<=0,0,IF($J14="cpi",AC14*(1+TechnicalInputs!$D$2),IF($J14="cci",AC14(1+TechnicalInputs!$D$3),IF($J14="none",AC14,"error")))) -> 0 | AE14: =IF($M14-AE$5<=0,0,IF($J14="cpi",AD14*(1+TechnicalInputs!$D$2),IF($J14="cci",AD14(1+TechnicalInputs!$D$3),IF($J14="none",AD14,"error")))) -> 0 | AF14: =IF($M14-AF$5<=0,0,IF($J14="cpi",AE14*(1+TechnicalInputs!$D$2),IF($J14="cci",AE14(1+TechnicalInputs!$D$3),IF($J14="none",AE14,"error")))) -> 0 | AG14: =IF($M14-AG$5<=0,0,IF($J14="cpi",AF14*(1+TechnicalInputs!$D$2),IF($J14="cci",AF14(1+TechnicalInputs!$D$3),IF($J14="none",AF14,"error")))) -> 0 | AH14: =IF($M14-AH$5<=0,0,IF($J14="cpi",AG14*(1+TechnicalInputs!$D$2),IF($J14="cci",AG14(1+TechnicalInputs!$D$3),IF($J14="none",AG14,"error")))) -> 0 | AI14: =IF($M14-AI$5<=0,0,IF($J14="cpi",AH14*(1+TechnicalInputs!$D$2),IF($J14="cci",AH14(1+TechnicalInputs!$D$3),IF($J14="none",AH14,"error")))) -> 0 | AJ14: =IF($M14-AJ$5<=0,0,IF($J14="cpi",AI14*(1+TechnicalInputs!$D$2),IF($J14="cci",AI14(1+TechnicalInputs!$D$3),IF($J14="none",AI14,"error")))) -> 0
B15: 4.4.9 | C15: Sales tax surcharge on auto sales | D15: Enter an additional percentage sales tax on car sales. | E15: 0.53 | F15: 0.53 | G15: N/A | H15: 0 | M15: 2036 | P15: 0 | Q15: =P15 -> 0 | R15: =H15 -> 0 | S15: =IF($M15-S$5<=0,0,R15) -> 0 | T15: =IF($M15-T$5<=0,0,S15) -> 0 | U15: =IF($M15-U$5<=0,0,T15) -> 0 | V15: =IF($M15-V$5<=0,0,U15) -> 0 | W15: =IF($M15-W$5<=0,0,V15) -> 0 | X15: =IF($M15-X$5<=0,0,W15) -> 0 | Y15: =IF($M15-Y$5<=0,0,X15) -> 0 | Z15: =IF($M15-Z$5<=0,0,Y15) -> 0 | ... AJ15: =IF($M15-AJ$5<=0,0,AI15) -> 0
B16: 4.4.11 | C16: Tire Tax | D16: Enter a flat charge per tire sold. | E16: N/A | F16: 1 | G16: N/A | H16: 0 | J16: None | M16: 2036 | P16: 0 | Q16: =P16 -> 0 | R16: =H16 -> 0 | S16: =IF($M16-S$5<=0,0,IF($J16="cpi",R16*(1+TechnicalInputs!$D$2),IF($J16="cci",R16(1+TechnicalInputs!$D$3),IF($J16="none",R16,"error")))) -> 0 | T16: =IF($M16-T$5<=0,0,IF($J16="cpi",S16*(1+TechnicalInputs!$D$2),IF($J16="cci",S16(1+TechnicalInputs!$D$3),IF($J16="none",S16,"error")))) -> 0 | U16: =IF($M16-U$5<=0,0,IF($J16="cpi",T16*(1+TechnicalInputs!$D$2),IF($J16="cci",T16(1+TechnicalInputs!$D$3),IF($J16="none",T16,"error")))) -> 0 | V16: =IF($M16-V$5<=0,0,IF($J16="cpi",U16*(1+TechnicalInputs!$D$2),IF($J16="cci",U16(1+TechnicalInputs!$D$3),IF($J16="none",U16,"error")))) -> 0 | W16: =IF($M16-W$5<=0,0,IF($J16="cpi",V16*(1+TechnicalInputs!$D$2),IF($J16="cci",V16(1+TechnicalInputs!$D$3),IF($J16="none",V16,"error")))) -> 0 | X16: =IF($M16-X$5<=0,0,IF($J16="cpi",W16*(1+TechnicalInputs!$D$2),IF($J16="cci",W16(1+TechnicalInputs!$D$3),IF($J16="none",W16,"error")))) -> 0 | Y16: =IF($M16-Y$5<=0,0,IF($J16="cpi",X16*(1+TechnicalInputs!$D$2),IF($J16="cci",X16(1+TechnicalInputs!$D$3),IF($J16="none",X16,"error")))) -> 0 | Z16: =IF($M16-Z$5<=0,0,IF($J16="cpi",Y16*(1+TechnicalInputs!$D$2),IF($J16="cci",Y16(1+TechnicalInputs!$D$3),IF($J16="none",Y16,"error")))) -> 0 | AA16: =IF($M16-AA$5<=0,0,IF($J16="cpi",Z16*(1+TechnicalInputs!$D$2),IF($J16="cci",Z16(1+TechnicalInputs!$D$3),IF($J16="none",Z16,"error")))) -> 0 | AB16: =IF($M16-AB$5<=0,0,IF($J16="cpi",AA16*(1+TechnicalInputs!$D$2),IF($J16="cci",AA16(1+TechnicalInputs!$D$3),IF($J16="none",AA16,"error")))) -> 0 | AC16: =IF($M16-AC$5<=0,0,IF($J16="cpi",AB16*(1+TechnicalInputs!$D$2),IF($J16="cci",AB16(1+TechnicalInputs!$D$3),IF($J16="none",AB16,"error")))) -> 0 | AD16: =IF($M16-AD$5<=0,0,IF($J16="cpi",AC16*(1+TechnicalInputs!$D$2),IF($J16="cci",AC16(1+TechnicalInputs!$D$3),IF($J16="none",AC16,"error")))) -> 0 | AE16: =IF($M16-AE$5<=0,0,IF($J16="cpi",AD16*(1+TechnicalInputs!$D$2),IF($J16="cci",AD16(1+TechnicalInputs!$D$3),IF($J16="none",AD16,"error")))) -> 0 | AF16: =IF($M16-AF$5<=0,0,IF($J16="cpi",AE16*(1+TechnicalInputs!$D$2),IF($J16="cci",AE16(1+TechnicalInputs!$D$3),IF($J16="none",AE16,"error")))) -> 0 | AG16: =IF($M16-AG$5<=0,0,IF($J16="cpi",AF16*(1+TechnicalInputs!$D$2),IF($J16="cci",AF16(1+TechnicalInputs!$D$3),IF($J16="none",AF16,"error")))) -> 0 | AH16: =IF($M16-AH$5<=0,0,IF($J16="cpi",AG16*(1+TechnicalInputs!$D$2),IF($J16="cci",AG16(1+TechnicalInputs!$D$3),IF($J16="none",AG16,"error")))) -> 0 | AI16: =IF($M16-AI$5<=0,0,IF($J16="cpi",AH16*(1+TechnicalInputs!$D$2),IF($J16="cci",AH16(1+TechnicalInputs!$D$3),IF($J16="none",AH16,"error")))) -> 0 | AJ16: =IF($M16-AJ$5<=0,0,IF($J16="cpi",AI16*(1+TechnicalInputs!$D$2),IF($J16="cci",AI16(1+TechnicalInputs!$D$3),IF($J16="none",AI16,"error")))) -> 0
B17: 4.4.13 | C17: Vehicle law enforcement fee | D17: Enter a flat amount per vehicle per year. | E17: N/A | F17: 1 | G17: N/A | H17: 0 | J17: None | M17: 2036 | P17: 0 | Q17: =P17 -> 0 | R17: =H17 -> 0 | S17: =IF($M17-S$5<=0,0,IF($J17="cpi",R17*(1+TechnicalInputs!$D$2),IF($J17="cci",R17(1+TechnicalInputs!$D$3),IF($J17="none",R17,"error")))) -> 0 | T17: =IF($M17-T$5<=0,0,IF($J17="cpi",S17*(1+TechnicalInputs!$D$2),IF($J17="cci",S17(1+TechnicalInputs!$D$3),IF($J17="none",S17,"error")))) -> 0 | U17: =IF($M17-U$5<=0,0,IF($J17="cpi",T17*(1+TechnicalInputs!$D$2),IF($J17="cci",T17(1+TechnicalInputs!$D$3),IF($J17="none",T17,"error")))) -> 0 | V17: =IF($M17-V$5<=0,0,IF($J17="cpi",U17*(1+TechnicalInputs!$D$2),IF($J17="cci",U17(1+TechnicalInputs!$D$3),IF($J17="none",U17,"error")))) -> 0 | W17: =IF($M17-W$5<=0,0,IF($J17="cpi",V17*(1+TechnicalInputs!$D$2),IF($J17="cci",V17(1+TechnicalInputs!$D$3),IF($J17="none",V17,"error")))) -> 0 | X17: =IF($M17-X$5<=0,0,IF($J17="cpi",W17*(1+TechnicalInputs!$D$2),IF($J17="cci",W17(1+TechnicalInputs!$D$3),IF($J17="none",W17,"error")))) -> 0 | Y17: =IF($M17-Y$5<=0,0,IF($J17="cpi",X17*(1+TechnicalInputs!$D$2),IF($J17="cci",X17(1+TechnicalInputs!$D$3),IF($J17="none",X17,"error")))) -> 0 | Z17: =IF($M17-Z$5<=0,0,IF($J17="cpi",Y17*(1+TechnicalInputs!$D$2),IF($J17="cci",Y17(1+TechnicalInputs!$D$3),IF($J17="none",Y17,"error")))) -> 0 | AA17: =IF($M17-AA$5<=0,0,IF($J17="cpi",Z17*(1+TechnicalInputs!$D$2),IF($J17="cci",Z17(1+TechnicalInputs!$D$3),IF($J17="none",Z17,"error")))) -> 0 | AB17: =IF($M17-AB$5<=0,0,IF($J17="cpi",AA17*(1+TechnicalInputs!$D$2),IF($J17="cci",AA17(1+TechnicalInputs!$D$3),IF($J17="none",AA17,"error")))) -> 0 | AC17: =IF($M17-AC$5<=0,0,IF($J17="cpi",AB17*(1+TechnicalInputs!$D$2),IF($J17="cci",AB17(1+TechnicalInputs!$D$3),IF($J17="none",AB17,"error")))) -> 0 | AD17: =IF($M17-AD$5<=0,0,IF($J17="cpi",AC17*(1+TechnicalInputs!$D$2),IF($J17="cci",AC17(1+TechnicalInputs!$D$3),IF($J17="none",AC17,"error")))) -> 0 | AE17: =IF($M17-AE$5<=0,0,IF($J17="cpi",AD17*(1+TechnicalInputs!$D$2),IF($J17="cci",AD17(1+TechnicalInputs!$D$3),IF($J17="none",AD17,"error")))) -> 0 | AF17: =IF($M17-AF$5<=0,0,IF($J17="cpi",AE17*(1+TechnicalInputs!$D$2),IF($J17="cci",AE17(1+TechnicalInputs!$D$3),IF($J17="none",AE17,"error")))) -> 0 | AG17: =IF($M17-AG$5<=0,0,IF($J17="cpi",AF17*(1+TechnicalInputs!$D$2),IF($J17="cci",AF17(1+TechnicalInputs!$D$3),IF($J17="none",AF17,"error")))) -> 0 | AH17: =IF($M17-AH$5<=0,0,IF($J17="cpi",AG17*(1+TechnicalInputs!$D$2),IF($J17="cci",AG17(1+TechnicalInputs!$D$3),IF($J17="none",AG17,"error")))) -> 0 | AI17: =IF($M17-AI$5<=0,0,IF($J17="cpi",AH17*(1+TechnicalInputs!$D$2),IF($J17="cci",AH17(1+TechnicalInputs!$D$3),IF($J17="none",AH17,"error")))) -> 0 | AJ17: =IF($M17-AJ$5<=0,0,IF($J17="cpi",AI17*(1+TechnicalInputs!$D$2),IF($J17="cci",AI17(1+TechnicalInputs!$D$3),IF($J17="none",AI17,"error")))) -> 0
A18: General Sales Taxes | B18: 4.6.2 | C18: Dedicated general sales tax | D18: Enter amount of general sales tax to devote to transportation. | E18: 0.53 | F18: 0.53 | G18: =7%/100 -> 0.0007 | H18: 0.0007 | M18: 2036 | P18: =G18 -> 0.0007 | Q18: =P18 -> 0.0007 | R18: =H18 -> 0.0007 | S18: =IF($M18-S$5<=0,0,R18) -> 0.0007 | T18: =IF($M18-T$5<=0,0,S18) -> 0.0007 | U18: =IF($M18-U$5<=0,0,T18) -> 0.0007 | V18: =IF($M18-V$5<=0,0,U18) -> 0.0007 | W18: =IF($M18-W$5<=0,0,V18) -> 0.0007 | X18: =IF($M18-X$5<=0,0,W18) -> 0.0007 | Y18: =IF($M18-Y$5<=0,0,X18) -> 0.0007 | Z18: =IF($M18-Z$5<=0,0,Y18) -> 0.0007 | ... AJ18: =IF($M18-AJ$5<=0,0,AI18) -> 0.0007
B19: 4.6.3 | C19: Increase to general sales tax | D19: Enter new general sales tax rate (above 7% goes to transportation). | E19: N/A | F19: 0.53 | G19: 0.07 | H19: 0.07 | M19: 2036 | P19: 0 | Q19: =P19 -> 0 | R19: =MAX(0,H19-0.07) -> 0 | S19: =IF($M19-S$5<=0,0,R19) -> 0 | T19: =IF($M19-T$5<=0,0,S19) -> 0 | U19: =IF($M19-U$5<=0,0,T19) -> 0 | V19: =IF($M19-V$5<=0,0,U19) -> 0 | W19: =IF($M19-W$5<=0,0,V19) -> 0 | X19: =IF($M19-X$5<=0,0,W19) -> 0 | Y19: =IF($M19-Y$5<=0,0,X19) -> 0 | Z19: =IF($M19-Z$5<=0,0,Y19) -> 0 | ... AJ19: =IF($M19-AJ$5<=0,0,AI19) -> 0
A20: Road use charges | B20: 4.5.5 and 4.5.6 | C20: Light vehicle distance charge | D20: Enter per-mile rate in dollars to be charged light vehicles (<10k pounds). | E20: N/A | F20: 0.57 | G20: N/A | H20: 0 | J20: None | K20: 2036 | L20: 2036 | M20: 2036 | P20: 0 | Q20: =P20 -> 0 | R20: =IF($K$20>R5,0,$H$20) -> 0 | S20: =IF($M20-S$5<=0,0,IF($J20="cpi",IF($K$20>S5,0,$H$20)*(1+TechnicalInputs!$D$2),IF($J20="cci",IF($K$20>S5,0,$H$20)*(1+TechnicalInputs!$D$3),IF($J20="none",IF($K$20>S5,0,$H$20),"error")))) -> 0 | T20: =IF($M20-T$5<=0,0,IF($J20="cpi",IF($K$20>T5,0,$H$20)*(1+TechnicalInputs!$D$2),IF($J20="cci",IF($K$20>T5,0,$H$20)*(1+TechnicalInputs!$D$3),IF($J20="none",IF($K$20>T5,0,$H$20),"error")))) -> 0 | U20: =IF($M20-U$5<=0,0,IF($J20="cpi",IF($K$20>U5,0,$H$20)*(1+TechnicalInputs!$D$2),IF($J20="cci",IF($K$20>U5,0,$H$20)*(1+TechnicalInputs!$D$3),IF($J20="none",IF($K$20>U5,0,$H$20),"error")))) -> 0 | V20: =IF($M20-V$5<=0,0,IF($J20="cpi",IF($K$20>V5,0,$H$20)*(1+TechnicalInputs!$D$2),IF($J20="cci",IF($K$20>V5,0,$H$20)*(1+TechnicalInputs!$D$3),IF($J20="none",IF($K$20>V5,0,$H$20),"error")))) -> 0 | W20: =IF($M20-W$5<=0,0,IF($J20="cpi",IF($K$20>W5,0,$H$20)*(1+TechnicalInputs!$D$2),IF($J20="cci",IF($K$20>W5,0,$H$20)*(1+TechnicalInputs!$D$3),IF($J20="none",IF($K$20>W5,0,$H$20),"error")))) -> 0 | X20: =IF($M20-X$5<=0,0,IF($J20="cpi",IF($K$20>X5,0,$H$20)*(1+TechnicalInputs!$D$2),IF($J20="cci",IF($K$20>X5,0,$H$20)*(1+TechnicalInputs!$D$3),IF($J20="none",IF($K$20>X5,0,$H$20),"error")))) -> 0 | Y20: =IF($M20-Y$5<=0,0,IF($J20="cpi",IF($K$20>Y5,0,$H$20)*(1+TechnicalInputs!$D$2),IF($J20="cci",IF($K$20>Y5,0,$H$20)*(1+TechnicalInputs!$D$3),IF($J20="none",IF($K$20>Y5,0,$H$20),"error")))) -> 0 | Z20: =IF($M20-Z$5<=0,0,IF($J20="cpi",IF($K$20>Z5,0,$H$20)*(1+TechnicalInputs!$D$2),IF($J20="cci",IF($K$20>Z5,0,$H$20)*(1+TechnicalInputs!$D$3),IF($J20="none",IF($K$20>Z5,0,$H$20),"error")))) -> 0 | ... AJ20: =IF($M20-AJ$5<=0,0,IF($J20="cpi",IF($K$20>AJ5,0,$H$20)*(1+TechnicalInputs!$D$2),IF($J20="cci",IF($K$20>AJ5,0,$H$20)*(1+TechnicalInputs!$D$3),IF($J20="none",IF($K$20>AJ5,0,$H$20),"error")))) -> 0
B21: 4.5.7 | C21: Heavy vehicle weight-distance charge | D21: Choose a rate schedule based on Kentucky or Oregon. | E21: N/A | F21: 0.65 | G21: N/A | H21: None | J21: None | K21: 2036 | L21: 2036 | M21: 2036 | P21: None | Q21: =P21 -> None | R21: =IF($K$21>R5,"None",$H$21) -> None | S21: =IF($K$21>S5,"None",$H$21) -> None | T21: =IF($K$21>T5,"None",$H$21) -> None | U21: =IF($K$21>U5,"None",$H$21) -> None | V21: =IF($K$21>V5,"None",$H$21) -> None | W21: =IF($K$21>W5,"None",$H$21) -> None | X21: =IF($K$21>X5,"None",$H$21) -> None | Y21: =IF($K$21>Y5,"None",$H$21) -> None | ... AJ21: =IF($K$21>AJ5,"None",$H$21) -> None
B22: 4.5.8 | C22: Heavy vehicle distance-size fee | D22: Choose a modified rate schedule based on Kentucky or Oregon. | E22: N/A | F22: 0.65 | G22: N/A | H22: None | J22: None | K22: 2036 | L22: 2036 | M22: 2036 | P22: None | Q22: =P22 -> None | R22: =IF($K$22>R5,"None",$H$22) -> None | S22: =IF($K$22>S5,"None",$H$22) -> None | T22: =IF($K$22>T5,"None",$H$22) -> None | U22: =IF($K$22>U5,"None",$H$22) -> None | V22: =IF($K$22>V5,"None",$H$22) -> None | W22: =IF($K$22>W5,"None",$H$22) -> None | X22: =IF($K$22>X5,"None",$H$22) -> None | Y22: =IF($K$22>Y5,"None",$H$22) -> None | ... AJ22: =IF($K$22>AJ5,"None",$H$22) -> None
B23: 4.5.9 | C23: Heavy vehicle distance-damage fee | D23: Choose a rate schedule based on Purdue study SPR 3704. | E23: N/A | F23: 0.65 | G23: N/A | H23: None | J23: None | K23: 2036 | L23: 2036 | M23: 2036 | P23: None | Q23: =P23 -> None | R23: =IF($K$23>R5,"None",$H$23) -> None | S23: =IF($K$23>S5,"None",$H$23) -> None | T23: =IF($K$23>T5,"None",$H$23) -> None | U23: =IF($K$23>U5,"None",$H$23) -> None | V23: =IF($K$23>V5,"None",$H$23) -> None | W23: =IF($K$23>W5,"None",$H$23) -> None | X23: =IF($K$23>X5,"None",$H$23) -> None | Y23: =IF($K$23>Y5,"None",$H$23) -> None | ... AJ23: =IF($K$23>AJ5,"None",$H$23) -> None
B24: 4.4.14 | C24: Overweight/oversize vehicle fee | D24: Enter percentage increase across the baord from existing schedule. | E24: 1 | F24: 1 | G24: N/A | H24: 0 | M24: 2036 | P24: 0 | Q24: =P24 -> 0 | R24: =H24 -> 0 | S24: =R24 -> 0 | T24: =S24 -> 0 | U24: =H24 -> 0 | V24: =IF($M14-V$5<=0,0,U24) -> 0 | W24: =IF($M14-W$5<=0,0,V24) -> 0 | X24: =IF($M14-X$5<=0,0,W24) -> 0 | Y24: =IF($M14-Y$5<=0,0,X24) -> 0 | Z24: =IF($M14-Z$5<=0,0,Y24) -> 0 | AA24: =IF($M14-AA$5<=0,0,Z24) -> 0 | AB24: =IF($M14-AB$5<=0,0,AA24) -> 0 | AC24: =IF($M14-AC$5<=0,0,AB24) -> 0 | ... AJ24: =IF($M14-AJ$5<=0,0,AI24) -> 0
A25: Tolls | B25: 4.5.1 | C25: Toll new facilities | D25: TBD | E25: N/A | F25: 1 | G25: N/A | H25: N/A | J25: None | M25: 2036
B26: 4.5.2 | C26: Toll existing facilities | D26: TBD | E26: N/A | F26: 1 | G26: N/A | H26: N/A | J26: None | M26: 2036
B27: 4.5.3 | C27: Toll new lane/convert HOV to HOT | D27: TBD | E27: N/A | F27: 1 | G27: N/A | H27: N/A | J27: None | M27: 2036
A28: Other | B28: 4.4.8 | C28: Rental car excise tax | D28: Enter new rental car tax rate (above 4% goes to transportation). | E28: N/A | F28: 0.53 | G28: 0.04 | H28: 0.04 | M28: 2036 | P28: 0 | Q28: =P28 -> 0 | R28: =(MAX(0,H28-0.04)) -> 0 | S28: =IF($M28-S$5<=0,0,R28) -> 0 | T28: =IF($M28-T$5<=0,0,S28) -> 0 | U28: =IF($M28-U$5<=0,0,T28) -> 0 | V28: =IF($M28-V$5<=0,0,U28) -> 0 | W28: =IF($M28-W$5<=0,0,V28) -> 0 | X28: =IF($M28-X$5<=0,0,W28) -> 0 | Y28: =IF($M28-Y$5<=0,0,X28) -> 0 | Z28: =IF($M28-Z$5<=0,0,Y28) -> 0 | ... AJ28: =IF($M28-AJ$5<=0,0,AI28) -> 0
B29: 4.6.1 | C29: General Fund appropriations | D29: Enter amount to transfer from general fund to transportation. | E29: N/A | F29: 1 | G29: N/A | H29: 0 | J29: None | M29: 2036 | P29: 0 | Q29: =P29 -> 0 | R29: =H29 -> 0 | S29: =R29*(1+IF($J29="none",0,IF($J29="cpi",TechnicalInputs!$D$2,IF($J29="cci",TechnicalInputs!$D$3,"error")))) -> 0 | T29: =S29*(1+IF($J29="none",0,IF($J29="cpi",TechnicalInputs!$D$2,IF($J29="cci",TechnicalInputs!$D$3,"error")))) -> 0 | U29: =T29*(1+IF($J29="none",0,IF($J29="cpi",TechnicalInputs!$D$2,IF($J29="cci",TechnicalInputs!$D$3,"error")))) -> 0 | V29: =U29*(1+IF($J29="none",0,IF($J29="cpi",TechnicalInputs!$D$2,IF($J29="cci",TechnicalInputs!$D$3,"error")))) -> 0 | W29: =V29*(1+IF($J29="none",0,IF($J29="cpi",TechnicalInputs!$D$2,IF($J29="cci",TechnicalInputs!$D$3,"error")))) -> 0 | X29: =W29*(1+IF($J29="none",0,IF($J29="cpi",TechnicalInputs!$D$2,IF($J29="cci",TechnicalInputs!$D$3,"error")))) -> 0 | Y29: =X29*(1+IF($J29="none",0,IF($J29="cpi",TechnicalInputs!$D$2,IF($J29="cci",TechnicalInputs!$D$3,"error")))) -> 0 | Z29: =Y29*(1+IF($J29="none",0,IF($J29="cpi",TechnicalInputs!$D$2,IF($J29="cci",TechnicalInputs!$D$3,"error")))) -> 0 | ... AJ29: =AI29*(1+IF($J29="none",0,IF($J29="cpi",TechnicalInputs!$D$2,IF($J29="cci",TechnicalInputs!$D$3,"error")))) -> 0
B30: 4.8.2 | C30: Tax increment financing | D30: Enter amount to generate from local property taxes including value capture mechanisms. | E30: N/A | F30: 1 | G30: N/A | H30: 0 | J30: None | M30: 2036 | P30: 0 | Q30: =P30 -> 0 | R30: =H30 -> 0 | S30: =R30*(1+IF($J30="none",0,IF($J30="cpi",TechnicalInputs!$D$2,IF($J30="cci",TechnicalInputs!$D$3,"error")))) -> 0 | T30: =S30*(1+IF($J30="none",0,IF($J30="cpi",TechnicalInputs!$D$2,IF($J30="cci",TechnicalInputs!$D$3,"error")))) -> 0 | U30: =T30*(1+IF($J30="none",0,IF($J30="cpi",TechnicalInputs!$D$2,IF($J30="cci",TechnicalInputs!$D$3,"error")))) -> 0 | V30: =U30*(1+IF($J30="none",0,IF($J30="cpi",TechnicalInputs!$D$2,IF($J30="cci",TechnicalInputs!$D$3,"error")))) -> 0 | W30: =V30*(1+IF($J30="none",0,IF($J30="cpi",TechnicalInputs!$D$2,IF($J30="cci",TechnicalInputs!$D$3,"error")))) -> 0 | X30: =W30*(1+IF($J30="none",0,IF($J30="cpi",TechnicalInputs!$D$2,IF($J30="cci",TechnicalInputs!$D$3,"error")))) -> 0 | Y30: =X30*(1+IF($J30="none",0,IF($J30="cpi",TechnicalInputs!$D$2,IF($J30="cci",TechnicalInputs!$D$3,"error")))) -> 0 | Z30: =Y30*(1+IF($J30="none",0,IF($J30="cpi",TechnicalInputs!$D$2,IF($J30="cci",TechnicalInputs!$D$3,"error")))) -> 0 | ... AJ30: =AI30*(1+IF($J30="none",0,IF($J30="cpi",TechnicalInputs!$D$2,IF($J30="cci",TechnicalInputs!$D$3,"error")))) -> 0
B31: 4.8.2 | C31: Development exactions | E31: N/A | F31: 1 | G31: N/A | H31: 0 | J31: None | M31: 2036 | P31: 0 | Q31: =P31 -> 0 | R31: =H31 -> 0 | S31: =R31*(1+IF($J31="none",0,IF($J31="cpi",TechnicalInputs!$D$2,IF($J31="cci",TechnicalInputs!$D$3,"error")))) -> 0 | T31: =S31*(1+IF($J31="none",0,IF($J31="cpi",TechnicalInputs!$D$2,IF($J31="cci",TechnicalInputs!$D$3,"error")))) -> 0 | U31: =T31*(1+IF($J31="none",0,IF($J31="cpi",TechnicalInputs!$D$2,IF($J31="cci",TechnicalInputs!$D$3,"error")))) -> 0 | V31: =U31*(1+IF($J31="none",0,IF($J31="cpi",TechnicalInputs!$D$2,IF($J31="cci",TechnicalInputs!$D$3,"error")))) -> 0 | W31: =V31*(1+IF($J31="none",0,IF($J31="cpi",TechnicalInputs!$D$2,IF($J31="cci",TechnicalInputs!$D$3,"error")))) -> 0 | X31: =W31*(1+IF($J31="none",0,IF($J31="cpi",TechnicalInputs!$D$2,IF($J31="cci",TechnicalInputs!$D$3,"error")))) -> 0 | Y31: =X31*(1+IF($J31="none",0,IF($J31="cpi",TechnicalInputs!$D$2,IF($J31="cci",TechnicalInputs!$D$3,"error")))) -> 0 | Z31: =Y31*(1+IF($J31="none",0,IF($J31="cpi",TechnicalInputs!$D$2,IF($J31="cci",TechnicalInputs!$D$3,"error")))) -> 0 | ... AJ31: =AI31*(1+IF($J31="none",0,IF($J31="cpi",TechnicalInputs!$D$2,IF($J31="cci",TechnicalInputs!$D$3,"error")))) -> 0
B32: 4.8.2 | C32: Special assessment district | E32: N/A | F32: 1 | G32: N/A | H32: 0 | J32: None | M32: 2036 | P32: 0 | Q32: =P32 -> 0 | R32: =H32 -> 0 | S32: =R32*(1+IF($J32="none",0,IF($J32="cpi",TechnicalInputs!$D$2,IF($J32="cci",TechnicalInputs!$D$3,"error")))) -> 0 | T32: =S32*(1+IF($J32="none",0,IF($J32="cpi",TechnicalInputs!$D$2,IF($J32="cci",TechnicalInputs!$D$3,"error")))) -> 0 | U32: =T32*(1+IF($J32="none",0,IF($J32="cpi",TechnicalInputs!$D$2,IF($J32="cci",TechnicalInputs!$D$3,"error")))) -> 0 | V32: =U32*(1+IF($J32="none",0,IF($J32="cpi",TechnicalInputs!$D$2,IF($J32="cci",TechnicalInputs!$D$3,"error")))) -> 0 | W32: =V32*(1+IF($J32="none",0,IF($J32="cpi",TechnicalInputs!$D$2,IF($J32="cci",TechnicalInputs!$D$3,"error")))) -> 0 | X32: =W32*(1+IF($J32="none",0,IF($J32="cpi",TechnicalInputs!$D$2,IF($J32="cci",TechnicalInputs!$D$3,"error")))) -> 0 | Y32: =X32*(1+IF($J32="none",0,IF($J32="cpi",TechnicalInputs!$D$2,IF($J32="cci",TechnicalInputs!$D$3,"error")))) -> 0 | Z32: =Y32*(1+IF($J32="none",0,IF($J32="cpi",TechnicalInputs!$D$2,IF($J32="cci",TechnicalInputs!$D$3,"error")))) -> 0 | ... AJ32: =AI32*(1+IF($J32="none",0,IF($J32="cpi",TechnicalInputs!$D$2,IF($J32="cci",TechnicalInputs!$D$3,"error")))) -> 0
B33: N/A | C33: Miscellaneous | D33: From budget documents | E33: 1 | F33: 1 | P33: 0 | Q33: =P33 -> 0 | R33: 0 | S33: 0 | T33: 0 | U33: 0 | V33: 0 | W33: 0 | X33: 0 | Y33: 0 | Z33: 0 | AA33: 0 | AB33: 0 | AC33: 0 | AD33: 0 | AE33: 0 | AF33: 0 | AG33: 0 | AH33: 0 | AI33: 0 | AJ33: 0
C35: Net revenue (state share only) | D35: Status quo revenue in 2035 (nominal) | E35: 7.1105717e+08 | F35: Cumulative Status Quo (2017-2035) (2015 dollars) | G35: 1.018704e+10
D36: Selected scenario in 2035 (nominal) | E36: =TabularOutputs!AD156 -> 8.2204561e+08 | F36: Cumulative New (2017-2035) (2015 dollars) | G36: =TabularOutputs!H317 -> 1.2183596e+10
D37: Difference (2035 dollars) | E37: =E36-E35 -> 1.1098844e+08 | F37: Cumulative Change (2017-2035) (2015 dollars) | G37: =+G36-G35 -> 1.9965566e+09
C38: Net revenue (local share only) | D38: Status quo revenue in 2035 (nominal) | E38: 4.6835604e+08 | F38: Cumulative Status Quo (2017-2035) (2015 dollars) | G38: 6.7795288e+09
D39: Selected scenario in 2035 (nominal) | E39: =TabularOutputs!AD188 -> 5.5208417e+08 | F39: Cumulative New (2017-2035) (2015 dollars) | G39: =TabularOutputs!J317 -> 8.2857031e+09
D40: Difference (2035 dollars) | E40: =E39-E38 -> 83728124 | F40: Cumulative Change (2017-2035) (2015 dollars) | G40: =G39-G38 -> 1.5061743e+09
C41: Federal revenue | D41: Status quo revenue in 2035 (nominal) | E41: 698200000 | F41: Cumulative Status Quo (2017-2035) (2015 dollars) | G41: 1.0158043e+10
D42: Selected scenario in 2035 (nominal) | E42: =TabularOutputs!K316 -> 698200000 | F42: Cumulative New (2017-2035) (2015 dollars) | G42: =TabularOutputs!L317 -> 1.0158043e+10
D43: Difference (2035 dollars) | E43: =E42-E41 -> 0 | F43: Cumulative Change (2017-2035) (2015 dollars) | G43: =G42-G41 -> 0
C44: Taxes/fees paid per household (state + local shares combined) | D44: Status quo revenue in 2035 (nominal) | E44: 228.7934 | F44: Cumulative Status Quo (2017-2035) (2015 dollars) | G44: 5040.3348
D45: Selected scenario in 2035 (nominal) | E45: =TabularOutputs!C316 -> 295.92768 | F45: Cumulative New (2017-2035) (2015 dollars) | G45: =SUM(TabularOutputs!C297:C316) -> 6675.9793
D46: Difference (2035 dollars) | E46: =E45-E44 -> 67.134281 | F46: Cumulative Change (2017-2035) (2015 dollars) | G46: =G45-G44 -> 1635.6445
C47: Taxes/fees paid per registered truck (state + local shares combined) | D47: Status quo revenue in 2035 (nominal) | E47: 1748.0978 | F47: Cumulative Status Quo (2017-2035) (2015 dollars) | G47: 34734.073
D48: Selected scenario in 2035 (nominal) | E48: =TabularOutputs!D316 -> 1748.0978 | F48: Cumulative New (2017-2035) (2015 dollars) | G48: =SUM(TabularOutputs!D297:D316) -> 34734.073
D49: Difference (2035 dollars) | E49: =E48-E47 -> 0 | F49: Cumulative Change (2017-2035) (2015 dollars) | G49: =G48-G47 -> 0
C51: Additional monthly cost for households and registered trucks | D51: Add'l monthly cost per household in 2035 | E51: =E46/12 -> 5.5945234 | F51: Add'l average monthly cost per household, 2017-2035 | G51: =G46/240 -> 6.8151852
D52: Add'l monthly cost per truck in 2035 | E52: =E49/12 -> 0 | F52: Add'l average monthly cost per truck, 2017-2035 | G52: =G49/240 -> 0
F54: Avg annual net revenue - state share (2017-2035) | G54: =G37/19 -> 1.0508192e+08
F55: Avg annual net revenue - local share (2017-2035) | G55: =G40/19 -> 79272329

Sheet EconomicInputs
A1: Year | B1: Selected Scenario
B2: Population | C2: Licensed Drivers | D2: Registered Vehicles | K2: Gallons Fuel | N2: Price of Fuel | P2: VMT | V2: Car Rental Taxable Sales | W2: Number of Tires Sold | X2: All Taxable Sales | Y2: New Vehicles Sold | Z2: OS/OW | AA2: PC Excise Tax
D3: Class 1 (MC) | E3: Class 2/3 (PC) | F3: Class 2/3 (PC - Electric) | G3: Class 4 (Bus) | H3: Class 5-7 (SUT) | I3: Class 8-13 (HDV) | J3: IRP Revenues | K3: Gasoline | L3: Diesel & Equivalent | M3: Surtax Gallons | N3: Gasoline | O3: Diesel | P3: Class 1 (MC) | Q3: Class 2/3 (PC) | R3: Class 2/3 (PC - Electric) | S3: Class 4 (Bus) | T3: Class 5-7 (SUT) | U3: Class 8-13 (HDV) | Y3: Class 1 (MC) | AD3: All VMT
A4: 2010 | B4: =IF(PolicyInputs!$B$1=1,EconomicInputs!B36,IF(PolicyInputs!$B$1=2,EconomicInputs!B68,IF(PolicyInputs!$B$1=3,EconomicInputs!B100,IF(PolicyInputs!$B$1=4,EconomicInputs!B132,"error")))) -> 6483802 | C4: =IF(PolicyInputs!$B$1=1,EconomicInputs!C36,IF(PolicyInputs!$B$1=2,EconomicInputs!C68,IF(PolicyInputs!$B$1=3,EconomicInputs!C100,IF(PolicyInputs!$B$1=4,EconomicInputs!C132,"error")))) -> 4762954 | D4: =IF(PolicyInputs!$B$1=1,EconomicInputs!D36,IF(PolicyInputs!$B$1=2,EconomicInputs!D68,IF(PolicyInputs!$B$1=3,EconomicInputs!D100,IF(PolicyInputs!$B$1=4,EconomicInputs!D132,"error")))) -> 193410 | E4: =IF(PolicyInputs!$B$1=1,EconomicInputs!E36,IF(PolicyInputs!$B$1=2,EconomicInputs!E68,IF(PolicyInputs!$B$1=3,EconomicInputs!E100,IF(PolicyInputs!$B$1=4,EconomicInputs!E132,"error")))) -> 4914668.6 | F4: =IF(PolicyInputs!$B$1=1,EconomicInputs!F36,IF(PolicyInputs!$B$1=2,EconomicInputs!F68,IF(PolicyInputs!$B$1=3,EconomicInputs!F100,IF(PolicyInputs!$B$1=4,EconomicInputs!F132,"error")))) -> 106 | G4: =IF(PolicyInputs!$B$1=1,EconomicInputs!G36,IF(PolicyInputs!$B$1=2,EconomicInputs!G68,IF(PolicyInputs!$B$1=3,EconomicInputs!G100,IF(PolicyInputs!$B$1=4,EconomicInputs!G132,"error")))) -> 8422.5 | H4: =IF(PolicyInputs!$B$1=1,EconomicInputs!H36,IF(PolicyInputs!$B$1=2,EconomicInputs!H68,IF(PolicyInputs!$B$1=3,EconomicInputs!H100,IF(PolicyInputs!$B$1=4,EconomicInputs!H132,"error")))) -> 169509 | I4: =IF(PolicyInputs!$B$1=1,EconomicInputs!I36,IF(PolicyInputs!$B$1=2,EconomicInputs!I68,IF(PolicyInputs!$B$1=3,EconomicInputs!I100,IF(PolicyInputs!$B$1=4,EconomicInputs!I132,"error")))) -> 58697 | ... AA4: =IF(PolicyInputs!$B$1=1,EconomicInputs!AA36,IF(PolicyInputs!$B$1=2,EconomicInputs!AA68,IF(PolicyInputs!$B$1=3,EconomicInputs!AA100,IF(PolicyInputs!$B$1=4,EconomicInputs!AA132,"error")))) -> 624012071 | AD4: =SUM(P4:U4) -> 7.568769e+10
A5: =A4+1 -> 2011 | B5: =IF(PolicyInputs!$B$1=1,EconomicInputs!B37,IF(PolicyInputs!$B$1=2,EconomicInputs!B69,IF(PolicyInputs!$B$1=3,EconomicInputs!B101,IF(PolicyInputs!$B$1=4,EconomicInputs!B133,"error")))) -> 6516922 | C5: =IF(PolicyInputs!$B$1=1,EconomicInputs!C37,IF(PolicyInputs!$B$1=2,EconomicInputs!C69,IF(PolicyInputs!$B$1=3,EconomicInputs!C101,IF(PolicyInputs!$B$1=4,EconomicInputs!C133,"error")))) -> 4727568 | D5: =IF(PolicyInputs!$B$1=1,EconomicInputs!D37,IF(PolicyInputs!$B$1=2,EconomicInputs!D69,IF(PolicyInputs!$B$1=3,EconomicInputs!D101,IF(PolicyInputs!$B$1=4,EconomicInputs!D133,"error")))) -> 195344.1 | E5: =IF(PolicyInputs!$B$1=1,EconomicInputs!E37,IF(PolicyInputs!$B$1=2,EconomicInputs!E69,IF(PolicyInputs!$B$1=3,EconomicInputs!E101,IF(PolicyInputs!$B$1=4,EconomicInputs!E133,"error")))) -> 4963815.3 | F5: =IF(PolicyInputs!$B$1=1,EconomicInputs!F37,IF(PolicyInputs!$B$1=2,EconomicInputs!F69,IF(PolicyInputs!$B$1=3,EconomicInputs!F101,IF(PolicyInputs!$B$1=4,EconomicInputs!F133,"error")))) -> 114 | G5: =IF(PolicyInputs!$B$1=1,EconomicInputs!G37,IF(PolicyInputs!$B$1=2,EconomicInputs!G69,IF(PolicyInputs!$B$1=3,EconomicInputs!G101,IF(PolicyInputs!$B$1=4,EconomicInputs!G133,"error")))) -> 8506.725 | H5: =IF(PolicyInputs!$B$1=1,EconomicInputs!H37,IF(PolicyInputs!$B$1=2,EconomicInputs!H69,IF(PolicyInputs!$B$1=3,EconomicInputs!H101,IF(PolicyInputs!$B$1=4,EconomicInputs!H133,"error")))) -> 170627.76 | I5: =IF(PolicyInputs!$B$1=1,EconomicInputs!I37,IF(PolicyInputs!$B$1=2,EconomicInputs!I69,IF(PolicyInputs!$B$1=3,EconomicInputs!I101,IF(PolicyInputs!$B$1=4,EconomicInputs!I133,"error")))) -> 59853.331 | ... AA5: =IF(PolicyInputs!$B$1=1,EconomicInputs!AA37,IF(PolicyInputs!$B$1=2,EconomicInputs!AA69,IF(PolicyInputs!$B$1=3,EconomicInputs!AA101,IF(PolicyInputs!$B$1=4,EconomicInputs!AA133,"error")))) -> 621200578 | AD5: =SUM(P5:U5) -> 7.5575072e+10
A6: =A5+1 -> 2012 | B6: =IF(PolicyInputs!$B$1=1,EconomicInputs!B38,IF(PolicyInputs!$B$1=2,EconomicInputs!B70,IF(PolicyInputs!$B$1=3,EconomicInputs!B102,IF(PolicyInputs!$B$1=4,EconomicInputs!B134,"error")))) -> 6537334 | C6: =IF(PolicyInputs!$B$1=1,EconomicInputs!C38,IF(PolicyInputs!$B$1=2,EconomicInputs!C70,IF(PolicyInputs!$B$1=3,EconomicInputs!C102,IF(PolicyInputs!$B$1=4,EconomicInputs!C134,"error")))) -> 4634787 | D6: =IF(PolicyInputs!$B$1=1,EconomicInputs!D38,IF(PolicyInputs!$B$1=2,EconomicInputs!D70,IF(PolicyInputs!$B$1=3,EconomicInputs!D102,IF(PolicyInputs!$B$1=4,EconomicInputs!D134,"error")))) -> 197297.54 | E6: =IF(PolicyInputs!$B$1=1,EconomicInputs!E38,IF(PolicyInputs!$B$1=2,EconomicInputs!E70,IF(PolicyInputs!$B$1=3,EconomicInputs!E102,IF(PolicyInputs!$B$1=4,EconomicInputs!E134,"error")))) -> 5010399.7 | F6: =IF(PolicyInputs!$B$1=1,EconomicInputs!F38,IF(PolicyInputs!$B$1=2,EconomicInputs!F70,IF(PolicyInputs!$B$1=3,EconomicInputs!F102,IF(PolicyInputs!$B$1=4,EconomicInputs!F134,"error")))) -> 181 | G6: =IF(PolicyInputs!$B$1=1,EconomicInputs!G38,IF(PolicyInputs!$B$1=2,EconomicInputs!G70,IF(PolicyInputs!$B$1=3,EconomicInputs!G102,IF(PolicyInputs!$B$1=4,EconomicInputs!G134,"error")))) -> 8591.7923 | H6: =IF(PolicyInputs!$B$1=1,EconomicInputs!H38,IF(PolicyInputs!$B$1=2,EconomicInputs!H70,IF(PolicyInputs!$B$1=3,EconomicInputs!H102,IF(PolicyInputs!$B$1=4,EconomicInputs!H134,"error")))) -> 171753.9 | I6: =IF(PolicyInputs!$B$1=1,EconomicInputs!I38,IF(PolicyInputs!$B$1=2,EconomicInputs!I70,IF(PolicyInputs!$B$1=3,EconomicInputs!I102,IF(PolicyInputs!$B$1=4,EconomicInputs!I134,"error")))) -> 61032.442 | ... AA6: =IF(PolicyInputs!$B$1=1,EconomicInputs!AA38,IF(PolicyInputs!$B$1=2,EconomicInputs!AA70,IF(PolicyInputs!$B$1=3,EconomicInputs!AA102,IF(PolicyInputs!$B$1=4,EconomicInputs!AA134,"error")))) -> 650673897 | AD6: =SUM(P6:U6) -> 7.5422436e+10
A7: =A6+1 -> 2013 | B7: =IF(PolicyInputs!$B$1=1,EconomicInputs!B39,IF(PolicyInputs!$B$1=2,EconomicInputs!B71,IF(PolicyInputs!$B$1=3,EconomicInputs!B103,IF(PolicyInputs!$B$1=4,EconomicInputs!B135,"error")))) -> 6570713 | C7: =IF(PolicyInputs!$B$1=1,EconomicInputs!C39,IF(PolicyInputs!$B$1=2,EconomicInputs!C71,IF(PolicyInputs!$B$1=3,EconomicInputs!C103,IF(PolicyInputs!$B$1=4,EconomicInputs!C135,"error")))) -> 4579439 | D7: =IF(PolicyInputs!$B$1=1,EconomicInputs!D39,IF(PolicyInputs!$B$1=2,EconomicInputs!D71,IF(PolicyInputs!$B$1=3,EconomicInputs!D103,IF(PolicyInputs!$B$1=4,EconomicInputs!D135,"error")))) -> 199270.52 | E7: =IF(PolicyInputs!$B$1=1,EconomicInputs!E39,IF(PolicyInputs!$B$1=2,EconomicInputs!E71,IF(PolicyInputs!$B$1=3,EconomicInputs!E103,IF(PolicyInputs!$B$1=4,EconomicInputs!E135,"error")))) -> 5069713.2 | F7: =IF(PolicyInputs!$B$1=1,EconomicInputs!F39,IF(PolicyInputs!$B$1=2,EconomicInputs!F71,IF(PolicyInputs!$B$1=3,EconomicInputs!F103,IF(PolicyInputs!$B$1=4,EconomicInputs!F135,"error")))) -> 379 | G7: =IF(PolicyInputs!$B$1=1,EconomicInputs!G39,IF(PolicyInputs!$B$1=2,EconomicInputs!G71,IF(PolicyInputs!$B$1=3,EconomicInputs!G103,IF(PolicyInputs!$B$1=4,EconomicInputs!G135,"error")))) -> 8677.7102 | H7: =IF(PolicyInputs!$B$1=1,EconomicInputs!H39,IF(PolicyInputs!$B$1=2,EconomicInputs!H71,IF(PolicyInputs!$B$1=3,EconomicInputs!H103,IF(PolicyInputs!$B$1=4,EconomicInputs!H135,"error")))) -> 172887.48 | I7: =IF(PolicyInputs!$B$1=1,EconomicInputs!I39,IF(PolicyInputs!$B$1=2,EconomicInputs!I71,IF(PolicyInputs!$B$1=3,EconomicInputs!I103,IF(PolicyInputs!$B$1=4,EconomicInputs!I135,"error")))) -> 62234.781 | ... AA7: =IF(PolicyInputs!$B$1=1,EconomicInputs!AA39,IF(PolicyInputs!$B$1=2,EconomicInputs!AA71,IF(PolicyInputs!$B$1=3,EconomicInputs!AA103,IF(PolicyInputs!$B$1=4,EconomicInputs!AA135,"error")))) -> 6.5399618e+08 | AD7: =SUM(P7:U7) -> 7.6349992e+10
A8: =A7+1 -> 2014 | B8: =IF(PolicyInputs!$B$1=1,EconomicInputs!B40,IF(PolicyInputs!$B$1=2,EconomicInputs!B72,IF(PolicyInputs!$B$1=3,EconomicInputs!B104,IF(PolicyInputs!$B$1=4,EconomicInputs!B136,"error")))) -> 6596855 | C8: =IF(PolicyInputs!$B$1=1,EconomicInputs!C40,IF(PolicyInputs!$B$1=2,EconomicInputs!C72,IF(PolicyInputs!$B$1=3,EconomicInputs!C104,IF(PolicyInputs!$B$1=4,EconomicInputs!C136,"error")))) -> 4563231 | D8: =IF(PolicyInputs!$B$1=1,EconomicInputs!D40,IF(PolicyInputs!$B$1=2,EconomicInputs!D72,IF(PolicyInputs!$B$1=3,EconomicInputs!D104,IF(PolicyInputs!$B$1=4,EconomicInputs!D136,"error")))) -> 201263.22 | E8: =IF(PolicyInputs!$B$1=1,EconomicInputs!E40,IF(PolicyInputs!$B$1=2,EconomicInputs!E72,IF(PolicyInputs!$B$1=3,EconomicInputs!E104,IF(PolicyInputs!$B$1=4,EconomicInputs!E136,"error")))) -> 5120100.8 | F8: =IF(PolicyInputs!$B$1=1,EconomicInputs!F40,IF(PolicyInputs!$B$1=2,EconomicInputs!F72,IF(PolicyInputs!$B$1=3,EconomicInputs!F104,IF(PolicyInputs!$B$1=4,EconomicInputs!F136,"error")))) -> 582 | G8: =IF(PolicyInputs!$B$1=1,EconomicInputs!G40,IF(PolicyInputs!$B$1=2,EconomicInputs!G72,IF(PolicyInputs!$B$1=3,EconomicInputs!G104,IF(PolicyInputs!$B$1=4,EconomicInputs!G136,"error")))) -> 8764.4873 | H8: =IF(PolicyInputs!$B$1=1,EconomicInputs!H40,IF(PolicyInputs!$B$1=2,EconomicInputs!H72,IF(PolicyInputs!$B$1=3,EconomicInputs!H104,IF(PolicyInputs!$B$1=4,EconomicInputs!H136,"error")))) -> 174028.54 | I8: =IF(PolicyInputs!$B$1=1,EconomicInputs!I40,IF(PolicyInputs!$B$1=2,EconomicInputs!I72,IF(PolicyInputs!$B$1=3,EconomicInputs!I104,IF(PolicyInputs!$B$1=4,EconomicInputs!I136,"error")))) -> 63460.806 | ... AA8: =IF(PolicyInputs!$B$1=1,EconomicInputs!AA40,IF(PolicyInputs!$B$1=2,EconomicInputs!AA72,IF(PolicyInputs!$B$1=3,EconomicInputs!AA104,IF(PolicyInputs!$B$1=4,EconomicInputs!AA136,"error")))) -> 6.5659814e+08 | AD8: =SUM(P8:U8) -> 7.7163513e+10
A9: =A8+1 -> 2015 | B9: =IF(PolicyInputs!$B$1=1,EconomicInputs!B41,IF(PolicyInputs!$B$1=2,EconomicInputs!B73,IF(PolicyInputs!$B$1=3,EconomicInputs!B105,IF(PolicyInputs!$B$1=4,EconomicInputs!B137,"error")))) -> 6688049 | C9: =IF(PolicyInputs!$B$1=1,EconomicInputs!C41,IF(PolicyInputs!$B$1=2,EconomicInputs!C73,IF(PolicyInputs!$B$1=3,EconomicInputs!C105,IF(PolicyInputs!$B$1=4,EconomicInputs!C137,"error")))) -> 4628129.9 | D9: =IF(PolicyInputs!$B$1=1,EconomicInputs!D41,IF(PolicyInputs!$B$1=2,EconomicInputs!D73,IF(PolicyInputs!$B$1=3,EconomicInputs!D105,IF(PolicyInputs!$B$1=4,EconomicInputs!D137,"error")))) -> 203275.85 | E9: =IF(PolicyInputs!$B$1=1,EconomicInputs!E41,IF(PolicyInputs!$B$1=2,EconomicInputs!E73,IF(PolicyInputs!$B$1=3,EconomicInputs!E105,IF(PolicyInputs!$B$1=4,EconomicInputs!E137,"error")))) -> 5170884.7 | F9: =IF(PolicyInputs!$B$1=1,EconomicInputs!F41,IF(PolicyInputs!$B$1=2,EconomicInputs!F73,IF(PolicyInputs!$B$1=3,EconomicInputs!F105,IF(PolicyInputs!$B$1=4,EconomicInputs!F137,"error")))) -> 1382.7169 | G9: =IF(PolicyInputs!$B$1=1,EconomicInputs!G41,IF(PolicyInputs!$B$1=2,EconomicInputs!G73,IF(PolicyInputs!$B$1=3,EconomicInputs!G105,IF(PolicyInputs!$B$1=4,EconomicInputs!G137,"error")))) -> 8852.1321 | H9: =IF(PolicyInputs!$B$1=1,EconomicInputs!H41,IF(PolicyInputs!$B$1=2,EconomicInputs!H73,IF(PolicyInputs!$B$1=3,EconomicInputs!H105,IF(PolicyInputs!$B$1=4,EconomicInputs!H137,"error")))) -> 175177.12 | I9: =IF(PolicyInputs!$B$1=1,EconomicInputs!I41,IF(PolicyInputs!$B$1=2,EconomicInputs!I73,IF(PolicyInputs!$B$1=3,EconomicInputs!I105,IF(PolicyInputs!$B$1=4,EconomicInputs!I137,"error")))) -> 64710.984 | ... AA9: =IF(PolicyInputs!$B$1=1,EconomicInputs!AA41,IF(PolicyInputs!$B$1=2,EconomicInputs!AA73,IF(PolicyInputs!$B$1=3,EconomicInputs!AA105,IF(PolicyInputs!$B$1=4,EconomicInputs!AA137,"error")))) -> 6.6567486e+08 | AD9: =SUM(P9:U9) -> 7.7986282e+10
A10: =A9+1 -> 2016 | B10: =IF(PolicyInputs!$B$1=1,EconomicInputs!B42,IF(PolicyInputs!$B$1=2,EconomicInputs!B74,IF(PolicyInputs!$B$1=3,EconomicInputs!B106,IF(PolicyInputs!$B$1=4,EconomicInputs!B138,"error")))) -> 6728852.1 | C10: =IF(PolicyInputs!$B$1=1,EconomicInputs!C42,IF(PolicyInputs!$B$1=2,EconomicInputs!C74,IF(PolicyInputs!$B$1=3,EconomicInputs!C106,IF(PolicyInputs!$B$1=4,EconomicInputs!C138,"error")))) -> 4656365.6 | D10: =IF(PolicyInputs!$B$1=1,EconomicInputs!D42,IF(PolicyInputs!$B$1=2,EconomicInputs!D74,IF(PolicyInputs!$B$1=3,EconomicInputs!D106,IF(PolicyInputs!$B$1=4,EconomicInputs!D138,"error")))) -> 205308.61 | E10: =IF(PolicyInputs!$B$1=1,EconomicInputs!E42,IF(PolicyInputs!$B$1=2,EconomicInputs!E74,IF(PolicyInputs!$B$1=3,EconomicInputs!E106,IF(PolicyInputs!$B$1=4,EconomicInputs!E138,"error")))) -> 5222247.2 | F10: =IF(PolicyInputs!$B$1=1,EconomicInputs!F42,IF(PolicyInputs!$B$1=2,EconomicInputs!F74,IF(PolicyInputs!$B$1=3,EconomicInputs!F106,IF(PolicyInputs!$B$1=4,EconomicInputs!F138,"error")))) -> 1742.9528 | G10: =IF(PolicyInputs!$B$1=1,EconomicInputs!G42,IF(PolicyInputs!$B$1=2,EconomicInputs!G74,IF(PolicyInputs!$B$1=3,EconomicInputs!G106,IF(PolicyInputs!$B$1=4,EconomicInputs!G138,"error")))) -> 8940.6535 | H10: =IF(PolicyInputs!$B$1=1,EconomicInputs!H42,IF(PolicyInputs!$B$1=2,EconomicInputs!H74,IF(PolicyInputs!$B$1=3,EconomicInputs!H106,IF(PolicyInputs!$B$1=4,EconomicInputs!H138,"error")))) -> 176333.29 | I10: =IF(PolicyInputs!$B$1=1,EconomicInputs!I42,IF(PolicyInputs!$B$1=2,EconomicInputs!I74,IF(PolicyInputs!$B$1=3,EconomicInputs!I106,IF(PolicyInputs!$B$1=4,EconomicInputs!I138,"error")))) -> 65985.79 | ... AA10: =IF(PolicyInputs!$B$1=1,EconomicInputs!AA42,IF(PolicyInputs!$B$1=2,EconomicInputs!AA74,IF(PolicyInputs!$B$1=3,EconomicInputs!AA106,IF(PolicyInputs!$B$1=4,EconomicInputs!AA138,"error")))) -> 6.6973607e+08 | AD10: =SUM(P10:U10) -> 7.8818415e+10
A11: =A10+1 -> 2017 | B11: =IF(PolicyInputs!$B$1=1,EconomicInputs!B43,IF(PolicyInputs!$B$1=2,EconomicInputs!B75,IF(PolicyInputs!$B$1=3,EconomicInputs!B107,IF(PolicyInputs!$B$1=4,EconomicInputs!B139,"error")))) -> 6769904.1 | C11: =IF(PolicyInputs!$B$1=1,EconomicInputs!C43,IF(PolicyInputs!$B$1=2,EconomicInputs!C75,IF(PolicyInputs!$B$1=3,EconomicInputs!C107,IF(PolicyInputs!$B$1=4,EconomicInputs!C139,"error")))) -> 4684773.6 | D11: =IF(PolicyInputs!$B$1=1,EconomicInputs!D43,IF(PolicyInputs!$B$1=2,EconomicInputs!D75,IF(PolicyInputs!$B$1=3,EconomicInputs!D107,IF(PolicyInputs!$B$1=4,EconomicInputs!D139,"error")))) -> 207361.7 | E11: =IF(PolicyInputs!$B$1=1,EconomicInputs!E43,IF(PolicyInputs!$B$1=2,EconomicInputs!E75,IF(PolicyInputs!$B$1=3,EconomicInputs!E107,IF(PolicyInputs!$B$1=4,EconomicInputs!E139,"error")))) -> 5274147.3 | F11: =IF(PolicyInputs!$B$1=1,EconomicInputs!F43,IF(PolicyInputs!$B$1=2,EconomicInputs!F75,IF(PolicyInputs!$B$1=3,EconomicInputs!F107,IF(PolicyInputs!$B$1=4,EconomicInputs!F139,"error")))) -> 2082.7109 | G11: =IF(PolicyInputs!$B$1=1,EconomicInputs!G43,IF(PolicyInputs!$B$1=2,EconomicInputs!G75,IF(PolicyInputs!$B$1=3,EconomicInputs!G107,IF(PolicyInputs!$B$1=4,EconomicInputs!G139,"error")))) -> 9030.06 | H11: =IF(PolicyInputs!$B$1=1,EconomicInputs!H43,IF(PolicyInputs!$B$1=2,EconomicInputs!H75,IF(PolicyInputs!$B$1=3,EconomicInputs!H107,IF(PolicyInputs!$B$1=4,EconomicInputs!H139,"error")))) -> 177497.09 | I11: =IF(PolicyInputs!$B$1=1,EconomicInputs!I43,IF(PolicyInputs!$B$1=2,EconomicInputs!I75,IF(PolicyInputs!$B$1=3,EconomicInputs!I107,IF(PolicyInputs!$B$1=4,EconomicInputs!I139,"error")))) -> 67285.71 | ... AA11: =IF(PolicyInputs!$B$1=1,EconomicInputs!AA43,IF(PolicyInputs!$B$1=2,EconomicInputs!AA75,IF(PolicyInputs!$B$1=3,EconomicInputs!AA107,IF(PolicyInputs!$B$1=4,EconomicInputs!AA139,"error")))) -> 6.7382206e+08 | AD11: =SUM(P11:U11) -> 7.9660028e+10
A12: =A11+1 -> 2018 | B12: =IF(PolicyInputs!$B$1=1,EconomicInputs!B44,IF(PolicyInputs!$B$1=2,EconomicInputs!B76,IF(PolicyInputs!$B$1=3,EconomicInputs!B108,IF(PolicyInputs!$B$1=4,EconomicInputs!B140,"error")))) -> 6811206.6 | C12: =IF(PolicyInputs!$B$1=1,EconomicInputs!C44,IF(PolicyInputs!$B$1=2,EconomicInputs!C76,IF(PolicyInputs!$B$1=3,EconomicInputs!C108,IF(PolicyInputs!$B$1=4,EconomicInputs!C140,"error")))) -> 4713354.9 | D12: =IF(PolicyInputs!$B$1=1,EconomicInputs!D44,IF(PolicyInputs!$B$1=2,EconomicInputs!D76,IF(PolicyInputs!$B$1=3,EconomicInputs!D108,IF(PolicyInputs!$B$1=4,EconomicInputs!D140,"error")))) -> 209435.32 | E12: =IF(PolicyInputs!$B$1=1,EconomicInputs!E44,IF(PolicyInputs!$B$1=2,EconomicInputs!E76,IF(PolicyInputs!$B$1=3,EconomicInputs!E108,IF(PolicyInputs!$B$1=4,EconomicInputs!E140,"error")))) -> 5326503.9 | F12: =IF(PolicyInputs!$B$1=1,EconomicInputs!F44,IF(PolicyInputs!$B$1=2,EconomicInputs!F76,IF(PolicyInputs!$B$1=3,EconomicInputs!F108,IF(PolicyInputs!$B$1=4,EconomicInputs!F140,"error")))) -> 2488.4482 | G12: =IF(PolicyInputs!$B$1=1,EconomicInputs!G44,IF(PolicyInputs!$B$1=2,EconomicInputs!G76,IF(PolicyInputs!$B$1=3,EconomicInputs!G108,IF(PolicyInputs!$B$1=4,EconomicInputs!G140,"error")))) -> 9120.3606 | H12: =IF(PolicyInputs!$B$1=1,EconomicInputs!H44,IF(PolicyInputs!$B$1=2,EconomicInputs!H76,IF(PolicyInputs!$B$1=3,EconomicInputs!H108,IF(PolicyInputs!$B$1=4,EconomicInputs!H140,"error")))) -> 178668.57 | I12: =IF(PolicyInputs!$B$1=1,EconomicInputs!I44,IF(PolicyInputs!$B$1=2,EconomicInputs!I76,IF(PolicyInputs!$B$1=3,EconomicInputs!I108,IF(PolicyInputs!$B$1=4,EconomicInputs!I140,"error")))) -> 68611.239 | ... AA12: =IF(PolicyInputs!$B$1=1,EconomicInputs!AA44,IF(PolicyInputs!$B$1=2,EconomicInputs!AA76,IF(PolicyInputs!$B$1=3,EconomicInputs!AA108,IF(PolicyInputs!$B$1=4,EconomicInputs!AA140,"error")))) -> 6.7793298e+08 | AD12: =SUM(P12:U12) -> 8.051124e+10
A13: =A12+1 -> 2019 | B13: =IF(PolicyInputs!$B$1=1,EconomicInputs!B45,IF(PolicyInputs!$B$1=2,EconomicInputs!B77,IF(PolicyInputs!$B$1=3,EconomicInputs!B109,IF(PolicyInputs!$B$1=4,EconomicInputs!B141,"error")))) -> 6852761 | C13: =IF(PolicyInputs!$B$1=1,EconomicInputs!C45,IF(PolicyInputs!$B$1=2,EconomicInputs!C77,IF(PolicyInputs!$B$1=3,EconomicInputs!C109,IF(PolicyInputs!$B$1=4,EconomicInputs!C141,"error")))) -> 4742110.6 | D13: =IF(PolicyInputs!$B$1=1,EconomicInputs!D45,IF(PolicyInputs!$B$1=2,EconomicInputs!D77,IF(PolicyInputs!$B$1=3,EconomicInputs!D109,IF(PolicyInputs!$B$1=4,EconomicInputs!D141,"error")))) -> 211529.67 | E13: =IF(PolicyInputs!$B$1=1,EconomicInputs!E45,IF(PolicyInputs!$B$1=2,EconomicInputs!E77,IF(PolicyInputs!$B$1=3,EconomicInputs!E109,IF(PolicyInputs!$B$1=4,EconomicInputs!E141,"error")))) -> 5379423 | F13: =IF(PolicyInputs!$B$1=1,EconomicInputs!F45,IF(PolicyInputs!$B$1=2,EconomicInputs!F77,IF(PolicyInputs!$B$1=3,EconomicInputs!F109,IF(PolicyInputs!$B$1=4,EconomicInputs!F141,"error")))) -> 2859.2497 | G13: =IF(PolicyInputs!$B$1=1,EconomicInputs!G45,IF(PolicyInputs!$B$1=2,EconomicInputs!G77,IF(PolicyInputs!$B$1=3,EconomicInputs!G109,IF(PolicyInputs!$B$1=4,EconomicInputs!G141,"error")))) -> 9211.5642 | H13: =IF(PolicyInputs!$B$1=1,EconomicInputs!H45,IF(PolicyInputs!$B$1=2,EconomicInputs!H77,IF(PolicyInputs!$B$1=3,EconomicInputs!H109,IF(PolicyInputs!$B$1=4,EconomicInputs!H141,"error")))) -> 179847.79 | I13: =IF(PolicyInputs!$B$1=1,EconomicInputs!I45,IF(PolicyInputs!$B$1=2,EconomicInputs!I77,IF(PolicyInputs!$B$1=3,EconomicInputs!I109,IF(PolicyInputs!$B$1=4,EconomicInputs!I141,"error")))) -> 69962.88 | ... AA13: =IF(PolicyInputs!$B$1=1,EconomicInputs!AA45,IF(PolicyInputs!$B$1=2,EconomicInputs!AA77,IF(PolicyInputs!$B$1=3,EconomicInputs!AA109,IF(PolicyInputs!$B$1=4,EconomicInputs!AA141,"error")))) -> 6.8206898e+08 | AD13: =SUM(P13:U13) -> 8.1372171e+10
A14: =A13+1 -> 2020 | B14: =IF(PolicyInputs!$B$1=1,EconomicInputs!B46,IF(PolicyInputs!$B$1=2,EconomicInputs!B78,IF(PolicyInputs!$B$1=3,EconomicInputs!B110,IF(PolicyInputs!$B$1=4,EconomicInputs!B142,"error")))) -> 6894569 | C14: =IF(PolicyInputs!$B$1=1,EconomicInputs!C46,IF(PolicyInputs!$B$1=2,EconomicInputs!C78,IF(PolicyInputs!$B$1=3,EconomicInputs!C110,IF(PolicyInputs!$B$1=4,EconomicInputs!C142,"error")))) -> 4771041.7 | D14: =IF(PolicyInputs!$B$1=1,EconomicInputs!D46,IF(PolicyInputs!$B$1=2,EconomicInputs!D78,IF(PolicyInputs!$B$1=3,EconomicInputs!D110,IF(PolicyInputs!$B$1=4,EconomicInputs!D142,"error")))) -> 213644.97 | E14: =IF(PolicyInputs!$B$1=1,EconomicInputs!E46,IF(PolicyInputs!$B$1=2,EconomicInputs!E78,IF(PolicyInputs!$B$1=3,EconomicInputs!E110,IF(PolicyInputs!$B$1=4,EconomicInputs!E142,"error")))) -> 5432892.4 | F14: =IF(PolicyInputs!$B$1=1,EconomicInputs!F46,IF(PolicyInputs!$B$1=2,EconomicInputs!F78,IF(PolicyInputs!$B$1=3,EconomicInputs!F110,IF(PolicyInputs!$B$1=4,EconomicInputs!F142,"error")))) -> 3212.6584 | G14: =IF(PolicyInputs!$B$1=1,EconomicInputs!G46,IF(PolicyInputs!$B$1=2,EconomicInputs!G78,IF(PolicyInputs!$B$1=3,EconomicInputs!G110,IF(PolicyInputs!$B$1=4,EconomicInputs!G142,"error")))) -> 9303.6799 | H14: =IF(PolicyInputs!$B$1=1,EconomicInputs!H46,IF(PolicyInputs!$B$1=2,EconomicInputs!H78,IF(PolicyInputs!$B$1=3,EconomicInputs!H110,IF(PolicyInputs!$B$1=4,EconomicInputs!H142,"error")))) -> 181034.78 | I14: =IF(PolicyInputs!$B$1=1,EconomicInputs!I46,IF(PolicyInputs!$B$1=2,EconomicInputs!I78,IF(PolicyInputs!$B$1=3,EconomicInputs!I110,IF(PolicyInputs!$B$1=4,EconomicInputs!I142,"error")))) -> 71341.149 | ... AA14: =IF(PolicyInputs!$B$1=1,EconomicInputs!AA46,IF(PolicyInputs!$B$1=2,EconomicInputs!AA78,IF(PolicyInputs!$B$1=3,EconomicInputs!AA110,IF(PolicyInputs!$B$1=4,EconomicInputs!AA142,"error")))) -> 6.8623021e+08 | AD14: =SUM(P14:U14) -> 8.2242943e+10
A15: =A14+1 -> 2021 | B15: =IF(PolicyInputs!$B$1=1,EconomicInputs!B47,IF(PolicyInputs!$B$1=2,EconomicInputs!B79,IF(PolicyInputs!$B$1=3,EconomicInputs!B111,IF(PolicyInputs!$B$1=4,EconomicInputs!B143,"error")))) -> 6935380.2 | C15: =IF(PolicyInputs!$B$1=1,EconomicInputs!C47,IF(PolicyInputs!$B$1=2,EconomicInputs!C79,IF(PolicyInputs!$B$1=3,EconomicInputs!C111,IF(PolicyInputs!$B$1=4,EconomicInputs!C143,"error")))) -> 4799283.1 | D15: =IF(PolicyInputs!$B$1=1,EconomicInputs!D47,IF(PolicyInputs!$B$1=2,EconomicInputs!D79,IF(PolicyInputs!$B$1=3,EconomicInputs!D111,IF(PolicyInputs!$B$1=4,EconomicInputs!D143,"error")))) -> 215781.41 | E15: =IF(PolicyInputs!$B$1=1,EconomicInputs!E47,IF(PolicyInputs!$B$1=2,EconomicInputs!E79,IF(PolicyInputs!$B$1=3,EconomicInputs!E111,IF(PolicyInputs!$B$1=4,EconomicInputs!E143,"error")))) -> 5486899.4 | F15: =IF(PolicyInputs!$B$1=1,EconomicInputs!F47,IF(PolicyInputs!$B$1=2,EconomicInputs!F79,IF(PolicyInputs!$B$1=3,EconomicInputs!F111,IF(PolicyInputs!$B$1=4,EconomicInputs!F143,"error")))) -> 3566.729 | G15: =IF(PolicyInputs!$B$1=1,EconomicInputs!G47,IF(PolicyInputs!$B$1=2,EconomicInputs!G79,IF(PolicyInputs!$B$1=3,EconomicInputs!G111,IF(PolicyInputs!$B$1=4,EconomicInputs!G143,"error")))) -> 9396.7166 | H15: =IF(PolicyInputs!$B$1=1,EconomicInputs!H47,IF(PolicyInputs!$B$1=2,EconomicInputs!H79,IF(PolicyInputs!$B$1=3,EconomicInputs!H111,IF(PolicyInputs!$B$1=4,EconomicInputs!H143,"error")))) -> 182229.61 | I15: =IF(PolicyInputs!$B$1=1,EconomicInputs!I47,IF(PolicyInputs!$B$1=2,EconomicInputs!I79,IF(PolicyInputs!$B$1=3,EconomicInputs!I111,IF(PolicyInputs!$B$1=4,EconomicInputs!I143,"error")))) -> 72746.569 | ... AA15: =IF(PolicyInputs!$B$1=1,EconomicInputs!AA47,IF(PolicyInputs!$B$1=2,EconomicInputs!AA79,IF(PolicyInputs!$B$1=3,EconomicInputs!AA111,IF(PolicyInputs!$B$1=4,EconomicInputs!AA143,"error")))) -> 6.9029223e+08 | AD15: =SUM(P15:U15) -> 8.3123679e+10
A16: =A15+1 -> 2022 | B16: =IF(PolicyInputs!$B$1=1,EconomicInputs!B48,IF(PolicyInputs!$B$1=2,EconomicInputs!B80,IF(PolicyInputs!$B$1=3,EconomicInputs!B112,IF(PolicyInputs!$B$1=4,EconomicInputs!B144,"error")))) -> 6976432.9 | C16: =IF(PolicyInputs!$B$1=1,EconomicInputs!C48,IF(PolicyInputs!$B$1=2,EconomicInputs!C80,IF(PolicyInputs!$B$1=3,EconomicInputs!C112,IF(PolicyInputs!$B$1=4,EconomicInputs!C144,"error")))) -> 4827691.6 | D16: =IF(PolicyInputs!$B$1=1,EconomicInputs!D48,IF(PolicyInputs!$B$1=2,EconomicInputs!D80,IF(PolicyInputs!$B$1=3,EconomicInputs!D112,IF(PolicyInputs!$B$1=4,EconomicInputs!D144,"error")))) -> 217939.23 | E16: =IF(PolicyInputs!$B$1=1,EconomicInputs!E48,IF(PolicyInputs!$B$1=2,EconomicInputs!E80,IF(PolicyInputs!$B$1=3,EconomicInputs!E112,IF(PolicyInputs!$B$1=4,EconomicInputs!E144,"error")))) -> 5541421.2 | F16: =IF(PolicyInputs!$B$1=1,EconomicInputs!F48,IF(PolicyInputs!$B$1=2,EconomicInputs!F80,IF(PolicyInputs!$B$1=3,EconomicInputs!F112,IF(PolicyInputs!$B$1=4,EconomicInputs!F144,"error")))) -> 3949.5748 | G16: =IF(PolicyInputs!$B$1=1,EconomicInputs!G48,IF(PolicyInputs!$B$1=2,EconomicInputs!G80,IF(PolicyInputs!$B$1=3,EconomicInputs!G112,IF(PolicyInputs!$B$1=4,EconomicInputs!G144,"error")))) -> 9490.6838 | H16: =IF(PolicyInputs!$B$1=1,EconomicInputs!H48,IF(PolicyInputs!$B$1=2,EconomicInputs!H80,IF(PolicyInputs!$B$1=3,EconomicInputs!H112,IF(PolicyInputs!$B$1=4,EconomicInputs!H144,"error")))) -> 183432.33 | I16: =IF(PolicyInputs!$B$1=1,EconomicInputs!I48,IF(PolicyInputs!$B$1=2,EconomicInputs!I80,IF(PolicyInputs!$B$1=3,EconomicInputs!I112,IF(PolicyInputs!$B$1=4,EconomicInputs!I144,"error")))) -> 74179.677 | ... AA16: =IF(PolicyInputs!$B$1=1,EconomicInputs!AA48,IF(PolicyInputs!$B$1=2,EconomicInputs!AA80,IF(PolicyInputs!$B$1=3,EconomicInputs!AA112,IF(PolicyInputs!$B$1=4,EconomicInputs!AA144,"error")))) -> 6.9437829e+08 | AD16: =SUM(P16:U16) -> 8.4014505e+10
... A29: =A28+1 -> 2035 | B29: =IF(PolicyInputs!$B$1=1,EconomicInputs!B61,IF(PolicyInputs!$B$1=2,EconomicInputs!B93,IF(PolicyInputs!$B$1=3,EconomicInputs!B125,IF(PolicyInputs!$B$1=4,EconomicInputs!B157,"error")))) -> 7516292 | C29: =IF(PolicyInputs!$B$1=1,EconomicInputs!C61,IF(PolicyInputs!$B$1=2,EconomicInputs!C93,IF(PolicyInputs!$B$1=3,EconomicInputs!C125,IF(PolicyInputs!$B$1=4,EconomicInputs!C157,"error")))) -> 5201274.1 | D29: =IF(PolicyInputs!$B$1=1,EconomicInputs!D61,IF(PolicyInputs!$B$1=2,EconomicInputs!D93,IF(PolicyInputs!$B$1=3,EconomicInputs!D125,IF(PolicyInputs!$B$1=4,EconomicInputs!D157,"error")))) -> 248035.17 | E29: =IF(PolicyInputs!$B$1=1,EconomicInputs!E61,IF(PolicyInputs!$B$1=2,EconomicInputs!E93,IF(PolicyInputs!$B$1=3,EconomicInputs!E125,IF(PolicyInputs!$B$1=4,EconomicInputs!E157,"error")))) -> 6295987 | F29: =IF(PolicyInputs!$B$1=1,EconomicInputs!F61,IF(PolicyInputs!$B$1=2,EconomicInputs!F93,IF(PolicyInputs!$B$1=3,EconomicInputs!F125,IF(PolicyInputs!$B$1=4,EconomicInputs!F157,"error")))) -> 15162.219 | G29: =IF(PolicyInputs!$B$1=1,EconomicInputs!G61,IF(PolicyInputs!$B$1=2,EconomicInputs!G93,IF(PolicyInputs!$B$1=3,EconomicInputs!G125,IF(PolicyInputs!$B$1=4,EconomicInputs!G157,"error")))) -> 10801.283 | H29: =IF(PolicyInputs!$B$1=1,EconomicInputs!H61,IF(PolicyInputs!$B$1=2,EconomicInputs!H93,IF(PolicyInputs!$B$1=3,EconomicInputs!H125,IF(PolicyInputs!$B$1=4,EconomicInputs!H157,"error")))) -> 199809.4 | I29: =IF(PolicyInputs!$B$1=1,EconomicInputs!I61,IF(PolicyInputs!$B$1=2,EconomicInputs!I93,IF(PolicyInputs!$B$1=3,EconomicInputs!I125,IF(PolicyInputs!$B$1=4,EconomicInputs!I157,"error")))) -> 95593.065 | ... AA29: =IF(PolicyInputs!$B$1=1,EconomicInputs!AA61,IF(PolicyInputs!$B$1=2,EconomicInputs!AA93,IF(PolicyInputs!$B$1=3,EconomicInputs!AA125,IF(PolicyInputs!$B$1=4,EconomicInputs!AA157,"error")))) -> 7.4811154e+08 | AD29: =SUM(P29:U29) -> 9.657374e+10
A33: Year | B33: Scenario 1: Sure and Steady
B34: Population | C34: Licensed Drivers | D34: Registered Vehicles | K34: Gallons Fuel | N34: Price of Fuel | P34: VMT | V34: Car Rental Taxable Sales | W34: Number of Tires Sold | X34: All Taxable Sales | Y34: New Vehicles Sold | Z34: OS/OW | AA34: PC Excise Tax
D35: Class 1 (MC) | E35: Class 2/3 (PC) | F35: Class 2/3 (PC - Electric) | G35: Class 4 (Bus) | H35: Class 5-7 (SUT) | I35: Class 8-13 (HDV) | J35: IRP Revenues | K35: Gasoline | L35: Diesel & Equivalent | M35: Surtax Gallons | N35: Gasoline | O35: Diesel | P35: Class 1 (MC) | Q35: Class 2/3 (PC) | R35: Class 2/3 (PC - Electric) | S35: Class 4 (Bus) | T35: Class 5-7 (SUT) | U35: Class 8-13 (HDV) | Y35: Class 1 (MC)
A36: 2010 | B36: 6483802 | C36: 4762954 | D36: 193410 | E36: 4914668.6 | F36: 106 | G36: 8422.5 | H36: 169509 | I36: 58697 | J36: 82900000 | K36: 3.3231603e+09 | L36: 1.1625384e+09 | M36: =L36*TechnicalInputs!$D$16 -> 9.3003075e+08 | N36: 3.4326274 | O36: 3.6616923 | P36: 416685500 | Q36: 6.6209989e+10 | R36: 0 | S36: 143945900 | T36: 2856189700 | U36: 6060880000 | V36: 2.3769801e+08 | W36: 6548216 | X36: 75463217000 | Y36: 0 | Z36: 41255353 | AA36: 624012071
A37: =A36+1 -> 2011 | B37: 6516922 | C37: 4727568 | D37: 195344.1 | E37: 4963815.3 | F37: 114 | G37: 8506.725 | H37: 170627.76 | I37: 59853.331 | J37: 89100000 | K37: 3.1264918e+09 | L37: 1.1600998e+09 | M37: =L37*TechnicalInputs!$D$16 -> 9.2807987e+08 | N37: 3.4326274 | O37: 3.6616923 | P37: 416051625 | Q37: 6.6109268e+10 | R37: 2520205.1 | S37: 143726925 | T37: 2851844775 | U37: 6051660000 | V37: 2.6217165e+08 | W37: 6429800 | X37: 81112769000 | Y37: 0 | Z37: 45063790 | AA37: 621200578
A38: =A37+1 -> 2012 | B38: 6537334 | C38: 4634787 | D38: 197297.54 | E38: 5010399.7 | F38: 181 | G38: 8591.7923 | H38: 171753.9 | I38: 61032.442 | J38: 90900000 | K38: 3.0707216e+09 | L38: 1.1581112e+09 | M38: =L38*TechnicalInputs!$D$16 -> 9.2648894e+08 | N38: 3.4732505 | O38: 3.7147603 | P38: 415417750 | Q38: 6.5968341e+10 | R38: 5229883.2 | S38: 143507950 | T38: 2847499850 | U38: 6042440000 | V38: 2.8033136e+08 | W38: 5519876 | X38: 86221792000 | Y38: 0 | Z38: 53639630 | AA38: 650673897
A39: =A38+1 -> 2013 | B39: 6570713 | C39: 4579439 | D39: 199270.52 | E39: 5069713.2 | F39: 379 | G39: 8677.7102 | H39: 172887.48 | I39: 62234.781 | J39: 92800000 | K39: 3.0547441e+09 | L39: 1.1801484e+09 | M39: =L39*TechnicalInputs!$D$16 -> 9.4411872e+08 | N39: 3.3635689 | O39: 3.6524631 | P39: 4.1957193e+08 | Q39: 6.674928e+10 | R39: 8428057.5 | S39: 1.4494303e+08 | T39: 2.8662933e+09 | U39: 6161476068 | V39: 2.647684e+08 | W39: 5492012 | X39: 89720902000 | Y39: 2.3699689e+10 | Z39: 53749413 | AA39: 6.5399618e+08
A40: =A39+1 -> 2014 | B40: 6596855 | C40: 4563231 | D40: 201263.22 | E40: 5120100.8 | F40: 582 | G40: 8764.4873 | H40: 174028.54 | I40: 63460.806 | J40: 96100000 | K40: 3.0316877e+09 | L40: 1.1917366e+09 | M40: =L40*TechnicalInputs!$D$16 -> 9.5338925e+08 | N40: 3.1848285 | O40: 3.4678784 | P40: 4.2376765e+08 | Q40: 6.7412697e+10 | R40: 12588315 | S40: 1.4639246e+08 | T40: 2.8852109e+09 | U40: 6.2828571e+09 | V40: 3.1359785e+08 | W40: 5459060 | X40: 91929139000 | Y40: 2.5186079e+10 | Z40: 61238700 | AA40: 6.5659814e+08
A41: =A40+1 -> 2015 | B41: 6688049 | C41: 4628129.9 | D41: 203275.85 | E41: 5170884.7 | F41: 1382.7169 | G41: 8852.1321 | H41: 175177.12 | I41: 64710.984 | J41: 94748446 | K41: 2.9176799e+09 | L41: 1.2012933e+09 | M41: =L41*TechnicalInputs!$D$16 -> 9.6103465e+08 | N41: 2.9766796 | O41: 3.3017034 | P41: 4.2800532e+08 | Q41: 6.8081333e+10 | R41: 18205242 | S41: 1.4785638e+08 | T41: 2.9042533e+09 | U41: 6.4066294e+09 | V41: 3.2588131e+08 | W41: 5500843 | X41: 95205426000 | Y41: 2.6374661e+10 | Z41: 64154342 | AA41: 6.6567486e+08
A42: =A41+1 -> 2016 | B42: 6728852.1 | C42: 4656365.6 | D42: 205308.61 | E42: 5222247.2 | F42: 1742.9528 | G42: 8940.6535 | H42: 176333.29 | I42: 65985.79 | J42: 95417332 | K42: 2.8964052e+09 | L42: 1.211204e+09 | M42: =L42*TechnicalInputs!$D$16 -> 9.6896316e+08 | N42: 2.8737575 | O42: 3.2545656 | P42: 4.3228538e+08 | Q42: 6.8757585e+10 | R42: 22948210 | S42: 1.4933495e+08 | T42: 2.9234213e+09 | U42: 6.53284e+09 | V42: 3.3606622e+08 | W42: 5565161.1 | X42: 98994412000 | Y42: 2.7665151e+10 | Z42: 66341438 | AA42: 6.6973607e+08
A43: =A42+1 -> 2017 | B43: 6769904.1 | C43: 4684773.6 | D43: 207361.7 | E43: 5274147.3 | F43: 2082.7109 | G43: 9030.06 | H43: 177497.09 | I43: 67285.71 | J43: 96165572 | K43: 2.8634629e+09 | L43: 1.2170859e+09 | M43: =L43*TechnicalInputs!$D$16 -> 9.736687e+08 | N43: 2.8317265 | O43: 3.2552696 | P43: 4.3660823e+08 | Q43: 6.9440917e+10 | R43: 27421561 | S43: 1.508283e+08 | T43: 2.9427159e+09 | U43: 6.661537e+09 | V43: 3.4656943e+08 | W43: 5630325.5 | X43: 102539266000 | Y43: 2.8013197e+10 | Z43: 68888447 | AA43: 6.7382206e+08
A44: =A43+1 -> 2018 | B44: 6811206.6 | C44: 4713354.9 | D44: 209435.32 | E44: 5326503.9 | F44: 2488.4482 | G44: 9120.3606 | H44: 178668.57 | I44: 68611.239 | J44: 96564182 | K44: 2.8287474e+09 | L44: 1.2242971e+09 | M44: =L44*TechnicalInputs!$D$16 -> 9.794377e+08 | N44: 2.8248475 | O44: 3.288788 | P44: 4.4097431e+08 | Q44: 7.0130258e+10 | R44: 32763614 | S44: 1.5233658e+08 | T44: 2.9621379e+09 | U44: 6.7927693e+09 | V44: 3.5740091e+08 | W44: 5696348.8 | X44: 106231686000 | Y44: 2.7943499e+10 | Z44: 71333241 | AA44: 6.7793298e+08
A45: =A44+1 -> 2019 | B45: 6852761 | C45: 4742110.6 | D45: 211529.67 | E45: 5379423 | F45: 2859.2497 | G45: 9211.5642 | H45: 179847.79 | I45: 69962.88 | J45: 96916040 | K45: 2.7927286e+09 | L45: 1.2342285e+09 | M45: =L45*TechnicalInputs!$D$16 -> 9.8738278e+08 | N45: 2.8337002 | O45: 3.3600651 | P45: 4.4538406e+08 | Q45: 7.0827007e+10 | R45: 37645692 | S45: 1.5385995e+08 | T45: 2.981688e+09 | U45: 6.9265868e+09 | V45: 3.6857091e+08 | W45: 5763243.9 | X45: 110267145000 | Y45: 2.8075961e+10 | Z45: 73333623 | AA45: 6.8206898e+08
A46: =A45+1 -> 2020 | B46: 6894569 | C46: 4771041.7 | D46: 213644.97 | E46: 5432892.4 | F46: 3212.6584 | G46: 9303.6799 | H46: 181034.78 | I46: 71341.149 | J46: 97230962 | K46: 2.7546424e+09 | L46: 1.2452737e+09 | M46: =L46*TechnicalInputs!$D$16 -> 9.9621898e+08 | N46: 2.8746524 | O46: 3.4178245 | P46: 4.498379e+08 | Q46: 7.1531e+10 | R46: 42298770 | S46: 1.5539855e+08 | T46: 3.0013671e+09 | U46: 7.0630406e+09 | V46: 3.8009001e+08 | W46: 5831023.8 | X46: 114279158000 | Y46: 2.8306196e+10 | Z46: 75151512 | AA46: 6.8623021e+08
A47: =A46+1 -> 2021 | B47: 6935380.2 | C47: 4799283.1 | D47: 215781.41 | E47: 5486899.4 | F47: 3566.729 | G47: 9396.7166 | H47: 182229.61 | I47: 72746.569 | J47: 97515966 | K47: 2.711898e+09 | L47: 1.257435e+09 | M47: =L47*TechnicalInputs!$D$16 -> 1.005948e+09 | N47: 2.9113698 | O47: 3.4836409 | P47: 4.5433628e+08 | Q47: 7.2242071e+10 | R47: 46960564 | S47: 1.5695253e+08 | T47: 3.0211761e+09 | U47: 7.2021825e+09 | V47: 3.9189839e+08 | W47: 5899701.7 | X47: 118176580000 | Y47: 2.8662172e+10 | Z47: 76797726 | AA47: 6.9029223e+08
A48: =A47+1 -> 2022 | B48: 6976432.9 | C48: 4827691.6 | D48: 217939.23 | E48: 5541421.2 | F48: 3949.5748 | G48: 9490.6838 | H48: 183432.33 | I48: 74179.677 | J48: 97776244 | K48: 2.6650682e+09 | L48: 1.2709076e+09 | M48: =L48*TechnicalInputs!$D$16 -> 1.016726e+09 | N48: 2.9413499 | O48: 3.5540339 | P48: 4.5887964e+08 | Q48: 7.2959921e+10 | R48: 52001220 | S48: 1.5852206e+08 | T48: 3.0411159e+09 | U48: 7.3440655e+09 | V48: 4.0407361e+08 | W48: 5969291 | X48: 122315379000 | Y48: 2.9046858e+10 | Z48: 78303858 | AA48: 6.9437829e+08
... A61: =A60+1 -> 2035 | B61: 7516292 | C61: 5201274.1 | D61: 248035.17 | E61: 6295987 | F61: 15162.219 | G61: 10801.283 | H61: 199809.4 | I61: 95593.065 | J61: 1.0018789e+08 | K61: 2.0192111e+09 | L61: 1.5254806e+09 | M61: =L61*TechnicalInputs!$D$16 -> 1.2203845e+09 | N61: 3.3593146 | O61: 4.1400367 | P61: 5.2224783e+08 | Q61: 8.2894748e+10 | R61: 1.9963007e+08 | S61: 1.8041289e+08 | T61: 3.3126306e+09 | U61: 9.464071e+09 | V61: 6.0012395e+08 | W61: 6963441 | X61: 1.9488456e+11 | Y61: 3.7335379e+10 | Z61: 94530421 | AA61: 7.4811154e+08
A65: Year | B65: Scenario 2: Burning Rubber
B66: Population | C66: Licensed Drivers | D66: Registered Vehicles | K66: Gallons Fuel | N66: Price of Fuel | P66: VMT | V66: Car Rental Taxable Sales | W66: Number of Tires Sold | X66: All Taxable Sales | Y66: New Vehicles Sold | Z66: OS/OW | AA66: PC Excise Tax
D67: Class 1 (MC) | E67: Class 2/3 (PC) | F67: Class 2/3 (PC - Electric) | G67: Class 4 (Bus) | H67: Class 5-7 (SUT) | I67: Class 8-13 (HDV) | J67: IRP Revenues | K67: Gasoline | L67: Diesel & Equivalent | M67: Surtax Gallons | N67: Gasoline | O67: Diesel | P67: Class 1 (MC) | Q67: Class 2/3 (PC) | R67: Class 2/3 (PC - Electric) | S67: Class 4 (Bus) | T67: Class 5-7 (SUT) | U67: Class 8-13 (HDV) | Y67: Class 1 (MC)
A68: 2010 | B68: 6483802 | C68: 4762954 | D68: 193410 | E68: 4914668.6 | F68: 106 | G68: 8422.5 | H68: 169509 | I68: 58697 | J68: 82900000 | K68: 3.3231603e+09 | L68: 1.1625384e+09 | M68: =L68*TechnicalInputs!$D$16 -> 9.3003075e+08 | N68: 3.4326274 | O68: 3.6616923 | P68: 416685500 | Q68: 6.6209989e+10 | R68: 0 | S68: 143945900 | T68: 2856189700 | U68: 6060880000 | V68: 2.3769801e+08 | W68: 6548216 | X68: 75463217000 | Y68: 0 | Z68: 41255353 | AA68: 624012071
A69: =A68+1 -> 2011 | B69: 6516922 | C69: 4727568 | D69: 195344.1 | E69: 4963815.3 | F69: 114 | G69: 8506.725 | H69: 170627.76 | I69: 59853.331 | J69: 89100000 | K69: 3.1271047e+09 | L69: 1.1600998e+09 | M69: =L69*TechnicalInputs!$D$16 -> 9.2807987e+08 | N69: 3.4326274 | O69: 3.6616923 | P69: 416051625 | Q69: 6.6109268e+10 | R69: 2520205.1 | S69: 143726925 | T69: 2851844775 | U69: 6051660000 | V69: 2.6217165e+08 | W69: 6429800 | X69: 81112769000 | Y69: 0 | Z69: 45063790 | AA69: 621200578
A70: =A69+1 -> 2012 | B70: 6537334 | C70: 4634787 | D70: 197297.54 | E70: 5010399.7 | F70: 181 | G70: 8591.7923 | H70: 171753.9 | I70: 61032.442 | J70: 90900000 | K70: 3.0719072e+09 | L70: 1.1581112e+09 | M70: =L70*TechnicalInputs!$D$16 -> 9.2648894e+08 | N70: 3.4732505 | O70: 3.7147603 | P70: 415417750 | Q70: 6.5968341e+10 | R70: 5229883.2 | S70: 143507950 | T70: 2847499850 | U70: 6042440000 | V70: 2.8033136e+08 | W70: 5519876 | X70: 86221792000 | Y70: 0 | Z70: 53639630 | AA70: 650673897
A71: =A70+1 -> 2013 | B71: 6570713 | C71: 4579439 | D71: 199270.52 | E71: 5069713.2 | F71: 379 | G71: 8677.7102 | H71: 172887.48 | I71: 62234.781 | J71: 92800000 | K71: 3.0564847e+09 | L71: 1.1801484e+09 | M71: =L71*TechnicalInputs!$D$16 -> 9.4411872e+08 | N71: 3.3635689 | O71: 3.6524631 | P71: 4.1957193e+08 | Q71: 6.674928e+10 | R71: 8428057.5 | S71: 1.4494303e+08 | T71: 2.8662933e+09 | U71: 6161476068 | V71: 2.647684e+08 | W71: 5492012 | X71: 89720902000 | Y71: 2.3699689e+10 | Z71: 53749413 | AA71: 6.5399618e+08
A72: =A71+1 -> 2014 | B72: 6596855 | C72: 4563231 | D72: 201263.22 | E72: 5120100.8 | F72: 582 | G72: 8764.4873 | H72: 174028.54 | I72: 63460.806 | J72: 96100000 | K72: 3.03396e+09 | L72: 1.1917366e+09 | M72: =L72*TechnicalInputs!$D$16 -> 9.5338925e+08 | N72: 3.1848285 | O72: 3.4678784 | P72: 4.2376765e+08 | Q72: 6.7412697e+10 | R72: 12588315 | S72: 1.4639246e+08 | T72: 2.8852109e+09 | U72: 6.2828571e+09 | V72: 3.1359785e+08 | W72: 5459060 | X72: 91929139000 | Y72: 2.5186079e+10 | Z72: 61238700 | AA72: 6.5659814e+08
A73: =A72+1 -> 2015 | B73: 6688049 | C73: 4628129.9 | D73: 203275.85 | E73: 5170884.7 | F73: 1382.7169 | G73: 8852.1321 | H73: 175177.12 | I73: 64710.984 | J73: 94748446 | K73: 3.010759e+09 | L73: 1.2017585e+09 | M73: =L73*TechnicalInputs!$D$16 -> 9.614068e+08 | N73: 2.4855378 | O73: 2.7526375 | P73: 4.2800532e+08 | Q73: 6.8081333e+10 | R73: 18205242 | S73: 1.4785638e+08 | T73: 2.9042533e+09 | U73: 6.4066294e+09 | V73: 3.2588131e+08 | W73: 5500843 | X73: 95205426000 | Y73: 2.6374661e+10 | Z73: 64154342 | AA73: 6.6567486e+08
A74: =A73+1 -> 2016 | B74: 6728852.1 | C74: 4656365.6 | D74: 205308.61 | E74: 5222247.2 | F74: 1742.9528 | G74: 8940.6535 | H74: 176333.29 | I74: 65985.79 | J74: 95417332 | K74: 2.9875115e+09 | L74: 1.2117304e+09 | M74: =L74*TechnicalInputs!$D$16 -> 9.6938435e+08 | N74: 2.4061735 | O74: 2.6712467 | P74: 4.3228538e+08 | Q74: 6.8757585e+10 | R74: 22948210 | S74: 1.4933495e+08 | T74: 2.9234213e+09 | U74: 6.53284e+09 | V74: 3.3606622e+08 | W74: 5565161.1 | X74: 98994412000 | Y74: 2.7665151e+10 | Z74: 66341438 | AA74: 6.6973607e+08
A75: =A74+1 -> 2017 | B75: 6769904.1 | C75: 4684773.6 | D75: 207361.7 | E75: 5274147.3 | F75: 2082.7109 | G75: 9030.06 | H75: 177497.09 | I75: 67285.71 | J75: 96165572 | K75: 2.9597654e+09 | L75: 1.2177304e+09 | M75: =L75*TechnicalInputs!$D$16 -> 9.7418428e+08 | N75: 2.3610377 | O75: 2.7068577 | P75: 4.3660823e+08 | Q75: 6.9440917e+10 | R75: 27421561 | S75: 1.508283e+08 | T75: 2.9427159e+09 | U75: 6.661537e+09 | V75: 3.4656943e+08 | W75: 5630325.5 | X75: 102539266000 | Y75: 2.8013197e+10 | Z75: 68888447 | AA75: 6.7382206e+08
A76: =A75+1 -> 2018 | B76: 6811206.6 | C76: 4713354.9 | D76: 209435.32 | E76: 5326503.9 | F76: 2488.4482 | G76: 9120.3606 | H76: 178668.57 | I76: 68611.239 | J76: 96564182 | K76: 2.9309816e+09 | L76: 1.2250914e+09 | M76: =L76*TechnicalInputs!$D$16 -> 9.8007311e+08 | N76: 2.3504918 | O76: 2.7297716 | P76: 4.4097431e+08 | Q76: 7.0130258e+10 | R76: 32763614 | S76: 1.5233658e+08 | T76: 2.9621379e+09 | U76: 6.7927693e+09 | V76: 3.5740091e+08 | W76: 5696348.8 | X76: 106231686000 | Y76: 2.7943499e+10 | Z76: 71333241 | AA76: 6.7793298e+08
A77: =A76+1 -> 2019 | B77: 6852761 | C77: 4742110.6 | D77: 211529.67 | E77: 5379423 | F77: 2859.2497 | G77: 9211.5642 | H77: 179847.79 | I77: 69962.88 | J77: 96916040 | K77: 2.8944602e+09 | L77: 1.2351243e+09 | M77: =L77*TechnicalInputs!$D$16 -> 9.8809944e+08 | N77: 2.3534813 | O77: 2.7351468 | P77: 4.4538406e+08 | Q77: 7.0827007e+10 | R77: 37645692 | S77: 1.5385995e+08 | T77: 2.981688e+09 | U77: 6.9265868e+09 | V77: 3.6857091e+08 | W77: 5763243.9 | X77: 110267145000 | Y77: 2.8075961e+10 | Z77: 73333623 | AA77: 6.8206898e+08
A78: =A77+1 -> 2020 | B78: 6894569 | C78: 4771041.7 | D78: 213644.97 | E78: 5432892.4 | F78: 3212.6584 | G78: 9303.6799 | H78: 181034.78 | I78: 71341.149 | J78: 97230962 | K78: 2.8553896e+09 | L78: 1.2462702e+09 | M78: =L78*TechnicalInputs!$D$16 -> 9.9701613e+08 | N78: 2.3499675 | O78: 2.735252 | P78: 4.498379e+08 | Q78: 7.1531e+10 | R78: 42298770 | S78: 1.5539855e+08 | T78: 3.0013671e+09 | U78: 7.0630406e+09 | V78: 3.8009001e+08 | W78: 5831023.8 | X78: 114279158000 | Y78: 2.8306196e+10 | Z78: 75151512 | AA78: 6.8623021e+08
A79: =A78+1 -> 2021 | B79: 6935380.2 | C79: 4799283.1 | D79: 215781.41 | E79: 5486899.4 | F79: 3566.729 | G79: 9396.7166 | H79: 182229.61 | I79: 72746.569 | J79: 97515966 | K79: 2.8135509e+09 | L79: 1.2585537e+09 | M79: =L79*TechnicalInputs!$D$16 -> 1.006843e+09 | N79: 2.3520252 | O79: 2.744935 | P79: 4.5433628e+08 | Q79: 7.2242071e+10 | R79: 46960564 | S79: 1.5695253e+08 | T79: 3.0211761e+09 | U79: 7.2021825e+09 | V79: 3.9189839e+08 | W79: 5899701.7 | X79: 118176580000 | Y79: 2.8662172e+10 | Z79: 76797726 | AA79: 6.9029223e+08
A80: =A79+1 -> 2022 | B80: 6976432.9 | C80: 4827691.6 | D80: 217939.23 | E80: 5541421.2 | F80: 3949.5748 | G80: 9490.6838 | H80: 183432.33 | I80: 74179.677 | J80: 97776244 | K80: 2.769407e+09 | L80: 1.2721798e+09 | M80: =L80*TechnicalInputs!$D$16 -> 1.0177439e+09 | N80: 2.3509106 | O80: 2.7537833 | P80: 4.5887964e+08 | Q80: 7.2959921e+10 | R80: 52001220 | S80: 1.5852206e+08 | T80: 3.0411159e+09 | U80: 7.3440655e+09 | V80: 4.0407361e+08 | W80: 5969291 | X80: 122315379000 | Y80: 2.9046858e+10 | Z80: 78303858 | AA80: 6.9437829e+08
... A93: =A92+1 -> 2035 | B93: 7516292 | C93: 5201274.1 | D93: 248035.17 | E93: 6295987 | F93: 15162.219 | G93: 10801.283 | H93: 199809.4 | I93: 95593.065 | J93: 1.0018789e+08 | K93: 2.3480485e+09 | L93: 1.5350814e+09 | M93: =L93*TechnicalInputs!$D$16 -> 1.2280651e+09 | N93: 2.3385008 | O93: 2.8132201 | P93: 5.2224783e+08 | Q93: 8.2894748e+10 | R93: 1.9963007e+08 | S93: 1.8041289e+08 | T93: 3.3126306e+09 | U93: 9.464071e+09 | V93: 6.0012395e+08 | W93: 6963441 | X93: 1.9488456e+11 | Y93: 3.7335379e+10 | Z93: 94530421 | AA93: 7.4811154e+08
A97: Year | B97: Scenario 3: Green Fleet
B98: Population | C98: Licensed Drivers | D98: Registered Vehicles | K98: Gallons Fuel | N98: Price of Fuel | P98: VMT | V98: Car Rental Taxable Sales | W98: Number of Tires Sold | X98: All Taxable Sales | Y98: New Vehicles Sold | Z98: OS/OW | AA98: PC Excise Tax
D99: Class 1 (MC) | E99: Class 2/3 (PC) | F99: Class 2/3 (PC - Electric) | G99: Class 4 (Bus) | H99: Class 5-7 (SUT) | I99: Class 8-13 (HDV) | J99: IRP Revenues | K99: Gasoline | L99: Diesel & Equivalent | M99: Surtax Gallons | N99: Gasoline | O99: Diesel | P99: Class 1 (MC) | Q99: Class 2/3 (PC) | R99: Class 2/3 (PC - Electric) | S99: Class 4 (Bus) | T99: Class 5-7 (SUT) | U99: Class 8-13 (HDV) | Y99: Class 1 (MC)
A100: 2010 | B100: 6483802 | C100: 4762954 | D100: 193410 | E100: 4914668.6 | F100: 106 | G100: 8422.5 | H100: 169509 | I100: 58697 | J100: 82900000 | K100: 3.3231603e+09 | L100: 1.1625384e+09 | M100: =L100*TechnicalInputs!$D$16 -> 9.3003075e+08 | N100: 3.4326274 | O100: 3.6616923 | P100: 416685500 | Q100: 6.6209989e+10 | R100: 0 | S100: 143945900 | T100: 2856189700 | U100: 6060880000 | V100: 2.3769801e+08 | W100: 6548216 | X100: 75463217000 | Y100: 0 | Z100: 41255353 | AA100: 624012071
A101: =A100+1 -> 2011 | B101: 6516922 | C101: 4727568 | D101: 195344.1 | E101: 4963815.3 | F101: 114 | G101: 8506.725 | H101: 170627.76 | I101: 59853.331 | J101: 89100000 | K101: 3.1264918e+09 | L101: 1.1600998e+09 | M101: =L101*TechnicalInputs!$D$16 -> 9.2807987e+08 | N101: 3.4326274 | O101: 3.6616923 | P101: 416051625 | Q101: 6.6109268e+10 | R101: 2520205.1 | S101: 143726925 | T101: 2851844775 | U101: 6051660000 | V101: 2.6217165e+08 | W101: 6429800 | X101: 81112769000 | Y101: 0 | Z101: 45063790 | AA101: 621200578
A102: =A101+1 -> 2012 | B102: 6537334 | C102: 4634787 | D102: 197297.54 | E102: 5010399.7 | F102: 181 | G102: 8591.7923 | H102: 171753.9 | I102: 61032.442 | J102: 90900000 | K102: 3.0707216e+09 | L102: 1.1581112e+09 | M102: =L102*TechnicalInputs!$D$16 -> 9.2648894e+08 | N102: 3.4732505 | O102: 3.7147603 | P102: 415417750 | Q102: 6.5968341e+10 | R102: 5229883.2 | S102: 143507950 | T102: 2847499850 | U102: 6042440000 | V102: 2.8033136e+08 | W102: 5519876 | X102: 86221792000 | Y102: 0 | Z102: 53639630 | AA102: 650673897
A103: =A102+1 -> 2013 | B103: 6570713 | C103: 4579439 | D103: 199270.52 | E103: 5069713.2 | F103: 379 | G103: 8677.7102 | H103: 172887.48 | I103: 62234.781 | J103: 92800000 | K103: 3.0173453e+09 | L103: 1.1657e+09 | M103: =L103*TechnicalInputs!$D$16 -> 9.3256e+08 | N103: 3.3635689 | O103: 3.6524631 | P103: 4.1443517e+08 | Q103: 6.5932078e+10 | R103: 8324873.9 | S103: 1.4316851e+08 | T103: 2.8312017e+09 | U103: 6.086042e+09 | V103: 2.647684e+08 | W103: 5492012 | X103: 89720902000 | Y103: 2.164435e+10 | Z103: 53749413 | AA103: 6.5399618e+08
A104: =A103+1 -> 2014 | B104: 6596855 | C104: 4563231 | D104: 201263.22 | E104: 5120100.8 | F104: 582 | G104: 8764.4873 | H104: 174028.54 | I104: 63460.806 | J104: 96100000 | K104: 2.9584719e+09 | L104: 1.1629559e+09 | M104: =L104*TechnicalInputs!$D$16 -> 9.3036472e+08 | N104: 3.1848285 | O104: 3.4678784 | P104: 4.1353358e+08 | Q104: 6.5784668e+10 | R104: 12284305 | S104: 1.4285705e+08 | T104: 2.8155325e+09 | U104: 6.131125e+09 | V104: 3.1359785e+08 | W104: 5459060 | X104: 91929139000 | Y104: 2.1910596e+10 | Z104: 61238700 | AA104: 6.5659814e+08
A105: =A104+1 -> 2015 | B105: 6688049 | C105: 4628129.9 | D105: 203811.31 | E105: 5184505.6 | F105: 1386.3592 | G105: 8875.4499 | H105: 176231.82 | I105: 64264.25 | J105: 94748446 | K105: 2.8436602e+09 | L105: 1.1708173e+09 | M105: =L105*TechnicalInputs!$D$16 -> 9.3665381e+08 | N105: 2.9766796 | O105: 3.3017034 | P105: 4.171471e+08 | Q105: 6.6354153e+10 | R105: 17743387 | S105: 1.4410536e+08 | T105: 2.8305742e+09 | U105: 6.2440973e+09 | V105: 3.2537953e+08 | W105: 5305249.4 | X105: 95205426000 | Y105: 2.2400098e+10 | Z105: 64154342 | AA105: 6.6464988e+08
A106: =A105+1 -> 2016 | B106: 6728852.1 | C106: 4656365.6 | D106: 204864.75 | E106: 5210957.1 | F106: 1739.1846 | G106: 8921.3245 | H106: 177142.71 | I106: 64596.413 | J106: 95417332 | K106: 2.8193773e+09 | L106: 1.1789928e+09 | M106: =L106*TechnicalInputs!$D$16 -> 9.4319425e+08 | N106: 2.8737575 | O106: 3.2545656 | P106: 4.2078904e+08 | Q106: 6.6929024e+10 | R106: 22337918 | S106: 1.4536349e+08 | T106: 2.845675e+09 | U106: 6.3591037e+09 | V106: 3.3523786e+08 | W106: 5360086.5 | X106: 98994412000 | Y106: 2.2731758e+10 | Z106: 66341438 | AA106: 6.6911554e+08
A107: =A106+1 -> 2017 | B107: 6769904.1 | C107: 4684773.6 | D107: 205923.64 | E107: 5237570.9 | F107: 2068.2672 | G107: 8967.4362 | H107: 178058.31 | I107: 64930.293 | J107: 96165572 | K107: 2.7837869e+09 | L107: 1.1832204e+09 | M107: =L107*TechnicalInputs!$D$16 -> 9.4657631e+08 | N107: 2.8317265 | O107: 3.2552696 | P107: 4.2445958e+08 | Q107: 6.7508719e+10 | R107: 26658555 | S107: 1.4663149e+08 | T107: 2.8608347e+09 | U107: 6.4761793e+09 | V107: 3.4539487e+08 | W107: 5415537.6 | X107: 102539266000 | Y107: 2.3068979e+10 | Z107: 68888447 | AA107: 6.7319774e+08
A108: =A107+1 -> 2018 | B108: 6811206.6 | C108: 4713354.9 | D108: 206988 | E108: 5264262 | F108: 2459.3699 | G108: 9013.7863 | H108: 178978.64 | I108: 65265.899 | J108: 96564182 | K108: 2.7465394e+09 | L108: 1.188717e+09 | M108: =L108*TechnicalInputs!$D$16 -> 9.5097364e+08 | N108: 2.8248475 | O108: 3.288788 | P108: 4.2815888e+08 | Q108: 6.8092158e+10 | R108: 31811450 | S108: 1.4790943e+08 | T108: 2.8760533e+09 | U108: 6.5953603e+09 | V108: 3.5585962e+08 | W108: 5471610.2 | X108: 106231686000 | Y108: 2.341186e+10 | Z108: 71333241 | AA108: 6.7730485e+08
A109: =A108+1 -> 2019 | B109: 6852761 | C109: 4742110.6 | D109: 208057.86 | E109: 5291131.2 | F109: 2812.3212 | G109: 9060.3759 | H109: 179903.73 | I109: 65603.24 | J109: 96916040 | K109: 2.7080976e+09 | L109: 1.1968263e+09 | M109: =L109*TechnicalInputs!$D$16 -> 9.5746106e+08 | N109: 2.8337002 | O109: 3.3600651 | P109: 4.3188711e+08 | Q109: 6.868066e+10 | R109: 36504874 | S109: 1.4919736e+08 | T109: 2.8913307e+09 | U109: 6.7166831e+09 | V109: 3.6664143e+08 | W109: 5528312 | X109: 110267145000 | Y109: 2.3760505e+10 | Z109: 73333623 | AA109: 6.8143702e+08
A110: =A109+1 -> 2020 | B110: 6894569 | C110: 4771041.7 | D110: 209133.25 | E110: 5318161.5 | F110: 3144.814 | G110: 9107.2064 | H110: 180833.6 | I110: 65942.324 | J110: 97230962 | K110: 2.6677268e+09 | L110: 1.2059824e+09 | M110: =L110*TechnicalInputs!$D$16 -> 9.6478591e+08 | N110: 2.8746524 | O110: 3.4178245 | P110: 4.3564444e+08 | Q110: 6.9274027e+10 | R110: 40964143 | S110: 1.5049535e+08 | T110: 2.9066668e+09 | U110: 6.8401848e+09 | V110: 3.777499e+08 | W110: 5585650.5 | X110: 114279158000 | Y110: 2.4115017e+10 | Z110: 75151512 | AA110: 6.8559439e+08
A111: =A110+1 -> 2021 | B111: 6935380.2 | C111: 4799283.1 | D111: 210094.44 | E111: 5342290.7 | F111: 3472.7269 | G111: 9149.0637 | H111: 181664.72 | I111: 66245.399 | J111: 97515966 | K111: 2.6229299e+09 | L111: 1.2161829e+09 | M111: =L111*TechnicalInputs!$D$16 -> 9.7294628e+08 | N111: 2.9113698 | O111: 3.4836409 | P111: 4.3943104e+08 | Q111: 6.9872054e+10 | R111: 45419948 | S111: 1.5180345e+08 | T111: 2.9220616e+09 | U111: 6.9659033e+09 | V111: 3.8897322e+08 | W111: 5643633.5 | X111: 118176580000 | Y111: 2.4461558e+10 | Z111: 76797726 | AA111: 6.8938417e+08
A112: =A111+1 -> 2022 | B112: 6976432.9 | C112: 4827691.6 | D112: 211060.05 | E112: 5366508 | F112: 3824.9077 | G112: 9191.1134 | H112: 182499.67 | I112: 66549.867 | J112: 97776244 | K112: 2.5742779e+09 | L112: 1.2276118e+09 | M112: =L112*TechnicalInputs!$D$16 -> 9.8208947e+08 | N112: 2.9413499 | O112: 3.5540339 | P112: 4.4324709e+08 | Q112: 7.0474412e+10 | R112: 50229706 | S112: 1.5312172e+08 | T112: 2.9375149e+09 | U112: 7.0938769e+09 | V112: 4.0052999e+08 | W112: 5702269 | X112: 122315379000 | Y112: 2.481377e+10 | Z112: 78303858 | AA112: 6.9346485e+08
... A125: =A124+1 -> 2035 | B125: 7516292 | C125: 5201274.1 | D125: 221239.41 | E125: 5615818.4 | F125: 13524.213 | G125: 9634.3983 | H125: 191301.58 | I125: 69759.549 | J125: 1.0018789e+08 | K125: 1.916227e+09 | L125: 1.4476778e+09 | M125: =L125*TechnicalInputs!$D$16 -> 1.1581423e+09 | N125: 3.3593146 | O125: 4.1400367 | P125: 4.9561208e+08 | Q125: 7.8666938e+10 | R125: 1.8944851e+08 | S125: 1.7121144e+08 | T125: 3.1436794e+09 | U125: 8.9813831e+09 | V125: 5.7876433e+08 | W125: 6527682.7 | X125: 1.9488456e+11 | Y125: 2.9584029e+10 | Z125: 94530421 | AA125: 7.4608337e+08
A129: Year | B129: Scenario 4: Misery Index
B130: Population | C130: Licensed Drivers | D130: Registered Vehicles | K130: Gallons Fuel | N130: Price of Fuel | P130: VMT | V130: Car Rental Taxable Sales | W130: Number of Tires Sold | X130: All Taxable Sales | Y130: New Vehicles Sold | Z130: OS/OW | AA130: PC Excise Tax
D131: Class 1 (MC) | E131: Class 2/3 (PC) | F131: Class 2/3 (PC - Electric) | G131: Class 4 (Bus) | H131: Class 5-7 (SUT) | I131: Class 8-13 (HDV) | J131: IRP Revenues | K131: Gasoline | L131: Diesel & Equivalent | M131: Surtax Gallons | N131: Gasoline | O131: Diesel | P131: Class 1 (MC) | Q131: Class 2/3 (PC) | R131: Class 2/3 (PC - Electric) | S131: Class 4 (Bus) | T131: Class 5-7 (SUT) | U131: Class 8-13 (HDV) | Y131: Class 1 (MC)
A132: 2010 | B132: 6483802 | C132: 4762954 | D132: 193410 | E132: 4914668.6 | F132: 106 | G132: 8422.5 | H132: 169509 | I132: 58697 | J132: 82900000 | K132: 3.3231603e+09 | L132: 1.1625384e+09 | M132: =L132*TechnicalInputs!$D$16 -> 9.3003075e+08 | N132: 3.4326274 | O132: 3.6616923 | P132: 416685500 | Q132: 6.6209989e+10 | R132: 0 | S132: 143945900 | T132: 2856189700 | U132: 6060880000 | V132: 2.3769801e+08 | W132: 6548216 | X132: 75463217000 | Y132: 0 | Z132: 41255353 | AA132: 624012071
A133: =A132+1 -> 2011 | B133: 6516922 | C133: 4727568 | D133: 195344.1 | E133: 4963815.3 | F133: 114 | G133: 8506.725 | H133: 170627.76 | I133: 59853.331 | J133: 89100000 | K133: 3.1271047e+09 | L133: 1.1600998e+09 | M133: =L133*TechnicalInputs!$D$16 -> 9.2807987e+08 | N133: 3.4326274 | O133: 3.6616923 | P133: 416051625 | Q133: 6.6109268e+10 | R133: 2520205.1 | S133: 143726925 | T133: 2851844775 | U133: 6051660000 | V133: 2.6217165e+08 | W133: 6429800 | X133: 81112769000 | Y133: 0 | Z133: 45063790 | AA133: 621200578
A134: =A133+1 -> 2012 | B134: 6537334 | C134: 4634787 | D134: 197297.54 | E134: 5010399.7 | F134: 181 | G134: 8591.7923 | H134: 171753.9 | I134: 61032.442 | J134: 90900000 | K134: 3.0719072e+09 | L134: 1.1581112e+09 | M134: =L134*TechnicalInputs!$D$16 -> 9.2648894e+08 | N134: 3.4732505 | O134: 3.7147603 | P134: 415417750 | Q134: 6.5968341e+10 | R134: 5229883.2 | S134: 143507950 | T134: 2847499850 | U134: 6042440000 | V134: 2.8033136e+08 | W134: 5519876 | X134: 86221792000 | Y134: 0 | Z134: 53639630 | AA134: 650673897
A135: =A134+1 -> 2013 | B135: 6570713 | C135: 4579439 | D135: 199270.52 | E135: 5069713.2 | F135: 379 | G135: 8677.7102 | H135: 172887.48 | I135: 62234.781 | J135: 92800000 | K135: 3.0190646e+09 | L135: 1.1657e+09 | M135: =L135*TechnicalInputs!$D$16 -> 9.3256e+08 | N135: 3.3635689 | O135: 3.6524631 | P135: 4.1443517e+08 | Q135: 6.5932078e+10 | R135: 8324873.9 | S135: 1.4316851e+08 | T135: 2.8312017e+09 | U135: 6.086042e+09 | V135: 2.647684e+08 | W135: 5492012 | X135: 89720902000 | Y135: 2.164435e+10 | Z135: 53749413 | AA135: 6.5399618e+08
A136: =A135+1 -> 2014 | B136: 6596855 | C136: 4563231 | D136: 201263.22 | E136: 5120100.8 | F136: 582 | G136: 8764.4873 | H136: 174028.54 | I136: 63460.806 | J136: 96100000 | K136: 2.9606893e+09 | L136: 1.1629559e+09 | M136: =L136*TechnicalInputs!$D$16 -> 9.3036472e+08 | N136: 3.1848285 | O136: 3.4678784 | P136: 4.1353358e+08 | Q136: 6.5784668e+10 | R136: 12284305 | S136: 1.4285705e+08 | T136: 2.8155325e+09 | U136: 6.131125e+09 | V136: 3.1359785e+08 | W136: 5459060 | X136: 91929139000 | Y136: 2.1910596e+10 | Z136: 61238700 | AA136: 6.5659814e+08
A137: =A136+1 -> 2015 | B137: 6677751 | C137: 4621003.7 | D137: 203811.31 | E137: 5184505.6 | F137: 1386.3592 | G137: 8875.4499 | H137: 176231.82 | I137: 64264.25 | J137: 94748446 | K137: 2.9343779e+09 | L137: 1.1712707e+09 | M137: =L137*TechnicalInputs!$D$16 -> 9.3701653e+08 | N137: 2.9766796 | O137: 3.3017034 | P137: 4.171471e+08 | Q137: 6.6354153e+10 | R137: 17743387 | S137: 1.4410536e+08 | T137: 2.8305742e+09 | U137: 6.2440973e+09 | V137: 3.2537953e+08 | W137: 5305249.4 | X137: 9.538286e+10 | Y137: 2.2400098e+10 | Z137: 64154342 | AA137: 6.6464988e+08
A138: =A137+1 -> 2016 | B138: 6712266.4 | C138: 4644888.3 | D138: 204864.75 | E138: 5210957.1 | F138: 1739.1846 | G138: 8921.3245 | H138: 177142.71 | I138: 64596.413 | J138: 95417332 | K138: 2.9080607e+09 | L138: 1.1795053e+09 | M138: =L138*TechnicalInputs!$D$16 -> 9.4360424e+08 | N138: 2.8737575 | O138: 3.2545656 | P138: 4.2078904e+08 | Q138: 6.6929024e+10 | R138: 22337918 | S138: 1.4536349e+08 | T138: 2.845675e+09 | U138: 6.3591037e+09 | V138: 3.3523786e+08 | W138: 5360086.5 | X138: 9.8272763e+10 | Y138: 2.2731758e+10 | Z138: 66341438 | AA138: 6.6911554e+08
A139: =A138+1 -> 2017 | B139: 6746960.1 | C139: 4668896.4 | D139: 205923.64 | E139: 5237570.9 | F139: 2068.2672 | G139: 8967.4362 | H139: 178058.31 | I139: 64930.293 | J139: 96165572 | K139: 2.8774098e+09 | L139: 1.1838469e+09 | M139: =L139*TechnicalInputs!$D$16 -> 9.4707755e+08 | N139: 2.8317265 | O139: 3.2552696 | P139: 4.2445958e+08 | Q139: 6.7508719e+10 | R139: 26658555 | S139: 1.4663149e+08 | T139: 2.8608347e+09 | U139: 6.4761793e+09 | V139: 3.4539487e+08 | W139: 5415537.6 | X139: 1.0125022e+11 | Y139: 2.3068979e+10 | Z139: 68888447 | AA139: 6.7319774e+08
A140: =A139+1 -> 2018 | B140: 6781833.2 | C140: 4693028.6 | D140: 206988 | E140: 5264262 | F140: 2459.3699 | G140: 9013.7863 | H140: 178978.64 | I140: 65265.899 | J140: 96564182 | K140: 2.8458025e+09 | L140: 1.1894882e+09 | M140: =L140*TechnicalInputs!$D$16 -> 9.5159058e+08 | N140: 2.8248475 | O140: 3.288788 | P140: 4.2815888e+08 | Q140: 6.8092158e+10 | R140: 31811450 | S140: 1.4790943e+08 | T140: 2.8760533e+09 | U140: 6.5953603e+09 | V140: 3.5585962e+08 | W140: 5471610.2 | X140: 1.043179e+11 | Y140: 2.341186e+10 | Z140: 71333241 | AA140: 6.7730485e+08
A141: =A140+1 -> 2019 | B141: 6816886.5 | C141: 4717285.5 | D141: 208057.86 | E141: 5291131.2 | F141: 2812.3212 | G141: 9060.3759 | H141: 179903.73 | I141: 65603.24 | J141: 96916040 | K141: 2.8067463e+09 | L141: 1.197695e+09 | M141: =L141*TechnicalInputs!$D$16 -> 9.5815601e+08 | N141: 2.8337002 | O141: 3.3600651 | P141: 4.3188711e+08 | Q141: 6.868066e+10 | R141: 36504874 | S141: 1.4919736e+08 | T141: 2.8913307e+09 | U141: 6.7166831e+09 | V141: 3.6664143e+08 | W141: 5528312 | X141: 1.0747851e+11 | Y141: 2.3760505e+10 | Z141: 73333623 | AA141: 6.8143702e+08
A142: =A141+1 -> 2020 | B142: 6852121 | C142: 4741667.7 | D142: 209133.25 | E142: 5318161.5 | F142: 3144.814 | G142: 9107.2064 | H142: 180833.6 | I142: 65942.324 | J142: 97230962 | K142: 2.7652952e+09 | L142: 1.2069474e+09 | M142: =L142*TechnicalInputs!$D$16 -> 9.655579e+08 | N142: 2.8746524 | O142: 3.4178245 | P142: 4.3564444e+08 | Q142: 6.9274027e+10 | R142: 40964143 | S142: 1.5049535e+08 | T142: 2.9066668e+09 | U142: 6.8401848e+09 | V142: 3.777499e+08 | W142: 5585650.5 | X142: 1.1073489e+11 | Y142: 2.4115017e+10 | Z142: 75151512 | AA142: 6.8559439e+08
A143: =A142+1 -> 2021 | B143: 6883613.8 | C143: 4763460.7 | D143: 210094.44 | E143: 5342290.7 | F143: 3472.7269 | G143: 9149.0637 | H143: 181664.72 | I143: 66245.399 | J143: 97515966 | K143: 2.7212479e+09 | L143: 1.2172649e+09 | M143: =L143*TechnicalInputs!$D$16 -> 9.7381189e+08 | N143: 2.9113698 | O143: 3.4836409 | P143: 4.3943104e+08 | Q143: 6.9872054e+10 | R143: 45419948 | S143: 1.5180345e+08 | T143: 2.9220616e+09 | U143: 6.9659033e+09 | V143: 3.8897322e+08 | W143: 5643633.5 | X143: 1.1402493e+11 | Y143: 2.4461558e+10 | Z143: 76797726 | AA143: 6.8938417e+08
A144: =A143+1 -> 2022 | B144: 6915251.3 | C144: 4785353.9 | D144: 211060.05 | E144: 5366508 | F144: 3824.9077 | G144: 9191.1134 | H144: 182499.67 | I144: 66549.867 | J144: 97776244 | K144: 2.6750623e+09 | L144: 1.2288408e+09 | M144: =L144*TechnicalInputs!$D$16 -> 9.8307262e+08 | N144: 2.9413499 | O144: 3.5540339 | P144: 4.4324709e+08 | Q144: 7.0474412e+10 | R144: 50229706 | S144: 1.5312172e+08 | T144: 2.9375149e+09 | U144: 7.0938769e+09 | V144: 4.0052999e+08 | W144: 5702269 | X144: 1.1741272e+11 | Y144: 2.481377e+10 | Z144: 78303858 | AA144: 6.9346485e+08
... A157: =A156+1 -> 2035 | B157: 7248772 | C157: 5016150.2 | D157: 221239.41 | E157: 5615818.4 | F157: 13524.213 | G157: 9634.3983 | H157: 191301.58 | I157: 69759.549 | J157: 1.0018789e+08 | K157: 2.228293e+09 | L157: 1.456789e+09 | M157: =L157*TechnicalInputs!$D$16 -> 1.1654312e+09 | N157: 3.3593146 | O157: 4.1400367 | P157: 4.9561208e+08 | Q157: 7.8666938e+10 | R157: 1.8944851e+08 | S157: 1.7121144e+08 | T157: 3.1436794e+09 | U157: 8.9813831e+09 | V157: 5.7876433e+08 | W157: 6527682.7 | X157: 1.6966094e+11 | Y157: 2.9584029e+10 | Z157: 94530421 | AA157: 7.4608337e+08

Sheet TechnicalInputs
A1: Item | B1: Alternative Number | C1: Alternative Description | D1: Value | E1: Description | F1: Source
A2: Inflation | B2: All | C2: All | D2: 0.025 | E2: CPI | F2: INDOT
A3: Inflation | B3: All | C3: All | D3: 0.03 | E3: CCI | F3: INDOT
A4: General Fund annual increase | B4: 4.6.1 | C4: General fund | D4: 0.034 | F4: Purdue and SBE (3.4% annual since 2000)
A5: Burden Rate | B5: All | C5: All | D5: 1.7 | F5: WSDOT
A6: Retention allowance | B6: 4.3.1-4.3.5 | C6: Fuel excise taxes | D6: 0.016 | F6: IN Statute
A7: Retention allowance | B7: 4.5.7 | C7: Heavy vehicle weight-distance charge | D7: 0 | F7: Assumption - based on Oregon and NZ actuals
A8: Retention allowance | B8: 4.5.8 | C8: Heavy vehicle distance-size fee | D8: 0 | F8: Assumption - based on Oregon and NZ actuals
A9: Retention allowance | B9: 4.5.9 | C9: Heavy vehicle distance-damage fee | D9: 0 | F9: Assumption - based on Oregon and NZ actuals
A10: Retention allowance | B10: 4.4.9 and 4.6.2-3 | C10: Sales tax merchant retention allowance | D10: 0.0073 | F10: Tax Handbook
A11: Retention allowance | B11: 4.4.9 and 4.6.2-3 | C11: Sales tax merchant retention allowance | D11: 0.0053 | F11: Tax Handbook
A12: Retention allowance | B12: 4.4.9 and 4.6.2-3 | C12: Sales tax merchant retention allowance | D12: 0.0026 | F12: Tax Handbook
A13: Retention allowance | B13: 4.4.9 and 4.6.2-3 | C13: Percentage of merchants <$60k | D13: 0.05 | F13: Assumption
A14: Retention allowance | B14: 4.4.9 and 4.6.2-3 | C14: Percentage of merchants $60k-$600k | D14: 0.15 | F14: Assumption
A15: Retention allowance | B15: 4.4.9 and 4.6.2-3 | C15: Percentage of merchants >$600k | D15: 0.8 | F15: Assumption
A16: Surtax gallons as a % of diesel | B16: 4.3.3 | C16: N/A | D16: 0.8 | F16: INDOT Revenue Forecast
A17: LDV RUC | B17: IT | C17: acquisition | D17: 20000000
B18: IT | C18: annual maintenance | D18: 0.1
B19: IT | C19: refresh | D19: 0.7
B20: IT | C20: refresh interval | D20: 8
A21: Transaction fees (flat) - credit | B21: All | C21: All | D21: 0.1 | H21: 4.3.1 - 4.3.5 | I21: Existing Fuel Excise Tax - Gasoline
A22: Transaction fees (variable) - credit | B22: All | C22: All | D22: 0.027 | I22: Existing Fuel Excise Tax - Diesel
A23: Transaction fees (flat) - debit | B23: All | C23: All | D23: 0.1 | I23: Existing Fuel Excise Tax - Surtax
A24: Transaction fees (variable) - debit | B24: All | C24: All | D24: 0.011 | H24: 4.3.7 | I24: Sales tax on motor fuel
A25: Transaction fees (flat) - EFT | B25: All | C25: All | D25: 0.1 | H25: 4.4.1 | I25: Operator (driver) license fee
A26: Transaction fees (variable) - EFT | B26: All | C26: All | D26: 0 | H26: 4.4.2 | I26: Passenger vehicle registration fee
A27: Printing and mailing cost | B27: All | C27: All | D27: 0.9 | I27: IRP
A28: Online transaction costs | B28: All | C28: All | D28: 0.01 | H28: 4.4.3 | I28: Passenger vehicle excise tax
A29: Odometer read transaction time | B29: All | C29: All | D29: 10 | E29: minutes | H29: 4.4.6 | I29: Plug-in electric vehicle tax
A30: Mail transaction time | B30: All | C30: All | D30: 3 | E30: minutes | H30: 4.4.9 | I30: Sales tax surcharge on auto sales
A31: Online transaction time | B31: All | C31: All | D31: 0 | E31: minutes | H31: 4.4.11 | I31: Tire Tax
A32: Odometer read customer service time | B32: All | C32: All | D32: 1 | E32: minutes | H32: 4.4.13 | I32: Vehicle law enforcement fee
A33: Mail customer service time | B33: All | C33: All | D33: 1 | E33: minutes | H33: 4.6.2 | I33: Dedicated general sales tax
A34: Online customer service time | B34: All | C34: All | D34: 2 | E34: minutes | H34: 4.6.3 | I34: Increase to general sales tax
A35: Title adjustment factor | D35: 1.34 | E35: Adjusts registration fee revenue to reflect title revenues | H35: 4.5.5 and 4.5.6 | I35: Light vehicle distance charge
A36: Miscellaneous revenue growth | D36: 0.01 | H36: 4.5.7 | I36: Heavy vehicle weight-distance charge
H37: 4.5.8 | I37: Heavy vehicle distance-size fee
H38: 4.5.9 | I38: Heavy vehicle distance-damage fee
H39: 4.4.14 | I39: Overweight/oversize vehicle fee
H40: 4.5.1 | I40: Toll new facilities
A41: RUC Retention Allowance | H41: 4.5.2 | I41: Toll existing facilities
A42: 2015 | B42: 4.5.5 and 4.5.6 | C42: Light vehicle distance charge | D42: 0.25 | F42: Assumption - based on Oregon forecasts | H42: 4.5.3 | I42: Toll new lane/convert HOV to HOT
A43: =A42+1 -> 2016 | D43: 0.25 | H43: 4.4.8 | I43: Rental car excise tax
A44: =A43+1 -> 2017 | D44: 0.25 | H44: 4.6.1 | I44: General Fund appropriations
A45: =A44+1 -> 2018 | D45: 0.2 | H45: 4.8.2 | I45: Tax increment financing
A46: =A45+1 -> 2019 | D46: 0.2 | H46: 4.8.2 | I46: Development exactions
A47: =A46+1 -> 2020 | D47: 0.15 | H47: 4.8.2 | I47: Special assessment district
A48: =A47+1 -> 2021 | D48: 0.1 | H48: N/A | I48: Miscellaneous
A49: =A48+1 -> 2022 | D49: 0.09
A50: =A49+1 -> 2023 | D50: 0.08
A51: =A50+1 -> 2024 | D51: 0.07
A52: =A51+1 -> 2025 | D52: 0.06
A53: =A52+1 -> 2026 | D53: 0.05
A54: =A53+1 -> 2027 | D54: 0.04
A55: =A54+1 -> 2028 | D55: 0.03
A56: =A55+1 -> 2029 | D56: 0.03
A57: =A56+1 -> 2030 | D57: 0.03
A58: =A57+1 -> 2031 | D58: 0.03
A59: =A58+1 -> 2032 | D59: 0.03
A60: =A59+1 -> 2033 | D60: 0.03
... A62: =A61+1 -> 2035 | D62: 0.03
A65: RUC SAM Monthly Device Communications Costs
A66: 2015 | B66: 4.5.5 and 4.5.6 | C66: Light vehicle distance charge | D66: 5 | F66: Assumption - based on Oregon forecasts
A67: =A66+1 -> 2016 | D67: 4
A68: =A67+1 -> 2017 | D68: 3
A69: =A68+1 -> 2018 | D69: 2
A70: =A69+1 -> 2019 | D70: 1.5
A71: =A70+1 -> 2020 | D71: 1
A72: =A71+1 -> 2021 | D72: 0.5
A73: =A72+1 -> 2022 | D73: 0.5
A74: =A73+1 -> 2023 | D74: 0.5
A75: =A74+1 -> 2024 | D75: 0.5
A76: =A75+1 -> 2025 | D76: 0.5
A77: =A76+1 -> 2026 | D77: 0.5
A78: =A77+1 -> 2027 | D78: 0.5
... A86: =A85+1 -> 2035 | D86: 0.5
A89: Job Class Title | B89: Average
A90: AUDIT SPECIALIST - DOT 1 | B90: 34170
A91: AUDIT SPECIALIST - DOT 4 | B91: 54324
A92: COMMUNICATIONS CONSULTANT 1 | B92: 34170
A93: COMMUNICATIONS CONSULTANT 5 | B93: 61452
A94: CUSTOMER SERVICE SPECIALIST 1 | B94: 29700
A95: CUSTOMER SERVICE MANAGER | B95: 54324
A96: ECONOMIC ANALYST 1 | B96: 44562
A97: ECONOMIC ANALYST 3 | B97: 61452
A98: FINANCIAL SERVICES SPECIALIST 1 | B98: 33366
A99: FINANCIAL SERVICES SPECIALIST 5 | B99: 46836
A100: [Fraud] INVESTIGATOR 1 | B100: 37638
A101: [Fraud] INVESTIGATOR 4 | B101: 58494
... A105: OFFICE MANAGER | B105: 39486
A108: RUC IT
A109: Acquisition
A110: Devices
A111: 2015 | B111: 50
A112: =A111+1 -> 2016 | B112: 47.5
A113: =A112+1 -> 2017 | B113: 45
A114: =A113+1 -> 2018 | B114: 42.5
A115: =A114+1 -> 2019 | B115: 40
A116: =A115+1 -> 2020 | B116: 38
A117: =A116+1 -> 2021 | B117: 36.1
...

Sheet Evasion
A1: Total Evasion
A2: Alternative Number | B2: 4.3.1 - 4.3.5 | E2: 4.3.7 | F2: 4.4.1 | G2: 4.4.2 | H2: 4.4.2 | I2: 4.4.3 | J2: 4.4.6 | K2: 4.4.9 | L2: 4.4.11 | M2: 4.4.13 | N2: 4.6.2 | O2: 4.6.3 | P2: 4.5.5 and 4.5.6 | Q2: 4.5.7 | R2: 4.5.8 | S2: 4.5.9 | T2: 4.4.14 | U2: 4.5.1 | V2: 4.5.2 | W2: 4.5.3 | X2: 4.4.8 | Y2: 4.6.1 | Z2: 4.8.2 | AA2: 4.8.2 | AB2: 4.8.2 | AC2: N/A
A3: Alternative Description | B3: Existing Fuel Excise Tax - Gasoline | C3: Existing Fuel Excise Tax - Diesel | D3: Existing Fuel Excise Tax - Surtax | E3: Sales tax on motor fuel | F3: Operator (driver) license fee | G3: Vehicle registration fee | H3: IRP | I3: Passenger vehicle excise tax | J3: Plug-in electric vehicle tax | K3: Sales tax surcharge on auto sales | L3: Tire Tax | M3: Vehicle law enforcement fee | N3: Dedicated general sales tax | O3: Increase to general sales tax | P3: Light vehicle distance charge | Q3: Heavy vehicle weight-distance charge | R3: Heavy vehicle distance-size fee | S3: Heavy vehicle distance-damage fee | T3: Overweight/oversize vehicle fee | U3: Toll new facilities | V3: Toll existing facilities | W3: Toll new lane/convert HOV to HOT | X3: Rental car excise tax | Y3: General Fund appropriations | Z3: Tax Increment Financing | AA3: Development exactions | AB3: Special assessment district | AC3: Miscellaneous
A4: =EconomicInputs!A36 -> 2010 | B4: 0.02 | C4: 0.05 | D4: 0.05 | E4: 0.01 | F4: 0.05 | G4: 0.05 | H4: 0 | I4: 0.05 | J4: 0.05 | K4: 0.01 | L4: 0.01 | M4: 0.05 | N4: 0.01 | O4: 0.01 | P4: 0.05 | Q4: 0.1 | R4: 0.1 | S4: 0.1 | T4: 0.7 | U4: 0 | V4: 0 | W4: 0 | X4: 0.01 | Y4: 0 | Z4: 0 | AA4: 0 | AB4: 0 | AC4: 0
A5: =EconomicInputs!A37 -> 2011 | B5: 0.02 | C5: 0.05 | D5: 0.05 | E5: 0.01 | F5: 0.05 | G5: 0.05 | H5: 0 | I5: 0.05 | J5: 0.05 | K5: 0.01 | L5: 0.01 | M5: 0.05 | N5: 0.01 | O5: 0.01 | P5: 0.05 | Q5: 0.1 | R5: 0.1 | S5: 0.1 | T5: 0.7 | U5: 0 | V5: 0 | W5: 0 | X5: 0.01 | Y5: 0 | Z5: 0 | AA5: 0 | AB5: 0 | AC5: 0
A6: =EconomicInputs!A38 -> 2012 | B6: 0.02 | C6: 0.05 | D6: 0.05 | E6: 0.01 | F6: 0.05 | G6: 0.05 | H6: 0 | I6: 0.05 | J6: 0.05 | K6: 0.01 | L6: 0.01 | M6: 0.05 | N6: 0.01 | O6: 0.01 | P6: 0.05 | Q6: 0.1 | R6: 0.1 | S6: 0.1 | T6: 0.7 | U6: 0 | V6: 0 | W6: 0 | X6: 0.01 | Y6: 0 | Z6: 0 | AA6: 0 | AB6: 0 | AC6: 0
A7: =EconomicInputs!A39 -> 2013 | B7: 0.02 | C7: 0.05 | D7: 0.05 | E7: 0.01 | F7: 0.05 | G7: 0.05 | H7: 0 | I7: 0.05 | J7: 0.05 | K7: 0.01 | L7: 0.01 | M7: 0.05 | N7: 0.01 | O7: 0.01 | P7: 0.05 | Q7: 0.1 | R7: 0.1 | S7: 0.1 | T7: 0.7 | U7: 0 | V7: 0 | W7: 0 | X7: 0.01 | Y7: 0 | Z7: 0 | AA7: 0 | AB7: 0 | AC7: 0
A8: =EconomicInputs!A40 -> 2014 | B8: 0.02 | C8: 0.05 | D8: 0.05 | E8: 0.01 | F8: 0.05 | G8: 0.05 | H8: 0 | I8: 0.05 | J8: 0.05 | K8: 0.01 | L8: 0.01 | M8: 0.05 | N8: 0.01 | O8: 0.01 | P8: 0.05 | Q8: 0.1 | R8: 0.1 | S8: 0.1 | T8: 0.7 | U8: 0 | V8: 0 | W8: 0 | X8: 0.01 | Y8: 0 | Z8: 0 | AA8: 0 | AB8: 0 | AC8: 0
A9: =EconomicInputs!A41 -> 2015 | B9: 0.02 | C9: 0.05 | D9: 0.05 | E9: 0.01 | F9: 0.05 | G9: 0.05 | H9: 0 | I9: 0.05 | J9: 0.05 | K9: 0.01 | L9: 0.01 | M9: 0.05 | N9: 0.01 | O9: 0.01 | P9: 0.05 | Q9: 0.1 | R9: 0.1 | S9: 0.1 | T9: 0.7 | U9: 0 | V9: 0 | W9: 0 | X9: 0.01 | Y9: 0 | Z9: 0 | AA9: 0 | AB9: 0 | AC9: 0
A10: =EconomicInputs!A42 -> 2016 | B10: 0.02 | C10: 0.05 | D10: 0.05 | E10: 0.01 | F10: 0.05 | G10: 0.05 | H10: 0 | I10: 0.05 | J10: 0.05 | K10: 0.01 | L10: 0.01 | M10: 0.05 | N10: 0.01 | O10: 0.01 | P10: 0.05 | Q10: 0.1 | R10: 0.1 | S10: 0.1 | T10: 0.7 | U10: 0 | V10: 0 | W10: 0 | X10: 0.01 | Y10: 0 | Z10: 0 | AA10: 0 | AB10: 0 | AC10: 0
A11: =EconomicInputs!A43 -> 2017 | B11: 0.02 | C11: 0.05 | D11: 0.05 | E11: 0.01 | F11: 0.05 | G11: 0.05 | H11: 0 | I11: 0.05 | J11: 0.05 | K11: 0.01 | L11: 0.01 | M11: 0.05 | N11: 0.01 | O11: 0.01 | P11: 0.05 | Q11: 0.1 | R11: 0.1 | S11: 0.1 | T11: 0.7 | U11: 0 | V11: 0 | W11: 0 | X11: 0.01 | Y11: 0 | Z11: 0 | AA11: 0 | AB11: 0 | AC11: 0
A12: =EconomicInputs!A44 -> 2018 | B12: 0.02 | C12: 0.05 | D12: 0.05 | E12: 0.01 | F12: 0.05 | G12: 0.05 | H12: 0 | I12: 0.05 | J12: 0.05 | K12: 0.01 | L12: 0.01 | M12: 0.05 | N12: 0.01 | O12: 0.01 | P12: 0.05 | Q12: 0.1 | R12: 0.1 | S12: 0.1 | T12: 0.7 | U12: 0 | V12: 0 | W12: 0 | X12: 0.01 | Y12: 0 | Z12: 0 | AA12: 0 | AB12: 0 | AC12: 0
A13: =EconomicInputs!A45 -> 2019 | B13: 0.02 | C13: 0.05 | D13: 0.05 | E13: 0.01 | F13: 0.05 | G13: 0.05 | H13: 0 | I13: 0.05 | J13: 0.05 | K13: 0.01 | L13: 0.01 | M13: 0.05 | N13: 0.01 | O13: 0.01 | P13: 0.05 | Q13: 0.1 | R13: 0.1 | S13: 0.1 | T13: 0.7 | U13: 0 | V13: 0 | W13: 0 | X13: 0.01 | Y13: 0 | Z13: 0 | AA13: 0 | AB13: 0 | AC13: 0
A14: =EconomicInputs!A46 -> 2020 | B14: 0.02 | C14: 0.05 | D14: 0.05 | E14: 0.01 | F14: 0.05 | G14: 0.05 | H14: 0 | I14: 0.05 | J14: 0.05 | K14: 0.01 | L14: 0.01 | M14: 0.05 | N14: 0.01 | O14: 0.01 | P14: 0.05 | Q14: 0.1 | R14: 0.1 | S14: 0.1 | T14: 0.7 | U14: 0 | V14: 0 | W14: 0 | X14: 0.01 | Y14: 0 | Z14: 0 | AA14: 0 | AB14: 0 | AC14: 0
A15: =EconomicInputs!A47 -> 2021 | B15: 0.02 | C15: 0.05 | D15: 0.05 | E15: 0.01 | F15: 0.05 | G15: 0.05 | H15: 0 | I15: 0.05 | J15: 0.05 | K15: 0.01 | L15: 0.01 | M15: 0.05 | N15: 0.01 | O15: 0.01 | P15: 0.05 | Q15: 0.1 | R15: 0.1 | S15: 0.1 | T15: 0.7 | U15: 0 | V15: 0 | W15: 0 | X15: 0.01 | Y15: 0 | Z15: 0 | AA15: 0 | AB15: 0 | AC15: 0
... A29: =EconomicInputs!A61 -> 2035 | B29: 0.02 | C29: 0.05 | D29: 0.05 | E29: 0.01 | F29: 0.05 | G29: 0.05 | H29: 0 | I29: 0.05 | J29: 0.05 | K29: 0.01 | L29: 0.01 | M29: 0.05 | N29: 0.01 | O29: 0.01 | P29: 0.05 | Q29: 0.1 | R29: 0.1 | S29: 0.1 | T29: 0.7 | U29: 0 | V29: 0 | W29: 0 | X29: 0.01 | Y29: 0 | Z29: 0 | AA29: 0 | AB29: 0 | AC29: 0

Sheet TransactionCosts
A1: RUC Method | B1: % electing | J1: Year | K1: 2010 | L1: 2011 | M1: 2012 | N1: 2013 | O1: 2014 | P1: 2015 | Q1: 2016 | R1: 2017 | S1: 2018 | T1: 2019 | U1: 2020 | V1: 2021 | W1: 2022 | X1: 2023 | Y1: 2024 | Z1: 2025 | AA1: 2026 | AB1: 2027 | AC1: 2028 | AD1: 2029 | AE1: 2030 | AF1: 2031 | AG1: 2032 | AH1: 2033 | AI1: 2034 | AJ1: 2035
A2: Automated CAM | B2: =1-B3-B4 -> 0.65 | D2: CAM = Commercial Account Manager | J2: VMT ICE | K2: {=TRANSPOSE(EconomicInputs!Q4:Q29)} -> 6.6209989e+10 | L2: 6.6109268e+10 | M2: 6.5968341e+10 | N2: 6.674928e+10 | O2: 6.7412697e+10 | P2: 6.8081333e+10 | Q2: 6.8757585e+10 | R2: 6.9440917e+10 | S2: 7.0130258e+10 | T2: 7.0827007e+10 | U2: 7.1531e+10 | V2: 7.2242071e+10 | W2: 7.2959921e+10 | X2: 7.368467e+10 | Y2: 7.4416005e+10 | Z2: 7.5153591e+10 | AA2: 7.5897276e+10 | AB2: 7.6647277e+10 | AC2: 7.7403482e+10 | AD2: 7.8166293e+10 | AE2: 7.893608e+10 | AF2: 7.9712641e+10 | AG2: 8.0496584e+10 | AH2: 8.128787e+10 | AI2: 8.2087192e+10 | AJ2: 8.2894748e+10
A3: Automated SAM | B3: 0.1 | D3: SAM = State Agency Account Manager | J3: VMT EV | K3: {=TRANSPOSE(EconomicInputs!R4:R29)} -> 0 | L3: 2520205.1 | M3: 5229883.2 | N3: 8428057.5 | O3: 12588315 | P3: 18205242 | Q3: 22948210 | R3: 27421561 | S3: 32763614 | T3: 37645692 | U3: 42298770 | V3: 46960564 | W3: 52001220 | X3: 57371438 | Y3: 63456838 | Z3: 70665237 | AA3: 79222620 | AB3: 88987327 | AC3: 1.0014405e+08 | AD3: 1.1237007e+08 | AE3: 1.2536911e+08 | AF3: 1.3942243e+08 | AG3: 1.5400089e+08 | AH3: 1.6922065e+08 | AI3: 1.8446878e+08 | AJ3: 1.9963007e+08
A4: Odometer | B4: 0.25 | D4: RUC = Road Use Charge | J4: Total VMT | K4: =(K2+K3)*IF(PolicyInputs!$K$20>TransactionCosts!K$1,0,(TransactionCosts!K$1-PolicyInputs!$K$20)/(PolicyInputs!$L$20-PolicyInputs!$K$20)) -> 0 | L4: =(L2+L3)*IF(PolicyInputs!$K$20>TransactionCosts!L$1,0,(TransactionCosts!L$1-PolicyInputs!$K$20)/(PolicyInputs!$L$20-PolicyInputs!$K$20)) -> 0 | M4: =(M2+M3)*IF(PolicyInputs!$K$20>TransactionCosts!M$1,0,(TransactionCosts!M$1-PolicyInputs!$K$20)/(PolicyInputs!$L$20-PolicyInputs!$K$20)) -> 0 | N4: =(N2+N3)*IF(PolicyInputs!$K$20>TransactionCosts!N$1,0,(TransactionCosts!N$1-PolicyInputs!$K$20)/(PolicyInputs!$L$20-PolicyInputs!$K$20)) -> 0 | O4: =(O2+O3)*IF(PolicyInputs!$K$20>TransactionCosts!O$1,0,(TransactionCosts!O$1-PolicyInputs!$K$20)/(PolicyInputs!$L$20-PolicyInputs!$K$20)) -> 0 | P4: =(P2+P3)*IF(PolicyInputs!$K$20>TransactionCosts!P$1,0,(TransactionCosts!P$1-PolicyInputs!$K$20)/(PolicyInputs!$L$20-PolicyInputs!$K$20)) -> 0 | Q4: =(Q2+Q3)*IF(PolicyInputs!$K$20>TransactionCosts!Q$1,0,(TransactionCosts!Q$1-PolicyInputs!$K$20)/(PolicyInputs!$L$20-PolicyInputs!$K$20)) -> 0 | R4: =(R2+R3)*IF(PolicyInputs!$K$20>TransactionCosts!R$1,0,(TransactionCosts!R$1-PolicyInputs!$K$20)/(PolicyInputs!$L$20-PolicyInputs!$K$20)) -> 0 | ... AJ4: =(AJ2+AJ3)*IF(PolicyInputs!$K$20>TransactionCosts!AJ$1,0,(TransactionCosts!AJ$1-PolicyInputs!$K$20)/(PolicyInputs!$L$20-PolicyInputs!$K$20)) -> 0
J5: Vehicles ICE | K5: {=TRANSPOSE(EconomicInputs!E4:E29)} -> 4914668.6 | L5: 4963815.3 | M5: 5010399.7 | N5: 5069713.2 | O5: 5120100.8 | P5: 5170884.7 | Q5: 5222247.2 | R5: 5274147.3 | S5: 5326503.9 | T5: 5379423 | U5: 5432892.4 | V5: 5486899.4 | W5: 5541421.2 | X5: 5596467 | Y5: 5652013.1 | Z5: 5708033.9 | AA5: 5764518 | AB5: 5821481.7 | AC5: 5878916.7 | AD5: 5936853.4 | AE5: 5995319.9 | AF5: 6054301 | AG5: 6113842.6 | AH5: 6173942.1 | AI5: 6234651.9 | AJ5: 6295987
A6: RUC Method | B6: Payment Location | C6: % electing | J6: Vehicles EV | K6: {=TRANSPOSE(EconomicInputs!F4:F29)} -> 106 | L6: 114 | M6: 181 | N6: 379 | O6: 582 | P6: 1382.7169 | Q6: 1742.9528 | R6: 2082.7109 | S6: 2488.4482 | T6: 2859.2497 | U6: 3212.6584 | V6: 3566.729 | W6: 3949.5748 | X6: 4357.4513 | Y6: 4819.6471 | Z6: 5367.1364 | AA6: 6017.0831 | AB6: 6758.728 | AC6: 7606.099 | AD6: 8534.6843 | AE6: 9521.9821 | AF6: 10589.354 | AG6: 11696.61 | AH6: 12852.575 | AI6: 14010.695 | AJ6: 15162.219
A7: Odometer | B7: Agency | C7: 0.3 | J7: Total Vehicles | K7: =MIN((K5+K6)*IF(PolicyInputs!$K$20>TransactionCosts!K$1,0,(TransactionCosts!K$1-PolicyInputs!$K$20)/(PolicyInputs!$L$20-PolicyInputs!$K$20)),K5+K6) -> 0 | L7: =MIN((L5+L6)*IF(PolicyInputs!$K$20>TransactionCosts!L$1,0,(TransactionCosts!L$1-PolicyInputs!$K$20)/(PolicyInputs!$L$20-PolicyInputs!$K$20)),L5+L6) -> 0 | M7: =MIN((M5+M6)*IF(PolicyInputs!$K$20>TransactionCosts!M$1,0,(TransactionCosts!M$1-PolicyInputs!$K$20)/(PolicyInputs!$L$20-PolicyInputs!$K$20)),M5+M6) -> 0 | N7: =MIN((N5+N6)*IF(PolicyInputs!$K$20>TransactionCosts!N$1,0,(TransactionCosts!N$1-PolicyInputs!$K$20)/(PolicyInputs!$L$20-PolicyInputs!$K$20)),N5+N6) -> 0 | O7: =MIN((O5+O6)*IF(PolicyInputs!$K$20>TransactionCosts!O$1,0,(TransactionCosts!O$1-PolicyInputs!$K$20)/(PolicyInputs!$L$20-PolicyInputs!$K$20)),O5+O6) -> 0 | P7: =MIN((P5+P6)*IF(PolicyInputs!$K$20>TransactionCosts!P$1,0,(TransactionCosts!P$1-PolicyInputs!$K$20)/(PolicyInputs!$L$20-PolicyInputs!$K$20)),P5+P6) -> 0 | Q7: =MIN((Q5+Q6)*IF(PolicyInputs!$K$20>TransactionCosts!Q$1,0,(TransactionCosts!Q$1-PolicyInputs!$K$20)/(PolicyInputs!$L$20-PolicyInputs!$K$20)),Q5+Q6) -> 0 | R7: =MIN((R5+R6)*IF(PolicyInputs!$K$20>TransactionCosts!R$1,0,(TransactionCosts!R$1-PolicyInputs!$K$20)/(PolicyInputs!$L$20-PolicyInputs!$K$20)),R5+R6) -> 0 | ... AJ7: =MIN((AJ5+AJ6)*IF(PolicyInputs!$K$20>TransactionCosts!AJ$1,0,(TransactionCosts!AJ$1-PolicyInputs!$K$20)/(PolicyInputs!$L$20-PolicyInputs!$K$20)),AJ5+AJ6) -> 0
A8: Odometer | B8: Mail | C8: 0.35 | J8: VMT per Vehicle | K8: =IF(K7=0,0,K4/K7) -> 0 | L8: =IF(L7=0,0,L4/L7) -> 0 | M8: =IF(M7=0,0,M4/M7) -> 0 | N8: =IF(N7=0,0,N4/N7) -> 0 | O8: =IF(O7=0,0,O4/O7) -> 0 | P8: =IF(P7=0,0,P4/P7) -> 0 | Q8: =IF(Q7=0,0,Q4/Q7) -> 0 | R8: =IF(R7=0,0,R4/R7) -> 0 | ... AJ8: =IF(AJ7=0,0,AJ4/AJ7) -> 0
A9: Odometer | B9: Online | C9: =1-C8-C7 -> 0.35 | J9: Rate | K9: 0 | L9: 0 | M9: 0 | N9: 0 | O9: 0 | P9: =PolicyInputs!P20 -> 0 | Q9: =PolicyInputs!Q20 -> 0 | R9: =PolicyInputs!R20 -> 0 | S9: =PolicyInputs!S20 -> 0 | T9: =PolicyInputs!T20 -> 0 | U9: =PolicyInputs!U20 -> 0 | V9: =PolicyInputs!V20 -> 0 | W9: =PolicyInputs!W20 -> 0 | ... AJ9: =PolicyInputs!AJ20 -> 0
A10: Automated SAM | B10: Mail | C10: 0.25 | J10: Average annual RUC | K10: =K8*K9 -> 0 | L10: =L8*L9 -> 0 | M10: =M8*M9 -> 0 | N10: =N8*N9 -> 0 | O10: =O8*O9 -> 0 | P10: =P8*P9 -> 0 | Q10: =Q8*Q9 -> 0 | R10: =R8*R9 -> 0 | ... AJ10: =AJ8*AJ9 -> 0
A11: Automated SAM | B11: Online | C11: =1-C10 -> 0.75 | J11: Retentaion allowance | K11: 0 | L11: 0 | M11: 0 | N11: 0 | O11: 0 | P11: {=TRANSPOSE(TechnicalInputs!D42:D62)} -> 0.25 | Q11: 0.25 | R11: 0.25 | S11: 0.2 | T11: 0.2 | U11: 0.15 | V11: 0.1 | W11: 0.09 | X11: 0.08 | Y11: 0.07 | Z11: 0.06 | AA11: 0.05 | AB11: 0.04 | AC11: 0.03 | AD11: 0.03 | AE11: 0.03 | AF11: 0.03 | AG11: 0.03 | AH11: 0.03 | AI11: 0.03 | AJ11: 0.03
F12: Frequency definitions | J12: Monthly device comms | K12: 0 | L12: 0 | M12: 0 | N12: 0 | O12: 0 | P12: {=TRANSPOSE(TechnicalInputs!D66:D86)} -> 5 | Q12: 4 | R12: 3 | S12: 2 | T12: 1.5 | U12: 1 | V12: 0.5 | W12: 0.5 | X12: 0.5 | Y12: 0.5 | Z12: 0.5 | AA12: 0.5 | AB12: 0.5 | AC12: 0.5 | AD12: 0.5 | AE12: 0.5 | AF12: 0.5 | AG12: 0.5 | AH12: 0.5 | AI12: 0.5 | AJ12: 0.5
A13: RUC Method | B13: Payment Location | C13: Frequency | D13: % electing
A14: Odometer | B14: Agency | C14: 1 | D14: 1 | F14: 1 = once per year
A15: Odometer | B15: Agency | C15: 2 | D15: 0 | F15: 2 = twice per year
A16: Odometer | B16: Agency | C16: 4 | D16: =1-D15-D14 -> 0 | F16: 4 = quarterly
A17: Odometer | B17: Mail | C17: 1 | D17: 0.4
A18: Odometer | B18: Mail | C18: 2 | D18: 0.4
A19: Odometer | B19: Mail | C19: 4 | D19: =1-D18-D17 -> 0.2
A20: Odometer | B20: Online | C20: 1 | D20: 0.4
A21: Odometer | B21: Online | C21: 2 | D21: 0.4
A22: Odometer | B22: Online | C22: 4 | D22: =1-D21-D20 -> 0.2
A23: Automated - SAM | B23: Mail | C23: 1 | D23: 0.4
A24: Automated - SAM | B24: Mail | C24: 2 | D24: 0.4
A25: Automated - SAM | B25: Mail | C25: 4 | D25: =1-D24-D23 -> 0.2
A26: Automated - SAM | B26: Online | C26: 1 | D26: 0.4
A27: Automated - SAM | B27: Online | C27: 2 | D27: 0.4
A28: Automated - SAM | B28: Online | C28: 4 | D28: =1-D27-D26 -> 0.2
N29: Transaction value | AI29: Cost per transaction per year | BD29: Number of accounts | BY29: Total cost | CT29: Total time
A30: Method | B30: % Electing | C30: Location | D30: % Electing | E30: Frequency | F30: % Electing | G30: Payment | H30: % Electing | I30: % Electing | J30: Time to process per transaction | K30: Customer service time per year | L30: Total time per year | N30: 2015 | O30: 2016 | P30: 2017 | Q30: 2018 | R30: 2019 | S30: 2020 | T30: 2021 | U30: 2022 | V30: 2023 | W30: 2024 | X30: 2025 | Y30: 2026 | Z30: 2027 | AA30: 2028 | AB30: 2029 | AC30: 2030 | AD30: 2031 | AE30: 2032 | AF30: 2033 | AG30: 2034 | AH30: 2035 | AI30: 2015 | AJ30: 2016 | AK30: 2017 | AL30: 2018 | AM30: 2019 | AN30: 2020 | AO30: 2021 | AP30: 2022 | AQ30: 2023 | AR30: 2024 | AS30: 2025 | AT30: 2026 | AU30: 2027 | AV30: 2028 | AW30: 2029 | AX30: 2030 | AY30: 2031 | AZ30: 2032 | BA30: 2033 | BB30: 2034 | BC30: 2035 | BD30: 2015 | BE30: 2016 | BF30: 2017 | BG30: 2018 | BH30: 2019 | BI30: 2020 | BJ30: 2021 | BK30: 2022 | BL30: 2023 | BM30: 2024 | BN30: 2025 | BO30: 2026 | BP30: 2027 | BQ30: 2028 | BR30: 2029 | BS30: 2030 | BT30: 2031 | BU30: 2032 | BV30: 2033 | BW30: 2034 | BX30: 2035 | BY30: 2015 | BZ30: 2016 | CA30: 2017 | CB30: 2018 | CC30: 2019 | CD30: 2020 | CE30: 2021 | CF30: 2022 | CG30: 2023 | CH30: 2024 | CI30: 2025 | CJ30: 2026 | CK30: 2027 | CL30: 2028 | CM30: 2029 | CN30: 2030 | CO30: 2031 | CP30: 2032 | CQ30: 2033 | CR30: 2034 | CS30: 2035 | CT30: 2015 | CU30: 2016 | CV30: 2017 | CW30: 2018 | CX30: 2019 | CY30: 2020 | CZ30: 2021 | DA30: 2022 | DB30: 2023 | DC30: 2024 | DD30: 2025 | DE30: 2026 | DF30: 2027 | DG30: 2028 | DH30: 2029 | DI30: 2030 | DJ30: 2031 | DK30: 2032 | DL30: 2033 | DM30: 2034 | DN30: 2035 | DR30: Year | DS30: Odo Accounts | DT30: Odo Self Accts | DU30: SAM accounts | DV30: New SAM accounts | DW30: CAM accounts | DY30: Audit Time | DZ30: Audit FTE | EA30: FTE Cost | EB30: Materials Cost | EC30: Total Cost
A31: Odometer | B31: =LOOKUP(A31,$A$2:$A$4,$B$2:$B$4) -> 0.25 | C31: Agency | D31: =LOOKUP(C31,$B$7:$B$9,$C$7:$C$9) -> 0.3 | E31: 1 | F31: =LOOKUP(E31,$C$14:$C$16,$D$14:$D$16) -> 1 | G31: Credit | H31: 0.25 | I31: =B31*D31*F31*H31 -> 0.01875 | J31: =TechnicalInputs!$D$29 -> 10 | K31: =TechnicalInputs!$D$32 -> 1 | L31: =J31+K31 -> 11 | N31: =P$10/$E31 -> 0 | O31: =Q$10/$E31 -> 0 | P31: =R$10/$E31 -> 0 | Q31: =S$10/$E31 -> 0 | R31: =T$10/$E31 -> 0 | S31: =U$10/$E31 -> 0 | T31: =V$10/$E31 -> 0 | U31: =W$10/$E31 -> 0 | ... AH31: =AJ$10/$E31 -> 0 | AI31: =(N31*IF($G31="credit",TechnicalInputs!$D$22,IF($G31="Debit",TechnicalInputs!$D$24,IF($G31="EFT",TechnicalInputs!$D$26,0)))+IF($G31="credit",TechnicalInputs!$D$21,IF($G31="debit",TechnicalInputs!$D$23,IF($G31="eft",TechnicalInputs!$D$25)))+IF(TransactionCosts!$C31="online",TechnicalInputs!$D$28,TechnicalInputs!$D$27))*$E31 -> 1 | AJ31: =(O31*IF($G31="credit",TechnicalInputs!$D$22,IF($G31="Debit",TechnicalInputs!$D$24,IF($G31="EFT",TechnicalInputs!$D$26,0)))+IF($G31="credit",TechnicalInputs!$D$21,IF($G31="debit",TechnicalInputs!$D$23,IF($G31="eft",TechnicalInputs!$D$25)))+IF(TransactionCosts!$C31="online",TechnicalInputs!$D$28,TechnicalInputs!$D$27))*$E31 -> 1 | AK31: =(P31*IF($G31="credit",TechnicalInputs!$D$22,IF($G31="Debit",TechnicalInputs!$D$24,IF($G31="EFT",TechnicalInputs!$D$26,0)))+IF($G31="credit",TechnicalInputs!$D$21,IF($G31="debit",TechnicalInputs!$D$23,IF($G31="eft",TechnicalInputs!$D$25)))+IF(TransactionCosts!$C31="online",TechnicalInputs!$D$28,TechnicalInputs!$D$27))*$E31 -> 1 | AL31: =(Q31*IF($G31="credit",TechnicalInputs!$D$22,IF($G31="Debit",TechnicalInputs!$D$24,IF($G31="EFT",TechnicalInputs!$D$26,0)))+IF($G31="credit",TechnicalInputs!$D$21,IF($G31="debit",TechnicalInputs!$D$23,IF($G31="eft",TechnicalInputs!$D$25)))+IF(TransactionCosts!$C31="online",TechnicalInputs!$D$28,TechnicalInputs!$D$27))*$E31 -> 1 | AM31: =(R31*IF($G31="credit",TechnicalInputs!$D$22,IF($G31="Debit",TechnicalInputs!$D$24,IF($G31="EFT",TechnicalInputs!$D$26,0)))+IF($G31="credit",TechnicalInputs!$D$21,IF($G31="debit",TechnicalInputs!$D$23,IF($G31="eft",TechnicalInputs!$D$25)))+IF(TransactionCosts!$C31="online",TechnicalInputs!$D$28,TechnicalInputs!$D$27))*$E31 -> 1 | AN31: =(S31*IF($G31="credit",TechnicalInputs!$D$22,IF($G31="Debit",TechnicalInputs!$D$24,IF($G31="EFT",TechnicalInputs!$D$26,0)))+IF($G31="credit",TechnicalInputs!$D$21,IF($G31="debit",TechnicalInputs!$D$23,IF($G31="eft",TechnicalInputs!$D$25)))+IF(TransactionCosts!$C31="online",TechnicalInputs!$D$28,TechnicalInputs!$D$27))*$E31 -> 1 | AO31: =(T31*IF($G31="credit",TechnicalInputs!$D$22,IF($G31="Debit",TechnicalInputs!$D$24,IF($G31="EFT",TechnicalInputs!$D$26,0)))+IF($G31="credit",TechnicalInputs!$D$21,IF($G31="debit",TechnicalInputs!$D$23,IF($G31="eft",TechnicalInputs!$D$25)))+IF(TransactionCosts!$C31="online",TechnicalInputs!$D$28,TechnicalInputs!$D$27))*$E31 -> 1 | AP31: =(U31*IF($G31="credit",TechnicalInputs!$D$22,IF($G31="Debit",TechnicalInputs!$D$24,IF($G31="EFT",TechnicalInputs!$D$26,0)))+IF($G31="credit",TechnicalInputs!$D$21,IF($G31="debit",TechnicalInputs!$D$23,IF($G31="eft",TechnicalInputs!$D$25)))+IF(TransactionCosts!$C31="online",TechnicalInputs!$D$28,TechnicalInputs!$D$27))*$E31 -> 1 | ... BC31: =(AH31*IF($G31="credit",TechnicalInputs!$D$22,IF($G31="Debit",TechnicalInputs!$D$24,IF($G31="EFT",TechnicalInputs!$D$26,0)))+IF($G31="credit",TechnicalInputs!$D$21,IF($G31="debit",TechnicalInputs!$D$23,IF($G31="eft",TechnicalInputs!$D$25)))+IF(TransactionCosts!$C31="online",TechnicalInputs!$D$28,TechnicalInputs!$D$27))*$E31 -> 1 | BD31: =IF(P$9=0,0,P$7*$I31) -> 0 | BE31: =IF(Q$9=0,0,Q$7*$I31) -> 0 | BF31: =IF(R$9=0,0,R$7*$I31) -> 0 | BG31: =IF(S$9=0,0,S$7*$I31) -> 0 | BH31: =IF(T$9=0,0,T$7*$I31) -> 0 | BI31: =IF(U$9=0,0,U$7*$I31) -> 0 | BJ31: =IF(V$9=0,0,V$7*$I31) -> 0 | BK31: =IF(W$9=0,0,W$7*$I31) -> 0 | ... BX31: =IF(AJ$9=0,0,AJ$7*$I31) -> 0 | BY31: =AI31*BD31 -> 0 | BZ31: =AJ31*BE31 -> 0 | CA31: =AK31*BF31 -> 0 | CB31: =AL31*BG31 -> 0 | CC31: =AM31*BH31 -> 0 | CD31: =AN31*BI31 -> 0 | CE31: =AO31*BJ31 -> 0 | CF31: =AP31*BK31 -> 0 | ... CS31: =BC31*BX31 -> 0 | CT31: =BD31*$L31 -> 0 | CU31: =BE31*$L31 -> 0 | CV31: =BF31*$L31 -> 0 | CW31: =BG31*$L31 -> 0 | CX31: =BH31*$L31 -> 0 | CY31: =BI31*$L31 -> 0 | CZ31: =BJ31*$L31 -> 0 | DA31: =BK31*$L31 -> 0 | ... DN31: =BX31*$L31 -> 0 | DR31: 2010 | DS31: 0 | DT31: 0 | DU31: 0 | DV31: =DU31 -> 0 | DW31: 0 | DY31: =DT31*TechnicalInputs!$B$144*TechnicalInputs!$B$134+TechnicalInputs!$B$135*TechnicalInputs!$B$145*TransactionCosts!DU31+TransactionCosts!DW31*TechnicalInputs!$B$136*TechnicalInputs!$B$146 -> 0 | DZ31: =DY31/2000 -> 0 | EA31: =DZ31*TechnicalInputs!$B$90*TechnicalInputs!$D$5 -> 0 | EB31: =DT31*TechnicalInputs!$B$139*TechnicalInputs!$B$144+TechnicalInputs!$B$140*TechnicalInputs!$B$145*TransactionCosts!DU31+TransactionCosts!DW31*TechnicalInputs!$B$141*TechnicalInputs!$B$146 -> 0 | EC31: =EA31+EB31 -> 0
A32: Odometer | B32: =LOOKUP(A32,$A$2:$A$4,$B$2:$B$4) -> 0.25 | C32: Agency | D32: =LOOKUP(C32,$B$7:$B$9,$C$7:$C$9) -> 0.3 | E32: 2 | F32: =LOOKUP(E32,$C$14:$C$16,$D$14:$D$16) -> 0 | G32: Credit | H32: 0.25 | I32: =B32*D32*F32*H32 -> 0 | J32: =TechnicalInputs!$D$29 -> 10 | K32: =TechnicalInputs!$D$32 -> 1 | L32: =J32+K32 -> 11 | N32: =P$10/$E32 -> 0 | O32: =Q$10/$E32 -> 0 | P32: =R$10/$E32 -> 0 | Q32: =S$10/$E32 -> 0 | R32: =T$10/$E32 -> 0 | S32: =U$10/$E32 -> 0 | T32: =V$10/$E32 -> 0 | U32: =W$10/$E32 -> 0 | ... AH32: =AJ$10/$E32 -> 0 | AI32: =(N32*IF($G32="credit",TechnicalInputs!$D$22,IF($G32="Debit",TechnicalInputs!$D$24,IF($G32="EFT",TechnicalInputs!$D$26,0)))+IF($G32="credit",TechnicalInputs!$D$21,IF($G32="debit",TechnicalInputs!$D$23,IF($G32="eft",TechnicalInputs!$D$25)))+IF(TransactionCosts!$C32="online",TechnicalInputs!$D$28,TechnicalInputs!$D$27))*$E32 -> 2 | AJ32: =(O32*IF($G32="credit",TechnicalInputs!$D$22,IF($G32="Debit",TechnicalInputs!$D$24,IF($G32="EFT",TechnicalInputs!$D$26,0)))+IF($G32="credit",TechnicalInputs!$D$21,IF($G32="debit",TechnicalInputs!$D$23,IF($G32="eft",TechnicalInputs!$D$25)))+IF(TransactionCosts!$C32="online",TechnicalInputs!$D$28,TechnicalInputs!$D$27))*$E32 -> 2 | AK32: =(P32*IF($G32="credit",TechnicalInputs!$D$22,IF($G32="Debit",TechnicalInputs!$D$24,IF($G32="EFT",TechnicalInputs!$D$26,0)))+IF($G32="credit",TechnicalInputs!$D$21,IF($G32="debit",TechnicalInputs!$D$23,IF($G32="eft",TechnicalInputs!$D$25)))+IF(TransactionCosts!$C32="online",TechnicalInputs!$D$28,TechnicalInputs!$D$27))*$E32 -> 2 | AL32: =(Q32*IF($G32="credit",TechnicalInputs!$D$22,IF($G32="Debit",TechnicalInputs!$D$24,IF($G32="EFT",TechnicalInputs!$D$26,0)))+IF($G32="credit",TechnicalInputs!$D$21,IF($G32="debit",TechnicalInputs!$D$23,IF($G32="eft",TechnicalInputs!$D$25)))+IF(TransactionCosts!$C32="online",TechnicalInputs!$D$28,TechnicalInputs!$D$27))*$E32 -> 2 | AM32: =(R32*IF($G32="credit",TechnicalInputs!$D$22,IF($G32="Debit",TechnicalInputs!$D$24,IF($G32="EFT",TechnicalInputs!$D$26,0)))+IF($G32="credit",TechnicalInputs!$D$21,IF($G32="debit",TechnicalInputs!$D$23,IF($G32="eft",TechnicalInputs!$D$25)))+IF(TransactionCosts!$C32="online",TechnicalInputs!$D$28,TechnicalInputs!$D$27))*$E32 -> 2 | AN32: =(S32*IF($G32="credit",TechnicalInputs!$D$22,IF($G32="Debit",TechnicalInputs!$D$24,IF($G32="EFT",TechnicalInputs!$D$26,0)))+IF($G32="credit",TechnicalInputs!$D$21,IF($G32="debit",TechnicalInputs!$D$23,IF($G32="eft",TechnicalInputs!$D$25)))+IF(TransactionCosts!$C32="online",TechnicalInputs!$D$28,TechnicalInputs!$D$27))*$E32 -> 2 | AO32: =(T32*IF($G32="credit",TechnicalInputs!$D$22,IF($G32="Debit",TechnicalInputs!$D$24,IF($G32="EFT",TechnicalInputs!$D$26,0)))+IF($G32="credit",TechnicalInputs!$D$21,IF($G32="debit",TechnicalInputs!$D$23,IF($G32="eft",TechnicalInputs!$D$25)))+IF(TransactionCosts!$C32="online",TechnicalInputs!$D$28,TechnicalInputs!$D$27))*$E32 -> 2 | AP32: =(U32*IF($G32="credit",TechnicalInputs!$D$22,IF($G32="Debit",TechnicalInputs!$D$24,IF($G32="EFT",TechnicalInputs!$D$26,0)))+IF($G32="credit",TechnicalInputs!$D$21,IF($G32="debit",TechnicalInputs!$D$23,IF($G32="eft",TechnicalInputs!$D$25)))+IF(TransactionCosts!$C32="online",TechnicalInputs!$D$28,TechnicalInputs!$D$27))*$E32 -> 2 | ... BC32: =(AH32*IF($G32="credit",TechnicalInputs!$D$22,IF($G32="Debit",TechnicalInputs!$D$24,IF($G32="EFT",TechnicalInputs!$D$26,0)))+IF($G32="credit",TechnicalInputs!$D$21,IF($G32="debit",TechnicalInputs!$D$23,IF($G32="eft",TechnicalInputs!$D$25)))+IF(TransactionCosts!$C32="online",TechnicalInputs!$D$28,TechnicalInputs!$D$27))*$E32 -> 2 | BD32: =IF(P$9=0,0,P$7*$I32) -> 0 | BE32: =IF(Q$9=0,0,Q$7*$I32) -> 0 | BF32: =IF(R$9=0,0,R$7*$I32) -> 0 | BG32: =IF(S$9=0,0,S$7*$I32) -> 0 | BH32: =IF(T$9=0,0,T$7*$I32) -> 0 | BI32: =IF(U$9=0,0,U$7*$I32) -> 0 | BJ32: =IF(V$9=0,0,V$7*$I32) -> 0 | BK32: =IF(W$9=0,0,W$7*$I32) -> 0 | ... BX32: =IF(AJ$9=0,0,AJ$7*$I32) -> 0 | BY32: =AI32*BD32 -> 0 | BZ32: =AJ32*BE32 -> 0 | CA32: =AK32*BF32 -> 0 | CB32: =AL32*BG32 -> 0 | CC32: =AM32*BH32 -> 0 | CD32: =AN32*BI32 -> 0 | CE32: =AO32*BJ32 -> 0 | CF32: =AP32*BK32 -> 0 | ... CS32: =BC32*BX32 -> 0 | CT32: =BD32*$L32 -> 0 | CU32: =BE32*$L32 -> 0 | CV32: =BF32*$L32 -> 0 | CW32: =BG32*$L32 -> 0 | CX32: =BH32*$L32 -> 0 | CY32: =BI32*$L32 -> 0 | CZ32: =BJ32*$L32 -> 0 | DA32: =BK32*$L32 -> 0 | ... DN32: =BX32*$L32 -> 0 | DR32: =DR31+1 -> 2011 | DS32: 0 | DT32: 0 | DU32: 0 | DV32: =DU32-DU31 -> 0 | DW32: 0 | DY32: =DT32*TechnicalInputs!$B$144*TechnicalInputs!$B$134+TechnicalInputs!$B$135*TechnicalInputs!$B$145*TransactionCosts!DU32+TransactionCosts!DW32*TechnicalInputs!$B$136*TechnicalInputs!$B$146 -> 0 | DZ32: =DY32/2000 -> 0 | EA32: =DZ32*TechnicalInputs!$B$90*TechnicalInputs!$D$5 -> 0 | EB32: =DT32*TechnicalInputs!$B$139*TechnicalInputs!$B$144+TechnicalInputs!$B$140*TechnicalInputs!$B$145*TransactionCosts!DU32+TransactionCosts!DW32*TechnicalInputs!$B$141*TechnicalInputs!$B$146 -> 0 | EC32: =EA32+EB32 -> 0
A33: Odometer | B33: =LOOKUP(A33,$A$2:$A$4,$B$2:$B$4) -> 0.25 | C33: Agency | D33: =LOOKUP(C33,$B$7:$B$9,$C$7:$C$9) -> 0.3 | E33: 4 | F33: =LOOKUP(E33,$C$14:$C$16,$D$14:$D$16) -> 0 | G33: Credit | H33: 0.25 | I33: =B33*D33*F33*H33 -> 0 | J33: =TechnicalInputs!$D$29 -> 10 | K33: =TechnicalInputs!$D$32 -> 1 | L33: =J33+K33 -> 11 | N33: =P$10/$E33 -> 0 | O33: =Q$10/$E33 -> 0 | P33: =R$10/$E33 -> 0 | Q33: =S$10/$E33 -> 0 | R33: =T$10/$E33 -> 0 | S33: =U$10/$E33 -> 0 | T33: =V$10/$E33 -> 0 | U33: =W$10/$E33 -> 0 | ... AH33: =AJ$10/$E33 -> 0 | AI33: =(N33*IF($G33="credit",TechnicalInputs!$D$22,IF($G33="Debit",TechnicalInputs!$D$24,IF($G33="EFT",TechnicalInputs!$D$26,0)))+IF($G33="credit",TechnicalInputs!$D$21,IF($G33="debit",TechnicalInputs!$D$23,IF($G33="eft",TechnicalInputs!$D$25)))+IF(TransactionCosts!$C33="online",TechnicalInputs!$D$28,TechnicalInputs!$D$27))*$E33 -> 4 | AJ33: =(O33*IF($G33="credit",TechnicalInputs!$D$22,IF($G33="Debit",TechnicalInputs!$D$24,IF($G33="EFT",TechnicalInputs!$D$26,0)))+IF($G33="credit",TechnicalInputs!$D$21,IF($G33="debit",TechnicalInputs!$D$23,IF($G33="eft",TechnicalInputs!$D$25)))+IF(TransactionCosts!$C33="online",TechnicalInputs!$D$28,TechnicalInputs!$D$27))*$E33 -> 4 | AK33: =(P33*IF($G33="credit",TechnicalInputs!$D$22,IF($G33="Debit",TechnicalInputs!$D$24,IF($G33="EFT",TechnicalInputs!$D$26,0)))+IF($G33="credit",TechnicalInputs!$D$21,IF($G33="debit",TechnicalInputs!$D$23,IF($G33="eft",TechnicalInputs!$D$25)))+IF(TransactionCosts!$C33="online",TechnicalInputs!$D$28,TechnicalInputs!$D$27))*$E33 -> 4 | AL33: =(Q33*IF($G33="credit",TechnicalInputs!$D$22,IF($G33="Debit",TechnicalInputs!$D$24,IF($G33="EFT",TechnicalInputs!$D$26,0)))+IF($G33="credit",TechnicalInputs!$D$21,IF($G33="debit",TechnicalInputs!$D$23,IF($G33="eft",TechnicalInputs!$D$25)))+IF(TransactionCosts!$C33="online",TechnicalInputs!$D$28,TechnicalInputs!$D$27))*$E33 -> 4 | AM33: =(R33*IF($G33="credit",TechnicalInputs!$D$22,IF($G33="Debit",TechnicalInputs!$D$24,IF($G33="EFT",TechnicalInputs!$D$26,0)))+IF($G33="credit",TechnicalInputs!$D$21,IF($G33="debit",TechnicalInputs!$D$23,IF($G33="eft",TechnicalInputs!$D$25)))+IF(TransactionCosts!$C33="online",TechnicalInputs!$D$28,TechnicalInputs!$D$27))*$E33 -> 4 | AN33: =(S33*IF($G33="credit",TechnicalInputs!$D$22,IF($G33="Debit",TechnicalInputs!$D$24,IF($G33="EFT",TechnicalInputs!$D$26,0)))+IF($G33="credit",TechnicalInputs!$D$21,IF($G33="debit",TechnicalInputs!$D$23,IF($G33="eft",TechnicalInputs!$D$25)))+IF(TransactionCosts!$C33="online",TechnicalInputs!$D$28,TechnicalInputs!$D$27))*$E33 -> 4 | AO33: =(T33*IF($G33="credit",TechnicalInputs!$D$22,IF($G33="Debit",TechnicalInputs!$D$24,IF($G33="EFT",TechnicalInputs!$D$26,0)))+IF($G33="credit",TechnicalInputs!$D$21,IF($G33="debit",TechnicalInputs!$D$23,IF($G33="eft",TechnicalInputs!$D$25)))+IF(TransactionCosts!$C33="online",TechnicalInputs!$D$28,TechnicalInputs!$D$27))*$E33 -> 4 | AP33: =(U33*IF($G33="credit",TechnicalInputs!$D$22,IF($G33="Debit",TechnicalInputs!$D$24,IF($G33="EFT",TechnicalInputs!$D$26,0)))+IF($G33="credit",TechnicalInputs!$D$21,IF($G33="debit",TechnicalInputs!$D$23,IF($G33="eft",TechnicalInputs!$D$25)))+IF(TransactionCosts!$C33="online",TechnicalInputs!$D$28,TechnicalInputs!$D$27))*$E33 -> 4 | ... BC33: =(AH33*IF($G33="credit",TechnicalInputs!$D$22,IF($G33="Debit",TechnicalInputs!$D$24,IF($G33="EFT",TechnicalInputs!$D$26,0)))+IF($G33="credit",TechnicalInputs!$D$21,IF($G33="debit",TechnicalInputs!$D$23,IF($G33="eft",TechnicalInputs!$D$25)))+IF(TransactionCosts!$C33="online",TechnicalInputs!$D$28,TechnicalInputs!$D$27))*$E33 -> 4 | BD33: =IF(P$9=0,0,P$7*$I33) -> 0 | BE33: =IF(Q$9=0,0,Q$7*$I33) -> 0 | BF33: =IF(R$9=0,0,R$7*$I33) -> 0 | BG33: =IF(S$9=0,0,S$7*$I33) -> 0 | BH33: =IF(T$9=0,0,T$7*$I33) -> 0 | BI33: =IF(U$9=0,0,U$7*$I33) -> 0 | BJ33: =IF(V$9=0,0,V$7*$I33) -> 0 | BK33: =IF(W$9=0,0,W$7*$I33) -> 0 | ... BX33: =IF(AJ$9=0,0,AJ$7*$I33) -> 0 | BY33: =AI33*BD33 -> 0 | BZ33: =AJ33*BE33 -> 0 | CA33: =AK33*BF33 -> 0 | CB33: =AL33*BG33 -> 0 | CC33: =AM33*BH33 -> 0 | CD33: =AN33*BI33 -> 0 | CE33: =AO33*BJ33 -> 0 | CF33: =AP33*BK33 -> 0 | ... CS33: =BC33*BX33 -> 0 | CT33: =BD33*$L33 -> 0 | CU33: =BE33*$L33 -> 0 | CV33: =BF33*$L33 -> 0 | CW33: =BG33*$L33 -> 0 | CX33: =BH33*$L33 -> 0 | CY33: =BI33*$L33 -> 0 | CZ33: =BJ33*$L33 -> 0 | DA33: =BK33*$L33 -> 0 | ... DN33: =BX33*$L33 -> 0 | DR33: =DR32+1 -> 2012 | DS33: 0 | DT33: 0 | DU33: 0 | DV33: =DU33-DU32 -> 0 | DW33: 0 | DY33: =DT33*TechnicalInputs!$B$144*TechnicalInputs!$B$134+TechnicalInputs!$B$135*TechnicalInputs!$B$145*TransactionCosts!DU33+TransactionCosts!DW33*TechnicalInputs!$B$136*TechnicalInputs!$B$146 -> 0 | DZ33: =DY33/2000 -> 0 | EA33: =DZ33*TechnicalInputs!$B$90*TechnicalInputs!$D$5 -> 0 | EB33: =DT33*TechnicalInputs!$B$139*TechnicalInputs!$B$144+TechnicalInputs!$B$140*TechnicalInputs!$B$145*TransactionCosts!DU33+TransactionCosts!DW33*TechnicalInputs!$B$141*TechnicalInputs!$B$146 -> 0 | EC33: =EA33+EB33 -> 0
A34: Odometer | B34: =LOOKUP(A34,$A$2:$A$4,$B$2:$B$4) -> 0.25 | C34: Agency | D34: =LOOKUP(C34,$B$7:$B$9,$C$7:$C$9) -> 0.3 | E34: 1 | F34: =LOOKUP(E34,$C$14:$C$16,$D$14:$D$16) -> 1 | G34: Debit | H34: 0.25 | I34: =B34*D34*F34*H34 -> 0.01875 | J34: =TechnicalInputs!$D$29 -> 10 | K34: =TechnicalInputs!$D$32 -> 1 | L34: =J34+K34 -> 11 | N34: =P$10/$E34 -> 0 | O34: =Q$10/$E34 -> 0 | P34: =R$10/$E34 -> 0 | Q34: =S$10/$E34 -> 0 | R34: =T$10/$E34 -> 0 | S34: =U$10/$E34 -> 0 | T34: =V$10/$E34 -> 0 | U34: =W$10/$E34 -> 0 | ... AH34: =AJ$10/$E34 -> 0 | AI34: =(N34*IF($G34="credit",TechnicalInputs!$D$22,IF($G34="Debit",TechnicalInputs!$D$24,IF($G34="EFT",TechnicalInputs!$D$26,0)))+IF($G34="credit",TechnicalInputs!$D$21,IF($G34="debit",TechnicalInputs!$D$23,IF($G34="eft",TechnicalInputs!$D$25)))+IF(TransactionCosts!$C34="online",TechnicalInputs!$D$28,TechnicalInputs!$D$27))*$E34 -> 1 | AJ34: =(O34*IF($G34="credit",TechnicalInputs!$D$22,IF($G34="Debit",TechnicalInputs!$D$24,IF($G34="EFT",TechnicalInputs!$D$26,0)))+IF($G34="credit",TechnicalInputs!$D$21,IF($G34="debit",TechnicalInputs!$D$23,IF($G34="eft",TechnicalInputs!$D$25)))+IF(TransactionCosts!$C34="online",TechnicalInputs!$D$28,TechnicalInputs!$D$27))*$E34 -> 1 | AK34: =(P34*IF($G34="credit",TechnicalInputs!$D$22,IF($G34="Debit",TechnicalInputs!$D$24,IF($G34="EFT",TechnicalInputs!$D$26,0)))+IF($G34="credit",TechnicalInputs!$D$21,IF($G34="debit",TechnicalInputs!$D$23,IF($G34="eft",TechnicalInputs!$D$25)))+IF(TransactionCosts!$C34="online",TechnicalInputs!$D$28,TechnicalInputs!$D$27))*$E34 -> 1 | AL34: =(Q34*IF($G34="credit",TechnicalInputs!$D$22,IF($G34="Debit",TechnicalInputs!$D$24,IF($G34="EFT",TechnicalInputs!$D$26,0)))+IF($G34="credit",TechnicalInputs!$D$21,IF($G34="debit",TechnicalInputs!$D$23,IF($G34="eft",TechnicalInputs!$D$25)))+IF(TransactionCosts!$C34="online",TechnicalInputs!$D$28,TechnicalInputs!$D$27))*$E34 -> 1 | AM34: =(R34*IF($G34="credit",TechnicalInputs!$D$22,IF($G34="Debit",TechnicalInputs!$D$24,IF($G34="EFT",TechnicalInputs!$D$26,0)))+IF($G34="credit",TechnicalInputs!$D$21,IF($G34="debit",TechnicalInputs!$D$23,IF($G34="eft",TechnicalInputs!$D$25)))+IF(TransactionCosts!$C34="online",TechnicalInputs!$D$28,TechnicalInputs!$D$27))*$E34 -> 1 | AN34: =(S34*IF($G34="credit",TechnicalInputs!$D$22,IF($G34="Debit",TechnicalInputs!$D$24,IF($G34="EFT",TechnicalInputs!$D$26,0)))+IF($G34="credit",TechnicalInputs!$D$21,IF($G34="debit",TechnicalInputs!$D$23,IF($G34="eft",TechnicalInputs!$D$25)))+IF(TransactionCosts!$C34="online",TechnicalInputs!$D$28,TechnicalInputs!$D$27))*$E34 -> 1 | AO34: =(T34*IF($G34="credit",TechnicalInputs!$D$22,IF($G34="Debit",TechnicalInputs!$D$24,IF($G34="EFT",TechnicalInputs!$D$26,0)))+IF($G34="credit",TechnicalInputs!$D$21,IF($G34="debit",TechnicalInputs!$D$23,IF($G34="eft",TechnicalInputs!$D$25)))+IF(TransactionCosts!$C34="online",TechnicalInputs!$D$28,TechnicalInputs!$D$27))*$E34 -> 1 | AP34: =(U34*IF($G34="credit",TechnicalInputs!$D$22,IF($G34="Debit",TechnicalInputs!$D$24,IF($G34="EFT",TechnicalInputs!$D$26,0)))+IF($G34="credit",TechnicalInputs!$D$21,IF($G34="debit",TechnicalInputs!$D$23,IF($G34="eft",TechnicalInputs!$D$25)))+IF(TransactionCosts!$C34="online",TechnicalInputs!$D$28,TechnicalInputs!$D$27))*$E34 -> 1 | ... BC34: =(AH34*IF($G34="credit",TechnicalInputs!$D$22,IF($G34="Debit",TechnicalInputs!$D$24,IF($G34="EFT",TechnicalInputs!$D$26,0)))+IF($G34="credit",TechnicalInputs!$D$21,IF($G34="debit",TechnicalInputs!$D$23,IF($G34="eft",TechnicalInputs!$D$25)))+IF(TransactionCosts!$C34="online",TechnicalInputs!$D$28,TechnicalInputs!$D$27))*$E34 -> 1 | BD34: =IF(P$9=0,0,P$7*$I34) -> 0 | BE34: =IF(Q$9=0,0,Q$7*$I34) -> 0 | BF34: =IF(R$9=0,0,R$7*$I34) -> 0 | BG34: =IF(S$9=0,0,S$7*$I34) -> 0 | BH34: =IF(T$9=0,0,T$7*$I34) -> 0 | BI34: =IF(U$9=0,0,U$7*$I34) -> 0 | BJ34: =IF(V$9=0,0,V$7*$I34) -> 0 | BK34: =IF(W$9=0,0,W$7*$I34) -> 0 | ... BX34: =IF(AJ$9=0,0,AJ$7*$I34) -> 0 | BY34: =AI34*BD34 -> 0 | BZ34: =AJ34*BE34 -> 0 | CA34: =AK34*BF34 -> 0 | CB34: =AL34*BG34 -> 0 | CC34: =AM34*BH34 -> 0 | CD34: =AN34*BI34 -> 0 | CE34: =AO34*BJ34 -> 0 | CF34: =AP34*BK34 -> 0 | ... CS34: =BC34*BX34 -> 0 | CT34: =BD34*$L34 -> 0 | CU34: =BE34*$L34 -> 0 | CV34: =BF34*$L34 -> 0 | CW34: =BG34*$L34 -> 0 | CX34: =BH34*$L34 -> 0 | CY34: =BI34*$L34 -> 0 | CZ34: =BJ34*$L34 -> 0 | DA34: =BK34*$L34 -> 0 | ... DN34: =BX34*$L34 -> 0 | DR34: =DR33+1 -> 2013 | DS34: 0 | DT34: 0 | DU34: 0 | DV34: =DU34-DU33 -> 0 | DW34: 0 | DY34: =DT34*TechnicalInputs!$B$144*TechnicalInputs!$B$134+TechnicalInputs!$B$135*TechnicalInputs!$B$145*TransactionCosts!DU34+TransactionCosts!DW34*TechnicalInputs!$B$136*TechnicalInputs!$B$146 -> 0 | DZ34: =DY34/2000 -> 0 | EA34: =DZ34*TechnicalInputs!$B$90*TechnicalInputs!$D$5 -> 0 | EB34: =DT34*TechnicalInputs!$B$139*TechnicalInputs!$B$144+TechnicalInputs!$B$140*TechnicalInputs!$B$145*TransactionCosts!DU34+TransactionCosts!DW34*TechnicalInputs!$B$141*TechnicalInputs!$B$146 -> 0 | EC34: =EA34+EB34 -> 0
A35: Odometer | B35: =LOOKUP(A35,$A$2:$A$4,$B$2:$B$4) -> 0.25 | C35: Agency | D35: =LOOKUP(C35,$B$7:$B$9,$C$7:$C$9) -> 0.3 | E35: 2 | F35: =LOOKUP(E35,$C$14:$C$16,$D$14:$D$16) -> 0 | G35: Debit | H35: 0.25 | I35: =B35*D35*F35*H35 -> 0 | J35: =TechnicalInputs!$D$29 -> 10 | K35: =TechnicalInputs!$D$32 -> 1 | L35: =J35+K35 -> 11 | N35: =P$10/$E35 -> 0 | O35: =Q$10/$E35 -> 0 | P35: =R$10/$E35 -> 0 | Q35: =S$10/$E35 -> 0 | R35: =T$10/$E35 -> 0 | S35: =U$10/$E35 -> 0 | T35: =V$10/$E35 -> 0 | U35: =W$10/$E35 -> 0 | ... AH35: =AJ$10/$E35 -> 0 | AI35: =(N35*IF($G35="credit",TechnicalInputs!$D$22,IF($G35="Debit",TechnicalInputs!$D$24,IF($G35="EFT",TechnicalInputs!$D$26,0)))+IF($G35="credit",TechnicalInputs!$D$21,IF($G35="debit",TechnicalInputs!$D$23,IF($G35="eft",TechnicalInputs!$D$25)))+IF(TransactionCosts!$C35="online",TechnicalInputs!$D$28,TechnicalInputs!$D$27))*$E35 -> 2 | AJ35: =(O35*IF($G35="credit",TechnicalInputs!$D$22,IF($G35="Debit",TechnicalInputs!$D$24,IF($G35="EFT",TechnicalInputs!$D$26,0)))+IF($G35="credit",TechnicalInputs!$D$21,IF($G35="debit",TechnicalInputs!$D$23,IF($G35="eft",TechnicalInputs!$D$25)))+IF(TransactionCosts!$C35="online",TechnicalInputs!$D$28,TechnicalInputs!$D$27))*$E35 -> 2 | AK35: =(P35*IF($G35="credit",TechnicalInputs!$D$22,IF($G35="Debit",TechnicalInputs!$D$24,IF($G35="EFT",TechnicalInputs!$D$26,0)))+IF($G35="credit",TechnicalInputs!$D$21,IF($G35="debit",TechnicalInputs!$D$23,IF($G35="eft",TechnicalInputs!$D$25)))+IF(TransactionCosts!$C35="online",TechnicalInputs!$D$28,TechnicalInputs!$D$27))*$E35 -> 2 | AL35: =(Q35*IF($G35="credit",TechnicalInputs!$D$22,IF($G35="Debit",TechnicalInputs!$D$24,IF($G35="EFT",TechnicalInputs!$D$26,0)))+IF($G35="credit",TechnicalInputs!$D$21,IF($G35="debit",TechnicalInputs!$D$23,IF($G35="eft",TechnicalInputs!$D$25)))+IF(TransactionCosts!$C35="online",TechnicalInputs!$D$28,TechnicalInputs!$D$27))*$E35 -> 2 | AM35: =(R35*IF($G35="credit",TechnicalInputs!$D$22,IF($G35="Debit",TechnicalInputs!$D$24,IF($G35="EFT",TechnicalInputs!$D$26,0)))+IF($G35="credit",TechnicalInputs!$D$21,IF($G35="debit",TechnicalInputs!$D$23,IF($G35="eft",TechnicalInputs!$D$25)))+IF(TransactionCosts!$C35="online",TechnicalInputs!$D$28,TechnicalInputs!$D$27))*$E35 -> 2 | AN35: =(S35*IF($G35="credit",TechnicalInputs!$D$22,IF($G35="Debit",TechnicalInputs!$D$24,IF($G35="EFT",TechnicalInputs!$D$26,0)))+IF($G35="credit",TechnicalInputs!$D$21,IF($G35="debit",TechnicalInputs!$D$23,IF($G35="eft",TechnicalInputs!$D$25)))+IF(TransactionCosts!$C35="online",TechnicalInputs!$D$28,TechnicalInputs!$D$27))*$E35 -> 2 | AO35: =(T35*IF($G35="credit",TechnicalInputs!$D$22,IF($G35="Debit",TechnicalInputs!$D$24,IF($G35="EFT",TechnicalInputs!$D$26,0)))+IF($G35="credit",TechnicalInputs!$D$21,IF($G35="debit",TechnicalInputs!$D$23,IF($G35="eft",TechnicalInputs!$D$25)))+IF(TransactionCosts!$C35="online",TechnicalInputs!$D$28,TechnicalInputs!$D$27))*$E35 -> 2 | AP35: =(U35*IF($G35="credit",TechnicalInputs!$D$22,IF($G35="Debit",TechnicalInputs!$D$24,IF($G35="EFT",TechnicalInputs!$D$26,0)))+IF($G35="credit",TechnicalInputs!$D$21,IF($G35="debit",TechnicalInputs!$D$23,IF($G35="eft",TechnicalInputs!$D$25)))+IF(TransactionCosts!$C35="online",TechnicalInputs!$D$28,TechnicalInputs!$D$27))*$E35 -> 2 | ... BC35: =(AH35*IF($G35="credit",TechnicalInputs!$D$22,IF($G35="Debit",TechnicalInputs!$D$24,IF($G35="EFT",TechnicalInputs!$D$26,0)))+IF($G35="credit",TechnicalInputs!$D$21,IF($G35="debit",TechnicalInputs!$D$23,IF($G35="eft",TechnicalInputs!$D$25)))+IF(TransactionCosts!$C35="online",TechnicalInputs!$D$28,TechnicalInputs!$D$27))*$E35 -> 2 | BD35: =IF(P$9=0,0,P$7*$I35) -> 0 | BE35: =IF(Q$9=0,0,Q$7*$I35) -> 0 | BF35: =IF(R$9=0,0,R$7*$I35) -> 0 | BG35: =IF(S$9=0,0,S$7*$I35) -> 0 | BH35: =IF(T$9=0,0,T$7*$I35) -> 0 | BI35: =IF(U$9=0,0,U$7*$I35) -> 0 | BJ35: =IF(V$9=0,0,V$7*$I35) -> 0 | BK35: =IF(W$9=0,0,W$7*$I35) -> 0 | ... BX35: =IF(AJ$9=0,0,AJ$7*$I35) -> 0 | BY35: =AI35*BD35 -> 0 | BZ35: =AJ35*BE35 -> 0 | CA35: =AK35*BF35 -> 0 | CB35: =AL35*BG35 -> 0 | CC35: =AM35*BH35 -> 0 | CD35: =AN35*BI35 -> 0 | CE35: =AO35*BJ35 -> 0 | CF35: =AP35*BK35 -> 0 | ... CS35: =BC35*BX35 -> 0 | CT35: =BD35*$L35 -> 0 | CU35: =BE35*$L35 -> 0 | CV35: =BF35*$L35 -> 0 | CW35: =BG35*$L35 -> 0 | CX35: =BH35*$L35 -> 0 | CY35: =BI35*$L35 -> 0 | CZ35: =BJ35*$L35 -> 0 | DA35: =BK35*$L35 -> 0 | ... DN35: =BX35*$L35 -> 0 | DR35: =DR34+1 -> 2014 | DS35: 0 | DT35: 0 | DU35: 0 | DV35: =DU35-DU34 -> 0 | DW35: 0 | DY35: =DT35*TechnicalInputs!$B$144*TechnicalInputs!$B$134+TechnicalInputs!$B$135*TechnicalInputs!$B$145*TransactionCosts!DU35+TransactionCosts!DW35*TechnicalInputs!$B$136*TechnicalInputs!$B$146 -> 0 | DZ35: =DY35/2000 -> 0 | EA35: =DZ35*TechnicalInputs!$B$90*TechnicalInputs!$D$5 -> 0 | EB35: =DT35*TechnicalInputs!$B$139*TechnicalInputs!$B$144+TechnicalInputs!$B$140*TechnicalInputs!$B$145*TransactionCosts!DU35+TransactionCosts!DW35*TechnicalInputs!$B$141*TechnicalInputs!$B$146 -> 0 | EC35: =EA35+EB35 -> 0
A36: Odometer | B36: =LOOKUP(A36,$A$2:$A$4,$B$2:$B$4) -> 0.25 | C36: Agency | D36: =LOOKUP(C36,$B$7:$B$9,$C$7:$C$9) -> 0.3 | E36: 4 | F36: =LOOKUP(E36,$C$14:$C$16,$D$14:$D$16) -> 0 | G36: Debit | H36: 0.25 | I36: =B36*D36*F36*H36 -> 0 | J36: =TechnicalInputs!$D$29 -> 10 | K36: =TechnicalInputs!$D$32 -> 1 | L36: =J36+K36 -> 11 | N36: =P$10/$E36 -> 0 | O36: =Q$10/$E36 -> 0 | P36: =R$10/$E36 -> 0 | Q36: =S$10/$E36 -> 0 | R36: =T$10/$E36 -> 0 | S36: =U$10/$E36 -> 0 | T36: =V$10/$E36 -> 0 | U36: =W$10/$E36 -> 0 | ... AH36: =AJ$10/$E36 -> 0 | AI36: =(N36*IF($G36="credit",TechnicalInputs!$D$22,IF($G36="Debit",TechnicalInputs!$D$24,IF($G36="EFT",TechnicalInputs!$D$26,0)))+IF($G36="credit",TechnicalInputs!$D$21,IF($G36="debit",TechnicalInputs!$D$23,IF($G36="eft",TechnicalInputs!$D$25)))+IF(TransactionCosts!$C36="online",TechnicalInputs!$D$28,TechnicalInputs!$D$27))*$E36 -> 4 | AJ36: =(O36*IF($G36="credit",TechnicalInputs!$D$22,IF($G36="Debit",TechnicalInputs!$D$24,IF($G36="EFT",TechnicalInputs!$D$26,0)))+IF($G36="credit",TechnicalInputs!$D$21,IF($G36="debit",TechnicalInputs!$D$23,IF($G36="eft",TechnicalInputs!$D$25)))+IF(TransactionCosts!$C36="online",TechnicalInputs!$D$28,TechnicalInputs!$D$27))*$E36 -> 4 | AK36: =(P36*IF($G36="credit",TechnicalInputs!$D$22,IF($G36="Debit",TechnicalInputs!$D$24,IF($G36="EFT",TechnicalInputs!$D$26,0)))+IF($G36="credit",TechnicalInputs!$D$21,IF($G36="debit",TechnicalInputs!$D$23,IF($G36="eft",TechnicalInputs!$D$25)))+IF(TransactionCosts!$C36="online",TechnicalInputs!$D$28,TechnicalInputs!$D$27))*$E36 -> 4 | AL36: =(Q36*IF($G36="credit",TechnicalInputs!$D$22,IF($G36="Debit",TechnicalInputs!$D$24,IF($G36="EFT",TechnicalInputs!$D$26,0)))+IF($G36="credit",TechnicalInputs!$D$21,IF($G36="debit",TechnicalInputs!$D$23,IF($G36="eft",TechnicalInputs!$D$25)))+IF(TransactionCosts!$C36="online",TechnicalInputs!$D$28,TechnicalInputs!$D$27))*$E36 -> 4 | AM36: =(R36*IF($G36="credit",TechnicalInputs!$D$22,IF($G36="Debit",TechnicalInputs!$D$24,IF($G36="EFT",TechnicalInputs!$D$26,0)))+IF($G36="credit",TechnicalInputs!$D$21,IF($G36="debit",TechnicalInputs!$D$23,IF($G36="eft",TechnicalInputs!$D$25)))+IF(TransactionCosts!$C36="online",TechnicalInputs!$D$28,TechnicalInputs!$D$27))*$E36 -> 4 | AN36: =(S36*IF($G36="credit",TechnicalInputs!$D$22,IF($G36="Debit",TechnicalInputs!$D$24,IF($G36="EFT",TechnicalInputs!$D$26,0)))+IF($G36="credit",TechnicalInputs!$D$21,IF($G36="debit",TechnicalInputs!$D$23,IF($G36="eft",TechnicalInputs!$D$25)))+IF(TransactionCosts!$C36="online",TechnicalInputs!$D$28,TechnicalInputs!$D$27))*$E36 -> 4 | AO36: =(T36*IF($G36="credit",TechnicalInputs!$D$22,IF($G36="Debit",TechnicalInputs!$D$24,IF($G36="EFT",TechnicalInputs!$D$26,0)))+IF($G36="credit",TechnicalInputs!$D$21,IF($G36="debit",TechnicalInputs!$D$23,IF($G36="eft",TechnicalInputs!$D$25)))+IF(TransactionCosts!$C36="online",TechnicalInputs!$D$28,TechnicalInputs!$D$27))*$E36 -> 4 | AP36: =(U36*IF($G36="credit",TechnicalInputs!$D$22,IF($G36="Debit",TechnicalInputs!$D$24,IF($G36="EFT",TechnicalInputs!$D$26,0)))+IF($G36="credit",TechnicalInputs!$D$21,IF($G36="debit",TechnicalInputs!$D$23,IF($G36="eft",TechnicalInputs!$D$25)))+IF(TransactionCosts!$C36="online",TechnicalInputs!$D$28,TechnicalInputs!$D$27))*$E36 -> 4 | ... BC36: =(AH36*IF($G36="credit",TechnicalInputs!$D$22,IF($G36="Debit",TechnicalInputs!$D$24,IF($G36="EFT",TechnicalInputs!$D$26,0)))+IF($G36="credit",TechnicalInputs!$D$21,IF($G36="debit",TechnicalInputs!$D$23,IF($G36="eft",TechnicalInputs!$D$25)))+IF(TransactionCosts!$C36="online",TechnicalInputs!$D$28,TechnicalInputs!$D$27))*$E36 -> 4 | BD36: =IF(P$9=0,0,P$7*$I36) -> 0 | BE36: =IF(Q$9=0,0,Q$7*$I36) -> 0 | BF36: =IF(R$9=0,0,R$7*$I36) -> 0 | BG36: =IF(S$9=0,0,S$7*$I36) -> 0 | BH36: =IF(T$9=0,0,T$7*$I36) -> 0 | BI36: =IF(U$9=0,0,U$7*$I36) -> 0 | BJ36: =IF(V$9=0,0,V$7*$I36) -> 0 | BK36: =IF(W$9=0,0,W$7*$I36) -> 0 | ... BX36: =IF(AJ$9=0,0,AJ$7*$I36) -> 0 | BY36: =AI36*BD36 -> 0 | BZ36: =AJ36*BE36 -> 0 | CA36: =AK36*BF36 -> 0 | CB36: =AL36*BG36 -> 0 | CC36: =AM36*BH36 -> 0 | CD36: =AN36*BI36 -> 0 | CE36: =AO36*BJ36 -> 0 | CF36: =AP36*BK36 -> 0 | ... CS36: =BC36*BX36 -> 0 | CT36: =BD36*$L36 -> 0 | CU36: =BE36*$L36 -> 0 | CV36: =BF36*$L36 -> 0 | CW36: =BG36*$L36 -> 0 | CX36: =BH36*$L36 -> 0 | CY36: =BI36*$L36 -> 0 | CZ36: =BJ36*$L36 -> 0 | DA36: =BK36*$L36 -> 0 | ... DN36: =BX36*$L36 -> 0 | DR36: =DR35+1 -> 2015 | DS36: {=TRANSPOSE(BD70:BX70)} -> 0 | DT36: =DS36*($C$8+$C$9) -> 0 | DU36: {=TRANSPOSE(BD71:BX71)} -> 0 | DV36: =DU36-DU35 -> 0 | DW36: {=TRANSPOSE(BD72:BX72)} -> 0 | DY36: =DT36*TechnicalInputs!$B$144*TechnicalInputs!$B$134+TechnicalInputs!$B$135*TechnicalInputs!$B$145*TransactionCosts!DU36+TransactionCosts!DW36*TechnicalInputs!$B$136*TechnicalInputs!$B$146 -> 0 | DZ36: =DY36/2000 -> 0 | EA36: =DZ36*TechnicalInputs!$B$90*TechnicalInputs!$D$5 -> 0 | EB36: =DT36*TechnicalInputs!$B$139*TechnicalInputs!$B$144+TechnicalInputs!$B$140*TechnicalInputs!$B$145*TransactionCosts!DU36+TransactionCosts!DW36*TechnicalInputs!$B$141*TechnicalInputs!$B$146 -> 0 | EC36: =EA36+EB36 -> 0
A37: Odometer | B37: =LOOKUP(A37,$A$2:$A$4,$B$2:$B$4) -> 0.25 | C37: Agency | D37: =LOOKUP(C37,$B$7:$B$9,$C$7:$C$9) -> 0.3 | E37: 1 | F37: =LOOKUP(E37,$C$14:$C$16,$D$14:$D$16) -> 1 | G37: Cash | H37: 0.25 | I37: =B37*D37*F37*H37 -> 0.01875 | J37: =TechnicalInputs!$D$29 -> 10 | K37: =TechnicalInputs!$D$32 -> 1 | L37: =J37+K37 -> 11 | N37: =P$10/$E37 -> 0 | O37: =Q$10/$E37 -> 0 | P37: =R$10/$E37 -> 0 | Q37: =S$10/$E37 -> 0 | R37: =T$10/$E37 -> 0 | S37: =U$10/$E37 -> 0 | T37: =V$10/$E37 -> 0 | U37: =W$10/$E37 -> 0 | ... AH37: =AJ$10/$E37 -> 0 | AI37: =(N37*IF($G37="credit",TechnicalInputs!$D$22,IF($G37="Debit",TechnicalInputs!$D$24,IF($G37="EFT",TechnicalInputs!$D$26,0)))+IF($G37="credit",TechnicalInputs!$D$21,IF($G37="debit",TechnicalInputs!$D$23,IF($G37="eft",TechnicalInputs!$D$25)))+IF(TransactionCosts!$C37="online",TechnicalInputs!$D$28,TechnicalInputs!$D$27))*$E37 -> 0.9 | AJ37: =(O37*IF($G37="credit",TechnicalInputs!$D$22,IF($G37="Debit",TechnicalInputs!$D$24,IF($G37="EFT",TechnicalInputs!$D$26,0)))+IF($G37="credit",TechnicalInputs!$D$21,IF($G37="debit",TechnicalInputs!$D$23,IF($G37="eft",TechnicalInputs!$D$25)))+IF(TransactionCosts!$C37="online",TechnicalInputs!$D$28,TechnicalInputs!$D$27))*$E37 -> 0.9 | AK37: =(P37*IF($G37="credit",TechnicalInputs!$D$22,IF($G37="Debit",TechnicalInputs!$D$24,IF($G37="EFT",TechnicalInputs!$D$26,0)))+IF($G37="credit",TechnicalInputs!$D$21,IF($G37="debit",TechnicalInputs!$D$23,IF($G37="eft",TechnicalInputs!$D$25)))+IF(TransactionCosts!$C37="online",TechnicalInputs!$D$28,TechnicalInputs!$D$27))*$E37 -> 0.9 | AL37: =(Q37*IF($G37="credit",TechnicalInputs!$D$22,IF($G37="Debit",TechnicalInputs!$D$24,IF($G37="EFT",TechnicalInputs!$D$26,0)))+IF($G37="credit",TechnicalInputs!$D$21,IF($G37="debit",TechnicalInputs!$D$23,IF($G37="eft",TechnicalInputs!$D$25)))+IF(TransactionCosts!$C37="online",TechnicalInputs!$D$28,TechnicalInputs!$D$27))*$E37 -> 0.9 | AM37: =(R37*IF($G37="credit",TechnicalInputs!$D$22,IF($G37="Debit",TechnicalInputs!$D$24,IF($G37="EFT",TechnicalInputs!$D$26,0)))+IF($G37="credit",TechnicalInputs!$D$21,IF($G37="debit",TechnicalInputs!$D$23,IF($G37="eft",TechnicalInputs!$D$25)))+IF(TransactionCosts!$C37="online",TechnicalInputs!$D$28,TechnicalInputs!$D$27))*$E37 -> 0.9 | AN37: =(S37*IF($G37="credit",TechnicalInputs!$D$22,IF($G37="Debit",TechnicalInputs!$D$24,IF($G37="EFT",TechnicalInputs!$D$26,0)))+IF($G37="credit",TechnicalInputs!$D$21,IF($G37="debit",TechnicalInputs!$D$23,IF($G37="eft",TechnicalInputs!$D$25)))+IF(TransactionCosts!$C37="online",TechnicalInputs!$D$28,TechnicalInputs!$D$27))*$E37 -> 0.9 | AO37: =(T37*IF($G37="credit",TechnicalInputs!$D$22,IF($G37="Debit",TechnicalInputs!$D$24,IF($G37="EFT",TechnicalInputs!$D$26,0)))+IF($G37="credit",TechnicalInputs!$D$21,IF($G37="debit",TechnicalInputs!$D$23,IF($G37="eft",TechnicalInputs!$D$25)))+IF(TransactionCosts!$C37="online",TechnicalInputs!$D$28,TechnicalInputs!$D$27))*$E37 -> 0.9 | AP37: =(U37*IF($G37="credit",TechnicalInputs!$D$22,IF($G37="Debit",TechnicalInputs!$D$24,IF($G37="EFT",TechnicalInputs!$D$26,0)))+IF($G37="credit",TechnicalInputs!$D$21,IF($G37="debit",TechnicalInputs!$D$23,IF($G37="eft",TechnicalInputs!$D$25)))+IF(TransactionCosts!$C37="online",TechnicalInputs!$D$28,TechnicalInputs!$D$27))*$E37 -> 0.9 | ... BC37: =(AH37*IF($G37="credit",TechnicalInputs!$D$22,IF($G37="Debit",TechnicalInputs!$D$24,IF($G37="EFT",TechnicalInputs!$D$26,0)))+IF($G37="credit",TechnicalInputs!$D$21,IF($G37="debit",TechnicalInputs!$D$23,IF($G37="eft",TechnicalInputs!$D$25)))+IF(TransactionCosts!$C37="online",TechnicalInputs!$D$28,TechnicalInputs!$D$27))*$E37 -> 0.9 | BD37: =IF(P$9=0,0,P$7*$I37) -> 0 | BE37: =IF(Q$9=0,0,Q$7*$I37) -> 0 | BF37: =IF(R$9=0,0,R$7*$I37) -> 0 | BG37: =IF(S$9=0,0,S$7*$I37) -> 0 | BH37: =IF(T$9=0,0,T$7*$I37) -> 0 | BI37: =IF(U$9=0,0,U$7*$I37) -> 0 | BJ37: =IF(V$9=0,0,V$7*$I37) -> 0 | BK37: =IF(W$9=0,0,W$7*$I37) -> 0 | ... BX37: =IF(AJ$9=0,0,AJ$7*$I37) -> 0 | BY37: =AI37*BD37 -> 0 | BZ37: =AJ37*BE37 -> 0 | CA37: =AK37*BF37 -> 0 | CB37: =AL37*BG37 -> 0 | CC37: =AM37*BH37 -> 0 | CD37: =AN37*BI37 -> 0 | CE37: =AO37*BJ37 -> 0 | CF37: =AP37*BK37 -> 0 | ... CS37: =BC37*BX37 -> 0 | CT37: =BD37*$L37 -> 0 | CU37: =BE37*$L37 -> 0 | CV37: =BF37*$L37 -> 0 | CW37: =BG37*$L37 -> 0 | CX37: =BH37*$L37 -> 0 | CY37: =BI37*$L37 -> 0 | CZ37: =BJ37*$L37 -> 0 | DA37: =BK37*$L37 -> 0 | ... DN37: =BX37*$L37 -> 0 | DR37: =DR36+1 -> 2016 | DS37: 0 | DT37: =DS37*($C$8+$C$9) -> 0 | DU37: 0 | DV37: =DU37-DU36 -> 0 | DW37: 0 | DY37: =DT37*TechnicalInputs!$B$144*TechnicalInputs!$B$134+TechnicalInputs!$B$135*TechnicalInputs!$B$145*TransactionCosts!DU37+TransactionCosts!DW37*TechnicalInputs!$B$136*TechnicalInputs!$B$146 -> 0 | DZ37: =DY37/2000 -> 0 | EA37: =DZ37*TechnicalInputs!$B$90*TechnicalInputs!$D$5 -> 0 | EB37: =DT37*TechnicalInputs!$B$139*TechnicalInputs!$B$144+TechnicalInputs!$B$140*TechnicalInputs!$B$145*TransactionCosts!DU37+TransactionCosts!DW37*TechnicalInputs!$B$141*TechnicalInputs!$B$146 -> 0 | EC37: =EA37+EB37 -> 0
A38: Odometer | B38: =LOOKUP(A38,$A$2:$A$4,$B$2:$B$4) -> 0.25 | C38: Agency | D38: =LOOKUP(C38,$B$7:$B$9,$C$7:$C$9) -> 0.3 | E38: 2 | F38: =LOOKUP(E38,$C$14:$C$16,$D$14:$D$16) -> 0 | G38: Cash | H38: 0.25 | I38: =B38*D38*F38*H38 -> 0 | J38: =TechnicalInputs!$D$29 -> 10 | K38: =TechnicalInputs!$D$32 -> 1 | L38: =J38+K38 -> 11 | N38: =P$10/$E38 -> 0 | O38: =Q$10/$E38 -> 0 | P38: =R$10/$E38 -> 0 | Q38: =S$10/$E38 -> 0 | R38: =T$10/$E38 -> 0 | S38: =U$10/$E38 -> 0 | T38: =V$10/$E38 -> 0 | U38: =W$10/$E38 -> 0 | ... AH38: =AJ$10/$E38 -> 0 | AI38: =(N38*IF($G38="credit",TechnicalInputs!$D$22,IF($G38="Debit",TechnicalInputs!$D$24,IF($G38="EFT",TechnicalInputs!$D$26,0)))+IF($G38="credit",TechnicalInputs!$D$21,IF($G38="debit",TechnicalInputs!$D$23,IF($G38="eft",TechnicalInputs!$D$25)))+IF(TransactionCosts!$C38="online",TechnicalInputs!$D$28,TechnicalInputs!$D$27))*$E38 -> 1.8 | AJ38: =(O38*IF($G38="credit",TechnicalInputs!$D$22,IF($G38="Debit",TechnicalInputs!$D$24,IF($G38="EFT",TechnicalInputs!$D$26,0)))+IF($G38="credit",TechnicalInputs!$D$21,IF($G38="debit",TechnicalInputs!$D$23,IF($G38="eft",TechnicalInputs!$D$25)))+IF(TransactionCosts!$C38="online",TechnicalInputs!$D$28,TechnicalInputs!$D$27))*$E38 -> 1.8 | AK38: =(P38*IF($G38="credit",TechnicalInputs!$D$22,IF($G38="Debit",TechnicalInputs!$D$24,IF($G38="EFT",TechnicalInputs!$D$26,0)))+IF($G38="credit",TechnicalInputs!$D$21,IF($G38="debit",TechnicalInputs!$D$23,IF($G38="eft",TechnicalInputs!$D$25)))+IF(TransactionCosts!$C38="online",TechnicalInputs!$D$28,TechnicalInputs!$D$27))*$E38 -> 1.8 | AL38: =(Q38*IF($G38="credit",TechnicalInputs!$D$22,IF($G38="Debit",TechnicalInputs!$D$24,IF($G38="EFT",TechnicalInputs!$D$26,0)))+IF($G38="credit",TechnicalInputs!$D$21,IF($G38="debit",TechnicalInputs!$D$23,IF($G38="eft",TechnicalInputs!$D$25)))+IF(TransactionCosts!$C38="online",TechnicalInputs!$D$28,TechnicalInputs!$D$27))*$E38 -> 1.8 | AM38: =(R38*IF($G38="credit",TechnicalInputs!$D$22,IF($G38="Debit",TechnicalInputs!$D$24,IF($G38="EFT",TechnicalInputs!$D$26,0)))+IF($G38="credit",TechnicalInputs!$D$21,IF($G38="debit",TechnicalInputs!$D$23,IF($G38="eft",TechnicalInputs!$D$25)))+IF(TransactionCosts!$C38="online",TechnicalInputs!$D$28,TechnicalInputs!$D$27))*$E38 -> 1.8 | AN38: =(S38*IF($G38="credit",TechnicalInputs!$D$22,IF($G38="Debit",TechnicalInputs!$D$24,IF($G38="EFT",TechnicalInputs!$D$26,0)))+IF($G38="credit",TechnicalInputs!$D$21,IF($G38="debit",TechnicalInputs!$D$23,IF($G38="eft",TechnicalInputs!$D$25)))+IF(TransactionCosts!$C38="online",TechnicalInputs!$D$28,TechnicalInputs!$D$27))*$E38 -> 1.8 | AO38: =(T38*IF($G38="credit",TechnicalInputs!$D$22,IF($G38="Debit",TechnicalInputs!$D$24,IF($G38="EFT",TechnicalInputs!$D$26,0)))+IF($G38="credit",TechnicalInputs!$D$21,IF($G38="debit",TechnicalInputs!$D$23,IF($G38="eft",TechnicalInputs!$D$25)))+IF(TransactionCosts!$C38="online",TechnicalInputs!$D$28,TechnicalInputs!$D$27))*$E38 -> 1.8 | AP38: =(U38*IF($G38="credit",TechnicalInputs!$D$22,IF($G38="Debit",TechnicalInputs!$D$24,IF($G38="EFT",TechnicalInputs!$D$26,0)))+IF($G38="credit",TechnicalInputs!$D$21,IF($G38="debit",TechnicalInputs!$D$23,IF($G38="eft",TechnicalInputs!$D$25)))+IF(TransactionCosts!$C38="online",TechnicalInputs!$D$28,TechnicalInputs!$D$27))*$E38 -> 1.8 | ... BC38: =(AH38*IF($G38="credit",TechnicalInputs!$D$22,IF($G38="Debit",TechnicalInputs!$D$24,IF($G38="EFT",TechnicalInputs!$D$26,0)))+IF($G38="credit",TechnicalInputs!$D$21,IF($G38="debit",TechnicalInputs!$D$23,IF($G38="eft",TechnicalInputs!$D$25)))+IF(TransactionCosts!$C38="online",TechnicalInputs!$D$28,TechnicalInputs!$D$27))*$E38 -> 1.8 | BD38: =IF(P$9=0,0,P$7*$I38) -> 0 | BE38: =IF(Q$9=0,0,Q$7*$I38) -> 0 | BF38: =IF(R$9=0,0,R$7*$I38) -> 0 | BG38: =IF(S$9=0,0,S$7*$I38) -> 0 | BH38: =IF(T$9=0,0,T$7*$I38) -> 0 | BI38: =IF(U$9=0,0,U$7*$I38) -> 0 | BJ38: =IF(V$9=0,0,V$7*$I38) -> 0 | BK38: =IF(W$9=0,0,W$7*$I38) -> 0 | ... BX38: =IF(AJ$9=0,0,AJ$7*$I38) -> 0 | BY38: =AI38*BD38 -> 0 | BZ38: =AJ38*BE38 -> 0 | CA38: =AK38*BF38 -> 0 | CB38: =AL38*BG38 -> 0 | CC38: =AM38*BH38 -> 0 | CD38: =AN38*BI38 -> 0 | CE38: =AO38*BJ38 -> 0 | CF38: =AP38*BK38 -> 0 | ... CS38: =BC38*BX38 -> 0 | CT38: =BD38*$L38 -> 0 | CU38: =BE38*$L38 -> 0 | CV38: =BF38*$L38 -> 0 | CW38: =BG38*$L38 -> 0 | CX38: =BH38*$L38 -> 0 | CY38: =BI38*$L38 -> 0 | CZ38: =BJ38*$L38 -> 0 | DA38: =BK38*$L38 -> 0 | ... DN38: =BX38*$L38 -> 0 | DR38: =DR37+1 -> 2017 | DS38: 0 | DT38: =DS38*($C$8+$C$9) -> 0 | DU38: 0 | DV38: =DU38-DU37 -> 0 | DW38: 0 | DY38: =DT38*TechnicalInputs!$B$144*TechnicalInputs!$B$134+TechnicalInputs!$B$135*TechnicalInputs!$B$145*TransactionCosts!DU38+TransactionCosts!DW38*TechnicalInputs!$B$136*TechnicalInputs!$B$146 -> 0 | DZ38: =DY38/2000 -> 0 | EA38: =DZ38*TechnicalInputs!$B$90*TechnicalInputs!$D$5 -> 0 | EB38: =DT38*TechnicalInputs!$B$139*TechnicalInputs!$B$144+TechnicalInputs!$B$140*TechnicalInputs!$B$145*TransactionCosts!DU38+TransactionCosts!DW38*TechnicalInputs!$B$141*TechnicalInputs!$B$146 -> 0 | EC38: =EA38+EB38 -> 0
A39: Odometer | B39: =LOOKUP(A39,$A$2:$A$4,$B$2:$B$4) -> 0.25 | C39: Agency | D39: =LOOKUP(C39,$B$7:$B$9,$C$7:$C$9) -> 0.3 | E39: 4 | F39: =LOOKUP(E39,$C$14:$C$16,$D$14:$D$16) -> 0 | G39: Cash | H39: 0.25 | I39: =B39*D39*F39*H39 -> 0 | J39: =TechnicalInputs!$D$29 -> 10 | K39: =TechnicalInputs!$D$32 -> 1 | L39: =J39+K39 -> 11 | N39: =P$10/$E39 -> 0 | O39: =Q$10/$E39 -> 0 | P39: =R$10/$E39 -> 0 | Q39: =S$10/$E39 -> 0 | R39: =T$10/$E39 -> 0 | S39: =U$10/$E39 -> 0 | T39: =V$10/$E39 -> 0 | U39: =W$10/$E39 -> 0 | ... AH39: =AJ$10/$E39 -> 0 | AI39: =(N39*IF($G39="credit",TechnicalInputs!$D$22,IF($G39="Debit",TechnicalInputs!$D$24,IF($G39="EFT",TechnicalInputs!$D$26,0)))+IF($G39="credit",TechnicalInputs!$D$21,IF($G39="debit",TechnicalInputs!$D$23,IF($G39="eft",TechnicalInputs!$D$25)))+IF(TransactionCosts!$C39="online",TechnicalInputs!$D$28,TechnicalInputs!$D$27))*$E39 -> 3.6 | AJ39: =(O39*IF($G39="credit",TechnicalInputs!$D$22,IF($G39="Debit",TechnicalInputs!$D$24,IF($G39="EFT",TechnicalInputs!$D$26,0)))+IF($G39="credit",TechnicalInputs!$D$21,IF($G39="debit",TechnicalInputs!$D$23,IF($G39="eft",TechnicalInputs!$D$25)))+IF(TransactionCosts!$C39="online",TechnicalInputs!$D$28,TechnicalInputs!$D$27))*$E39 -> 3.6 | AK39: =(P39*IF($G39="credit",TechnicalInputs!$D$22,IF($G39="Debit",TechnicalInputs!$D$24,IF($G39="EFT",TechnicalInputs!$D$26,0)))+IF($G39="credit",TechnicalInputs!$D$21,IF($G39="debit",TechnicalInputs!$D$23,IF($G39="eft",TechnicalInputs!$D$25)))+IF(TransactionCosts!$C39="online",TechnicalInputs!$D$28,TechnicalInputs!$D$27))*$E39 -> 3.6 | AL39: =(Q39*IF($G39="credit",TechnicalInputs!$D$22,IF($G39="Debit",TechnicalInputs!$D$24,IF($G39="EFT",TechnicalInputs!$D$26,0)))+IF($G39="credit",TechnicalInputs!$D$21,IF($G39="debit",TechnicalInputs!$D$23,IF($G39="eft",TechnicalInputs!$D$25)))+IF(TransactionCosts!$C39="online",TechnicalInputs!$D$28,TechnicalInputs!$D$27))*$E39 -> 3.6 | AM39: =(R39*IF($G39="credit",TechnicalInputs!$D$22,IF($G39="Debit",TechnicalInputs!$D$24,IF($G39="EFT",TechnicalInputs!$D$26,0)))+IF($G39="credit",TechnicalInputs!$D$21,IF($G39="debit",TechnicalInputs!$D$23,IF($G39="eft",TechnicalInputs!$D$25)))+IF(TransactionCosts!$C39="online",TechnicalInputs!$D$28,TechnicalInputs!$D$27))*$E39 -> 3.6 | AN39: =(S39*IF($G39="credit",TechnicalInputs!$D$22,IF($G39="Debit",TechnicalInputs!$D$24,IF($G39="EFT",TechnicalInputs!$D$26,0)))+IF($G39="credit",TechnicalInputs!$D$21,IF($G39="debit",TechnicalInputs!$D$23,IF($G39="eft",TechnicalInputs!$D$25)))+IF(TransactionCosts!$C39="online",TechnicalInputs!$D$28,TechnicalInputs!$D$27))*$E39 -> 3.6 | AO39: =(T39*IF($G39="credit",TechnicalInputs!$D$22,IF($G39="Debit",TechnicalInputs!$D$24,IF($G39="EFT",TechnicalInputs!$D$26,0)))+IF($G39="credit",TechnicalInputs!$D$21,IF($G39="debit",TechnicalInputs!$D$23,IF($G39="eft",TechnicalInputs!$D$25)))+IF(TransactionCosts!$C39="online",TechnicalInputs!$D$28,TechnicalInputs!$D$27))*$E39 -> 3.6 | AP39: =(U39*IF($G39="credit",TechnicalInputs!$D$22,IF($G39="Debit",TechnicalInputs!$D$24,IF($G39="EFT",TechnicalInputs!$D$26,0)))+IF($G39="credit",TechnicalInputs!$D$21,IF($G39="debit",TechnicalInputs!$D$23,IF($G39="eft",TechnicalInputs!$D$25)))+IF(TransactionCosts!$C39="online",TechnicalInputs!$D$28,TechnicalInputs!$D$27))*$E39 -> 3.6 | ... BC39: =(AH39*IF($G39="credit",TechnicalInputs!$D$22,IF($G39="Debit",TechnicalInputs!$D$24,IF($G39="EFT",TechnicalInputs!$D$26,0)))+IF($G39="credit",TechnicalInputs!$D$21,IF($G39="debit",TechnicalInputs!$D$23,IF($G39="eft",TechnicalInputs!$D$25)))+IF(TransactionCosts!$C39="online",TechnicalInputs!$D$28,TechnicalInputs!$D$27))*$E39 -> 3.6 | BD39: =IF(P$9=0,0,P$7*$I39) -> 0 | BE39: =IF(Q$9=0,0,Q$7*$I39) -> 0 | BF39: =IF(R$9=0,0,R$7*$I39) -> 0 | BG39: =IF(S$9=0,0,S$7*$I39) -> 0 | BH39: =IF(T$9=0,0,T$7*$I39) -> 0 | BI39: =IF(U$9=0,0,U$7*$I39) -> 0 | BJ39: =IF(V$9=0,0,V$7*$I39) -> 0 | BK39: =IF(W$9=0,0,W$7*$I39) -> 0 | ... BX39: =IF(AJ$9=0,0,AJ$7*$I39) -> 0 | BY39: =AI39*BD39 -> 0 | BZ39: =AJ39*BE39 -> 0 | CA39: =AK39*BF39 -> 0 | CB39: =AL39*BG39 -> 0 | CC39: =AM39*BH39 -> 0 | CD39: =AN39*BI39 -> 0 | CE39: =AO39*BJ39 -> 0 | CF39: =AP39*BK39 -> 0 | ... CS39: =BC39*BX39 -> 0 | CT39: =BD39*$L39 -> 0 | CU39: =BE39*$L39 -> 0 | CV39: =BF39*$L39 -> 0 | CW39: =BG39*$L39 -> 0 | CX39: =BH39*$L39 -> 0 | CY39: =BI39*$L39 -> 0 | CZ39: =BJ39*$L39 -> 0 | DA39: =BK39*$L39 -> 0 | ... DN39: =BX39*$L39 -> 0 | DR39: =DR38+1 -> 2018 | DS39: 0 | DT39: =DS39*($C$8+$C$9) -> 0 | DU39: 0 | DV39: =DU39-DU38 -> 0 | DW39: 0 | DY39: =DT39*TechnicalInputs!$B$144*TechnicalInputs!$B$134+TechnicalInputs!$B$135*TechnicalInputs!$B$145*TransactionCosts!DU39+TransactionCosts!DW39*TechnicalInputs!$B$136*TechnicalInputs!$B$146 -> 0 | DZ39: =DY39/2000 -> 0 | EA39: =DZ39*TechnicalInputs!$B$90*TechnicalInputs!$D$5 -> 0 | EB39: =DT39*TechnicalInputs!$B$139*TechnicalInputs!$B$144+TechnicalInputs!$B$140*TechnicalInputs!$B$145*TransactionCosts!DU39+TransactionCosts!DW39*TechnicalInputs!$B$141*TechnicalInputs!$B$146 -> 0 | EC39: =EA39+EB39 -> 0
A40: Odometer | B40: =LOOKUP(A40,$A$2:$A$4,$B$2:$B$4) -> 0.25 | C40: Agency | D40: =LOOKUP(C40,$B$7:$B$9,$C$7:$C$9) -> 0.3 | E40: 1 | F40: =LOOKUP(E40,$C$14:$C$16,$D$14:$D$16) -> 1 | G40: Check | H40: 0.25 | I40: =B40*D40*F40*H40 -> 0.01875 | J40: =TechnicalInputs!$D$29 -> 10 | K40: =TechnicalInputs!$D$32 -> 1 | L40: =J40+K40 -> 11 | N40: =P$10/$E40 -> 0 | O40: =Q$10/$E40 -> 0 | P40: =R$10/$E40 -> 0 | Q40: =S$10/$E40 -> 0 | R40: =T$10/$E40 -> 0 | S40: =U$10/$E40 -> 0 | T40: =V$10/$E40 -> 0 | U40: =W$10/$E40 -> 0 | ... AH40: =AJ$10/$E40 -> 0 | AI40: =(N40*IF($G40="credit",TechnicalInputs!$D$22,IF($G40="Debit",TechnicalInputs!$D$24,IF($G40="EFT",TechnicalInputs!$D$26,0)))+IF($G40="credit",TechnicalInputs!$D$21,IF($G40="debit",TechnicalInputs!$D$23,IF($G40="eft",TechnicalInputs!$D$25)))+IF(TransactionCosts!$C40="online",TechnicalInputs!$D$28,TechnicalInputs!$D$27))*$E40 -> 0.9 | AJ40: =(O40*IF($G40="credit",TechnicalInputs!$D$22,IF($G40="Debit",TechnicalInputs!$D$24,IF($G40="EFT",TechnicalInputs!$D$26,0)))+IF($G40="credit",TechnicalInputs!$D$21,IF($G40="debit",TechnicalInputs!$D$23,IF($G40="eft",TechnicalInputs!$D$25)))+IF(TransactionCosts!$C40="online",TechnicalInputs!$D$28,TechnicalInputs!$D$27))*$E40 -> 0.9 | AK40: =(P40*IF($G40="credit",TechnicalInputs!$D$22,IF($G40="Debit",TechnicalInputs!$D$24,IF($G40="EFT",TechnicalInputs!$D$26,0)))+IF($G40="credit",TechnicalInputs!$D$21,IF($G40="debit",TechnicalInputs!$D$23,IF($G40="eft",TechnicalInputs!$D$25)))+IF(TransactionCosts!$C40="online",TechnicalInputs!$D$28,TechnicalInputs!$D$27))*$E40 -> 0.9 | AL40: =(Q40*IF($G40="credit",TechnicalInputs!$D$22,IF($G40="Debit",TechnicalInputs!$D$24,IF($G40="EFT",TechnicalInputs!$D$26,0)))+IF($G40="credit",TechnicalInputs!$D$21,IF($G40="debit",TechnicalInputs!$D$23,IF($G40="eft",TechnicalInputs!$D$25)))+IF(TransactionCosts!$C40="online",TechnicalInputs!$D$28,TechnicalInputs!$D$27))*$E40 -> 0.9 | AM40: =(R40*IF($G40="credit",TechnicalInputs!$D$22,IF($G40="Debit",TechnicalInputs!$D$24,IF($G40="EFT",TechnicalInputs!$D$26,0)))+IF($G40="credit",TechnicalInputs!$D$21,IF($G40="debit",TechnicalInputs!$D$23,IF($G40="eft",TechnicalInputs!$D$25)))+IF(TransactionCosts!$C40="online",TechnicalInputs!$D$28,TechnicalInputs!$D$27))*$E40 -> 0.9 | AN40: =(S40*IF($G40="credit",TechnicalInputs!$D$22,IF($G40="Debit",TechnicalInputs!$D$24,IF($G40="EFT",TechnicalInputs!$D$26,0)))+IF($G40="credit",TechnicalInputs!$D$21,IF($G40="debit",TechnicalInputs!$D$23,IF($G40="eft",TechnicalInputs!$D$25)))+IF(TransactionCosts!$C40="online",TechnicalInputs!$D$28,TechnicalInputs!$D$27))*$E40 -> 0.9 | AO40: =(T40*IF($G40="credit",TechnicalInputs!$D$22,IF($G40="Debit",TechnicalInputs!$D$24,IF($G40="EFT",TechnicalInputs!$D$26,0)))+IF($G40="credit",TechnicalInputs!$D$21,IF($G40="debit",TechnicalInputs!$D$23,IF($G40="eft",TechnicalInputs!$D$25)))+IF(TransactionCosts!$C40="online",TechnicalInputs!$D$28,TechnicalInputs!$D$27))*$E40 -> 0.9 | AP40: =(U40*IF($G40="credit",TechnicalInputs!$D$22,IF($G40="Debit",TechnicalInputs!$D$24,IF($G40="EFT",TechnicalInputs!$D$26,0)))+IF($G40="credit",TechnicalInputs!$D$21,IF($G40="debit",TechnicalInputs!$D$23,IF($G40="eft",TechnicalInputs!$D$25)))+IF(TransactionCosts!$C40="online",TechnicalInputs!$D$28,TechnicalInputs!$D$27))*$E40 -> 0.9 | ... BC40: =(AH40*IF($G40="credit",TechnicalInputs!$D$22,IF($G40="Debit",TechnicalInputs!$D$24,IF($G40="EFT",TechnicalInputs!$D$26,0)))+IF($G40="credit",TechnicalInputs!$D$21,IF($G40="debit",TechnicalInputs!$D$23,IF($G40="eft",TechnicalInputs!$D$25)))+IF(TransactionCosts!$C40="online",TechnicalInputs!$D$28,TechnicalInputs!$D$27))*$E40 -> 0.9 | BD40: =IF(P$9=0,0,P$7*$I40) -> 0 | BE40: =IF(Q$9=0,0,Q$7*$I40) -> 0 | BF40: =IF(R$9=0,0,R$7*$I40) -> 0 | BG40: =IF(S$9=0,0,S$7*$I40) -> 0 | BH40: =IF(T$9=0,0,T$7*$I40) -> 0 | BI40: =IF(U$9=0,0,U$7*$I40) -> 0 | BJ40: =IF(V$9=0,0,V$7*$I40) -> 0 | BK40: =IF(W$9=0,0,W$7*$I40) -> 0 | ... BX40: =IF(AJ$9=0,0,AJ$7*$I40) -> 0 | BY40: =AI40*BD40 -> 0 | BZ40: =AJ40*BE40 -> 0 | CA40: =AK40*BF40 -> 0 | CB40: =AL40*BG40 -> 0 | CC40: =AM40*BH40 -> 0 | CD40: =AN40*BI40 -> 0 | CE40: =AO40*BJ40 -> 0 | CF40: =AP40*BK40 -> 0 | ... CS40: =BC40*BX40 -> 0 | CT40: =BD40*$L40 -> 0 | CU40: =BE40*$L40 -> 0 | CV40: =BF40*$L40 -> 0 | CW40: =BG40*$L40 -> 0 | CX40: =BH40*$L40 -> 0 | CY40: =BI40*$L40 -> 0 | CZ40: =BJ40*$L40 -> 0 | DA40: =BK40*$L40 -> 0 | ... DN40: =BX40*$L40 -> 0 | DR40: =DR39+1 -> 2019 | DS40: 0 | DT40: =DS40*($C$8+$C$9) -> 0 | DU40: 0 | DV40: =DU40-DU39 -> 0 | DW40: 0 | DY40: =DT40*TechnicalInputs!$B$144*TechnicalInputs!$B$134+TechnicalInputs!$B$135*TechnicalInputs!$B$145*TransactionCosts!DU40+TransactionCosts!DW40*TechnicalInputs!$B$136*TechnicalInputs!$B$146 -> 0 | DZ40: =DY40/2000 -> 0 | EA40: =DZ40*TechnicalInputs!$B$90*TechnicalInputs!$D$5 -> 0 | EB40: =DT40*TechnicalInputs!$B$139*TechnicalInputs!$B$144+TechnicalInputs!$B$140*TechnicalInputs!$B$145*TransactionCosts!DU40+TransactionCosts!DW40*TechnicalInputs!$B$141*TechnicalInputs!$B$146 -> 0 | EC40: =EA40+EB40 -> 0
A41: Odometer | B41: =LOOKUP(A41,$A$2:$A$4,$B$2:$B$4) -> 0.25 | C41: Agency | D41: =LOOKUP(C41,$B$7:$B$9,$C$7:$C$9) -> 0.3 | E41: 2 | F41: =LOOKUP(E41,$C$14:$C$16,$D$14:$D$16) -> 0 | G41: Check | H41: 0.25 | I41: =B41*D41*F41*H41 -> 0 | J41: =TechnicalInputs!$D$29 -> 10 | K41: =TechnicalInputs!$D$32 -> 1 | L41: =J41+K41 -> 11 | N41: =P$10/$E41 -> 0 | O41: =Q$10/$E41 -> 0 | P41: =R$10/$E41 -> 0 | Q41: =S$10/$E41 -> 0 | R41: =T$10/$E41 -> 0 | S41: =U$10/$E41 -> 0 | T41: =V$10/$E41 -> 0 | U41: =W$10/$E41 -> 0 | ... AH41: =AJ$10/$E41 -> 0 | AI41: =(N41*IF($G41="credit",TechnicalInputs!$D$22,IF($G41="Debit",TechnicalInputs!$D$24,IF($G41="EFT",TechnicalInputs!$D$26,0)))+IF($G41="credit",TechnicalInputs!$D$21,IF($G41="debit",TechnicalInputs!$D$23,IF($G41="eft",TechnicalInputs!$D$25)))+IF(TransactionCosts!$C41="online",TechnicalInputs!$D$28,TechnicalInputs!$D$27))*$E41 -> 1.8 | AJ41: =(O41*IF($G41="credit",TechnicalInputs!$D$22,IF($G41="Debit",TechnicalInputs!$D$24,IF($G41="EFT",TechnicalInputs!$D$26,0)))+IF($G41="credit",TechnicalInputs!$D$21,IF($G41="debit",TechnicalInputs!$D$23,IF($G41="eft",TechnicalInputs!$D$25)))+IF(TransactionCosts!$C41="online",TechnicalInputs!$D$28,TechnicalInputs!$D$27))*$E41 -> 1.8 | AK41: =(P41*IF($G41="credit",TechnicalInputs!$D$22,IF($G41="Debit",TechnicalInputs!$D$24,IF($G41="EFT",TechnicalInputs!$D$26,0)))+IF($G41="credit",TechnicalInputs!$D$21,IF($G41="debit",TechnicalInputs!$D$23,IF($G41="eft",TechnicalInputs!$D$25)))+IF(TransactionCosts!$C41="online",TechnicalInputs!$D$28,TechnicalInputs!$D$27))*$E41 -> 1.8 | AL41: =(Q41*IF($G41="credit",TechnicalInputs!$D$22,IF($G41="Debit",TechnicalInputs!$D$24,IF($G41="EFT",TechnicalInputs!$D$26,0)))+IF($G41="credit",TechnicalInputs!$D$21,IF($G41="debit",TechnicalInputs!$D$23,IF($G41="eft",TechnicalInputs!$D$25)))+IF(TransactionCosts!$C41="online",TechnicalInputs!$D$28,TechnicalInputs!$D$27))*$E41 -> 1.8 | AM41: =(R41*IF($G41="credit",TechnicalInputs!$D$22,IF($G41="Debit",TechnicalInputs!$D$24,IF($G41="EFT",TechnicalInputs!$D$26,0)))+IF($G41="credit",TechnicalInputs!$D$21,IF($G41="debit",TechnicalInputs!$D$23,IF($G41="eft",TechnicalInputs!$D$25)))+IF(TransactionCosts!$C41="online",TechnicalInputs!$D$28,TechnicalInputs!$D$27))*$E41 -> 1.8 | AN41: =(S41*IF($G41="credit",TechnicalInputs!$D$22,IF($G41="Debit",TechnicalInputs!$D$24,IF($G41="EFT",TechnicalInputs!$D$26,0)))+IF($G41="credit",TechnicalInputs!$D$21,IF($G41="debit",TechnicalInputs!$D$23,IF($G41="eft",TechnicalInputs!$D$25)))+IF(TransactionCosts!$C41="online",TechnicalInputs!$D$28,TechnicalInputs!$D$27))*$E41 -> 1.8 | AO41: =(T41*IF($G41="credit",TechnicalInputs!$D$22,IF($G41="Debit",TechnicalInputs!$D$24,IF($G41="EFT",TechnicalInputs!$D$26,0)))+IF($G41="credit",TechnicalInputs!$D$21,IF($G41="debit",TechnicalInputs!$D$23,IF($G41="eft",TechnicalInputs!$D$25)))+IF(TransactionCosts!$C41="online",TechnicalInputs!$D$28,TechnicalInputs!$D$27))*$E41 -> 1.8 | AP41: =(U41*IF($G41="credit",TechnicalInputs!$D$22,IF($G41="Debit",TechnicalInputs!$D$24,IF($G41="EFT",TechnicalInputs!$D$26,0)))+IF($G41="credit",TechnicalInputs!$D$21,IF($G41="debit",TechnicalInputs!$D$23,IF($G41="eft",TechnicalInputs!$D$25)))+IF(TransactionCosts!$C41="online",TechnicalInputs!$D$28,TechnicalInputs!$D$27))*$E41 -> 1.8 | ... BC41: =(AH41*IF($G41="credit",TechnicalInputs!$D$22,IF($G41="Debit",TechnicalInputs!$D$24,IF($G41="EFT",TechnicalInputs!$D$26,0)))+IF($G41="credit",TechnicalInputs!$D$21,IF($G41="debit",TechnicalInputs!$D$23,IF($G41="eft",TechnicalInputs!$D$25)))+IF(TransactionCosts!$C41="online",TechnicalInputs!$D$28,TechnicalInputs!$D$27))*$E41 -> 1.8 | BD41: =IF(P$9=0,0,P$7*$I41) -> 0 | BE41: =IF(Q$9=0,0,Q$7*$I41) -> 0 | BF41: =IF(R$9=0,0,R$7*$I41) -> 0 | BG41: =IF(S$9=0,0,S$7*$I41) -> 0 | BH41: =IF(T$9=0,0,T$7*$I41) -> 0 | BI41: =IF(U$9=0,0,U$7*$I41) -> 0 | BJ41: =IF(V$9=0,0,V$7*$I41) -> 0 | BK41: =IF(W$9=0,0,W$7*$I41) -> 0 | ... BX41: =IF(AJ$9=0,0,AJ$7*$I41) -> 0 | BY41: =AI41*BD41 -> 0 | BZ41: =AJ41*BE41 -> 0 | CA41: =AK41*BF41 -> 0 | CB41: =AL41*BG41 -> 0 | CC41: =AM41*BH41 -> 0 | CD41: =AN41*BI41 -> 0 | CE41: =AO41*BJ41 -> 0 | CF41: =AP41*BK41 -> 0 | ... CS41: =BC41*BX41 -> 0 | CT41: =BD41*$L41 -> 0 | CU41: =BE41*$L41 -> 0 | CV41: =BF41*$L41 -> 0 | CW41: =BG41*$L41 -> 0 | CX41: =BH41*$L41 -> 0 | CY41: =BI41*$L41 -> 0 | CZ41: =BJ41*$L41 -> 0 | DA41: =BK41*$L41 -> 0 | ... DN41: =BX41*$L41 -> 0 | DR41: =DR40+1 -> 2020 | DS41: 0 | DT41: =DS41*($C$8+$C$9) -> 0 | DU41: 0 | DV41: =DU41-DU40 -> 0 | DW41: 0 | DY41: =DT41*TechnicalInputs!$B$144*TechnicalInputs!$B$134+TechnicalInputs!$B$135*TechnicalInputs!$B$145*TransactionCosts!DU41+TransactionCosts!DW41*TechnicalInputs!$B$136*TechnicalInputs!$B$146 -> 0 | DZ41: =DY41/2000 -> 0 | EA41: =DZ41*TechnicalInputs!$B$90*TechnicalInputs!$D$5 -> 0 | EB41: =DT41*TechnicalInputs!$B$139*TechnicalInputs!$B$144+TechnicalInputs!$B$140*TechnicalInputs!$B$145*TransactionCosts!DU41+TransactionCosts!DW41*TechnicalInputs!$B$141*TechnicalInputs!$B$146 -> 0 | EC41: =EA41+EB41 -> 0
A42: Odometer | B42: =LOOKUP(A42,$A$2:$A$4,$B$2:$B$4) -> 0.25 | C42: Agency | D42: =LOOKUP(C42,$B$7:$B$9,$C$7:$C$9) -> 0.3 | E42: 4 | F42: =LOOKUP(E42,$C$14:$C$16,$D$14:$D$16) -> 0 | G42: Check | H42: 0.25 | I42: =B42*D42*F42*H42 -> 0 | J42: =TechnicalInputs!$D$29 -> 10 | K42: =TechnicalInputs!$D$32 -> 1 | L42: =J42+K42 -> 11 | N42: =P$10/$E42 -> 0 | O42: =Q$10/$E42 -> 0 | P42: =R$10/$E42 -> 0 | Q42: =S$10/$E42 -> 0 | R42: =T$10/$E42 -> 0 | S42: =U$10/$E42 -> 0 | T42: =V$10/$E42 -> 0 | U42: =W$10/$E42 -> 0 | ... AH42: =AJ$10/$E42 -> 0 | AI42: =(N42*IF($G42="credit",TechnicalInputs!$D$22,IF($G42="Debit",TechnicalInputs!$D$24,IF($G42="EFT",TechnicalInputs!$D$26,0)))+IF($G42="credit",TechnicalInputs!$D$21,IF($G42="debit",TechnicalInputs!$D$23,IF($G42="eft",TechnicalInputs!$D$25)))+IF(TransactionCosts!$C42="online",TechnicalInputs!$D$28,TechnicalInputs!$D$27))*$E42 -> 3.6 | AJ42: =(O42*IF($G42="credit",TechnicalInputs!$D$22,IF($G42="Debit",TechnicalInputs!$D$24,IF($G42="EFT",TechnicalInputs!$D$26,0)))+IF($G42="credit",TechnicalInputs!$D$21,IF($G42="debit",TechnicalInputs!$D$23,IF($G42="eft",TechnicalInputs!$D$25)))+IF(TransactionCosts!$C42="online",TechnicalInputs!$D$28,TechnicalInputs!$D$27))*$E42 -> 3.6 | AK42: =(P42*IF($G42="credit",TechnicalInputs!$D$22,IF($G42="Debit",TechnicalInputs!$D$24,IF($G42="EFT",TechnicalInputs!$D$26,0)))+IF($G42="credit",TechnicalInputs!$D$21,IF($G42="debit",TechnicalInputs!$D$23,IF($G42="eft",TechnicalInputs!$D$25)))+IF(TransactionCosts!$C42="online",TechnicalInputs!$D$28,TechnicalInputs!$D$27))*$E42 -> 3.6 | AL42: =(Q42*IF($G42="credit",TechnicalInputs!$D$22,IF($G42="Debit",TechnicalInputs!$D$24,IF($G42="EFT",TechnicalInputs!$D$26,0)))+IF($G42="credit",TechnicalInputs!$D$21,IF($G42="debit",TechnicalInputs!$D$23,IF($G42="eft",TechnicalInputs!$D$25)))+IF(TransactionCosts!$C42="online",TechnicalInputs!$D$28,TechnicalInputs!$D$27))*$E42 -> 3.6 | AM42: =(R42*IF($G42="credit",TechnicalInputs!$D$22,IF($G42="Debit",TechnicalInputs!$D$24,IF($G42="EFT",TechnicalInputs!$D$26,0)))+IF($G42="credit",TechnicalInputs!$D$21,IF($G42="debit",TechnicalInputs!$D$23,IF($G42="eft",TechnicalInputs!$D$25)))+IF(TransactionCosts!$C42="online",TechnicalInputs!$D$28,TechnicalInputs!$D$27))*$E42 -> 3.6 | AN42: =(S42*IF($G42="credit",TechnicalInputs!$D$22,IF($G42="Debit",TechnicalInputs!$D$24,IF($G42="EFT",TechnicalInputs!$D$26,0)))+IF($G42="credit",TechnicalInputs!$D$21,IF($G42="debit",TechnicalInputs!$D$23,IF($G42="eft",TechnicalInputs!$D$25)))+IF(TransactionCosts!$C42="online",TechnicalInputs!$D$28,TechnicalInputs!$D$27))*$E42 -> 3.6 | AO42: =(T42*IF($G42="credit",TechnicalInputs!$D$22,IF($G42="Debit",TechnicalInputs!$D$24,IF($G42="EFT",TechnicalInputs!$D$26,0)))+IF($G42="credit",TechnicalInputs!$D$21,IF($G42="debit",TechnicalInputs!$D$23,IF($G42="eft",TechnicalInputs!$D$25)))+IF(TransactionCosts!$C42="online",TechnicalInputs!$D$28,TechnicalInputs!$D$27))*$E42 -> 3.6 | AP42: =(U42*IF($G42="credit",TechnicalInputs!$D$22,IF($G42="Debit",TechnicalInputs!$D$24,IF($G42="EFT",TechnicalInputs!$D$26,0)))+IF($G42="credit",TechnicalInputs!$D$21,IF($G42="debit",TechnicalInputs!$D$23,IF($G42="eft",TechnicalInputs!$D$25)))+IF(TransactionCosts!$C42="online",TechnicalInputs!$D$28,TechnicalInputs!$D$27))*$E42 -> 3.6 | ... BC42: =(AH42*IF($G42="credit",TechnicalInputs!$D$22,IF($G42="Debit",TechnicalInputs!$D$24,IF($G42="EFT",TechnicalInputs!$D$26,0)))+IF($G42="credit",TechnicalInputs!$D$21,IF($G42="debit",TechnicalInputs!$D$23,IF($G42="eft",TechnicalInputs!$D$25)))+IF(TransactionCosts!$C42="online",TechnicalInputs!$D$28,TechnicalInputs!$D$27))*$E42 -> 3.6 | BD42: =IF(P$9=0,0,P$7*$I42) -> 0 | BE42: =IF(Q$9=0,0,Q$7*$I42) -> 0 | BF42: =IF(R$9=0,0,R$7*$I42) -> 0 | BG42: =IF(S$9=0,0,S$7*$I42) -> 0 | BH42: =IF(T$9=0,0,T$7*$I42) -> 0 | BI42: =IF(U$9=0,0,U$7*$I42) -> 0 | BJ42: =IF(V$9=0,0,V$7*$I42) -> 0 | BK42: =IF(W$9=0,0,W$7*$I42) -> 0 | ... BX42: =IF(AJ$9=0,0,AJ$7*$I42) -> 0 | BY42: =AI42*BD42 -> 0 | BZ42: =AJ42*BE42 -> 0 | CA42: =AK42*BF42 -> 0 | CB42: =AL42*BG42 -> 0 | CC42: =AM42*BH42 -> 0 | CD42: =AN42*BI42 -> 0 | CE42: =AO42*BJ42 -> 0 | CF42: =AP42*BK42 -> 0 | ... CS42: =BC42*BX42 -> 0 | CT42: =BD42*$L42 -> 0 | CU42: =BE42*$L42 -> 0 | CV42: =BF42*$L42 -> 0 | CW42: =BG42*$L42 -> 0 | CX42: =BH42*$L42 -> 0 | CY42: =BI42*$L42 -> 0 | CZ42: =BJ42*$L42 -> 0 | DA42: =BK42*$L42 -> 0 | ... DN42: =BX42*$L42 -> 0 | DR42: =DR41+1 -> 2021 | DS42: 0 | DT42: =DS42*($C$8+$C$9) -> 0 | DU42: 0 | DV42: =DU42-DU41 -> 0 | DW42: 0 | DY42: =DT42*TechnicalInputs!$B$144*TechnicalInputs!$B$134+TechnicalInputs!$B$135*TechnicalInputs!$B$145*TransactionCosts!DU42+TransactionCosts!DW42*TechnicalInputs!$B$136*TechnicalInputs!$B$146 -> 0 | DZ42: =DY42/2000 -> 0 | EA42: =DZ42*TechnicalInputs!$B$90*TechnicalInputs!$D$5 -> 0 | EB42: =DT42*TechnicalInputs!$B$139*TechnicalInputs!$B$144+TechnicalInputs!$B$140*TechnicalInputs!$B$145*TransactionCosts!DU42+TransactionCosts!DW42*TechnicalInputs!$B$141*TechnicalInputs!$B$146 -> 0 | EC42: =EA42+EB42 -> 0
A43: Odometer | B43: =LOOKUP(A43,$A$2:$A$4,$B$2:$B$4) -> 0.25 | C43: Mail | D43: =LOOKUP(C43,$B$7:$B$9,$C$7:$C$9) -> 0.35 | E43: 1 | F43: =LOOKUP(E43,$C$17:$C$19,$D$17:$D$19) -> 0.4 | G43: Check | H43: 1 | I43: =B43*D43*F43*H43 -> 0.035 | J43: =TechnicalInputs!$D$30 -> 3 | K43: =TechnicalInputs!$D$33 -> 1 | L43: =J43+K43 -> 4 | N43: =P$10/$E43 -> 0 | O43: =Q$10/$E43 -> 0 | P43: =R$10/$E43 -> 0 | Q43: =S$10/$E43 -> 0 | R43: =T$10/$E43 -> 0 | S43: =U$10/$E43 -> 0 | T43: =V$10/$E43 -> 0 | U43: =W$10/$E43 -> 0 | ... AH43: =AJ$10/$E43 -> 0 | AI43: =(N43*IF($G43="credit",TechnicalInputs!$D$22,IF($G43="Debit",TechnicalInputs!$D$24,IF($G43="EFT",TechnicalInputs!$D$26,0)))+IF($G43="credit",TechnicalInputs!$D$21,IF($G43="debit",TechnicalInputs!$D$23,IF($G43="eft",TechnicalInputs!$D$25)))+IF(TransactionCosts!$C43="online",TechnicalInputs!$D$28,TechnicalInputs!$D$27))*$E43 -> 0.9 | AJ43: =(O43*IF($G43="credit",TechnicalInputs!$D$22,IF($G43="Debit",TechnicalInputs!$D$24,IF($G43="EFT",TechnicalInputs!$D$26,0)))+IF($G43="credit",TechnicalInputs!$D$21,IF($G43="debit",TechnicalInputs!$D$23,IF($G43="eft",TechnicalInputs!$D$25)))+IF(TransactionCosts!$C43="online",TechnicalInputs!$D$28,TechnicalInputs!$D$27))*$E43 -> 0.9 | AK43: =(P43*IF($G43="credit",TechnicalInputs!$D$22,IF($G43="Debit",TechnicalInputs!$D$24,IF($G43="EFT",TechnicalInputs!$D$26,0)))+IF($G43="credit",TechnicalInputs!$D$21,IF($G43="debit",TechnicalInputs!$D$23,IF($G43="eft",TechnicalInputs!$D$25)))+IF(TransactionCosts!$C43="online",TechnicalInputs!$D$28,TechnicalInputs!$D$27))*$E43 -> 0.9 | AL43: =(Q43*IF($G43="credit",TechnicalInputs!$D$22,IF($G43="Debit",TechnicalInputs!$D$24,IF($G43="EFT",TechnicalInputs!$D$26,0)))+IF($G43="credit",TechnicalInputs!$D$21,IF($G43="debit",TechnicalInputs!$D$23,IF($G43="eft",TechnicalInputs!$D$25)))+IF(TransactionCosts!$C43="online",TechnicalInputs!$D$28,TechnicalInputs!$D$27))*$E43 -> 0.9 | AM43: =(R43*IF($G43="credit",TechnicalInputs!$D$22,IF($G43="Debit",TechnicalInputs!$D$24,IF($G43="EFT",TechnicalInputs!$D$26,0)))+IF($G43="credit",TechnicalInputs!$D$21,IF($G43="debit",TechnicalInputs!$D$23,IF($G43="eft",TechnicalInputs!$D$25)))+IF(TransactionCosts!$C43="online",TechnicalInputs!$D$28,TechnicalInputs!$D$27))*$E43 -> 0.9 | AN43: =(S43*IF($G43="credit",TechnicalInputs!$D$22,IF($G43="Debit",TechnicalInputs!$D$24,IF($G43="EFT",TechnicalInputs!$D$26,0)))+IF($G43="credit",TechnicalInputs!$D$21,IF($G43="debit",TechnicalInputs!$D$23,IF($G43="eft",TechnicalInputs!$D$25)))+IF(TransactionCosts!$C43="online",TechnicalInputs!$D$28,TechnicalInputs!$D$27))*$E43 -> 0.9 | AO43: =(T43*IF($G43="credit",TechnicalInputs!$D$22,IF($G43="Debit",TechnicalInputs!$D$24,IF($G43="EFT",TechnicalInputs!$D$26,0)))+IF($G43="credit",TechnicalInputs!$D$21,IF($G43="debit",TechnicalInputs!$D$23,IF($G43="eft",TechnicalInputs!$D$25)))+IF(TransactionCosts!$C43="online",TechnicalInputs!$D$28,TechnicalInputs!$D$27))*$E43 -> 0.9 | AP43: =(U43*IF($G43="credit",TechnicalInputs!$D$22,IF($G43="Debit",TechnicalInputs!$D$24,IF($G43="EFT",TechnicalInputs!$D$26,0)))+IF($G43="credit",TechnicalInputs!$D$21,IF($G43="debit",TechnicalInputs!$D$23,IF($G43="eft",TechnicalInputs!$D$25)))+IF(TransactionCosts!$C43="online",TechnicalInputs!$D$28,TechnicalInputs!$D$27))*$E43 -> 0.9 | ... BC43: =(AH43*IF($G43="credit",TechnicalInputs!$D$22,IF($G43="Debit",TechnicalInputs!$D$24,IF($G43="EFT",TechnicalInputs!$D$26,0)))+IF($G43="credit",TechnicalInputs!$D$21,IF($G43="debit",TechnicalInputs!$D$23,IF($G43="eft",TechnicalInputs!$D$25)))+IF(TransactionCosts!$C43="online",TechnicalInputs!$D$28,TechnicalInputs!$D$27))*$E43 -> 0.9 | BD43: =IF(P$9=0,0,P$7*$I43) -> 0 | BE43: =IF(Q$9=0,0,Q$7*$I43) -> 0 | BF43: =IF(R$9=0,0,R$7*$I43) -> 0 | BG43: =IF(S$9=0,0,S$7*$I43) -> 0 | BH43: =IF(T$9=0,0,T$7*$I43) -> 0 | BI43: =IF(U$9=0,0,U$7*$I43) -> 0 | BJ43: =IF(V$9=0,0,V$7*$I43) -> 0 | BK43: =IF(W$9=0,0,W$7*$I43) -> 0 | ... BX43: =IF(AJ$9=0,0,AJ$7*$I43) -> 0 | BY43: =AI43*BD43 -> 0 | BZ43: =AJ43*BE43 -> 0 | CA43: =AK43*BF43 -> 0 | CB43: =AL43*BG43 -> 0 | CC43: =AM43*BH43 -> 0 | CD43: =AN43*BI43 -> 0 | CE43: =AO43*BJ43 -> 0 | CF43: =AP43*BK43 -> 0 | ... CS43: =BC43*BX43 -> 0 | CT43: =BD43*$L43 -> 0 | CU43: =BE43*$L43 -> 0 | CV43: =BF43*$L43 -> 0 | CW43: =BG43*$L43 -> 0 | CX43: =BH43*$L43 -> 0 | CY43: =BI43*$L43 -> 0 | CZ43: =BJ43*$L43 -> 0 | DA43: =BK43*$L43 -> 0 | ... DN43: =BX43*$L43 -> 0 | DR43: =DR42+1 -> 2022 | DS43: 0 | DT43: =DS43*($C$8+$C$9) -> 0 | DU43: 0 | DV43: =DU43-DU42 -> 0 | DW43: 0 | DY43: =DT43*TechnicalInputs!$B$144*TechnicalInputs!$B$134+TechnicalInputs!$B$135*TechnicalInputs!$B$145*TransactionCosts!DU43+TransactionCosts!DW43*TechnicalInputs!$B$136*TechnicalInputs!$B$146 -> 0 | DZ43: =DY43/2000 -> 0 | EA43: =DZ43*TechnicalInputs!$B$90*TechnicalInputs!$D$5 -> 0 | EB43: =DT43*TechnicalInputs!$B$139*TechnicalInputs!$B$144+TechnicalInputs!$B$140*TechnicalInputs!$B$145*TransactionCosts!DU43+TransactionCosts!DW43*TechnicalInputs!$B$141*TechnicalInputs!$B$146 -> 0 | EC43: =EA43+EB43 -> 0
A44: Odometer | B44: =LOOKUP(A44,$A$2:$A$4,$B$2:$B$4) -> 0.25 | C44: Mail | D44: =LOOKUP(C44,$B$7:$B$9,$C$7:$C$9) -> 0.35 | E44: 2 | F44: =LOOKUP(E44,$C$17:$C$19,$D$17:$D$19) -> 0.4 | G44: Check | H44: 1 | I44: =B44*D44*F44*H44 -> 0.035 | J44: =TechnicalInputs!$D$30 -> 3 | K44: =TechnicalInputs!$D$33 -> 1 | L44: =J44+K44 -> 4 | N44: =P$10/$E44 -> 0 | O44: =Q$10/$E44 -> 0 | P44: =R$10/$E44 -> 0 | Q44: =S$10/$E44 -> 0 | R44: =T$10/$E44 -> 0 | S44: =U$10/$E44 -> 0 | T44: =V$10/$E44 -> 0 | U44: =W$10/$E44 -> 0 | ... AH44: =AJ$10/$E44 -> 0 | AI44: =(N44*IF($G44="credit",TechnicalInputs!$D$22,IF($G44="Debit",TechnicalInputs!$D$24,IF($G44="EFT",TechnicalInputs!$D$26,0)))+IF($G44="credit",TechnicalInputs!$D$21,IF($G44="debit",TechnicalInputs!$D$23,IF($G44="eft",TechnicalInputs!$D$25)))+IF(TransactionCosts!$C44="online",TechnicalInputs!$D$28,TechnicalInputs!$D$27))*$E44 -> 1.8 | AJ44: =(O44*IF($G44="credit",TechnicalInputs!$D$22,IF($G44="Debit",TechnicalInputs!$D$24,IF($G44="EFT",TechnicalInputs!$D$26,0)))+IF($G44="credit",TechnicalInputs!$D$21,IF($G44="debit",TechnicalInputs!$D$23,IF($G44="eft",TechnicalInputs!$D$25)))+IF(TransactionCosts!$C44="online",TechnicalInputs!$D$28,TechnicalInputs!$D$27))*$E44 -> 1.8 | AK44: =(P44*IF($G44="credit",TechnicalInputs!$D$22,IF($G44="Debit",TechnicalInputs!$D$24,IF($G44="EFT",TechnicalInputs!$D$26,0)))+IF($G44="credit",TechnicalInputs!$D$21,IF($G44="debit",TechnicalInputs!$D$23,IF($G44="eft",TechnicalInputs!$D$25)))+IF(TransactionCosts!$C44="online",TechnicalInputs!$D$28,TechnicalInputs!$D$27))*$E44 -> 1.8 | AL44: =(Q44*IF($G44="credit",TechnicalInputs!$D$22,IF($G44="Debit",TechnicalInputs!$D$24,IF($G44="EFT",TechnicalInputs!$D$26,0)))+IF($G44="credit",TechnicalInputs!$D$21,IF($G44="debit",TechnicalInputs!$D$23,IF($G44="eft",TechnicalInputs!$D$25)))+IF(TransactionCosts!$C44="online",TechnicalInputs!$D$28,TechnicalInputs!$D$27))*$E44 -> 1.8 | AM44: =(R44*IF($G44="credit",TechnicalInputs!$D$22,IF($G44="Debit",TechnicalInputs!$D$24,IF($G44="EFT",TechnicalInputs!$D$26,0)))+IF($G44="credit",TechnicalInputs!$D$21,IF($G44="debit",TechnicalInputs!$D$23,IF($G44="eft",TechnicalInputs!$D$25)))+IF(TransactionCosts!$C44="online",TechnicalInputs!$D$28,TechnicalInputs!$D$27))*$E44 -> 1.8 | AN44: =(S44*IF($G44="credit",TechnicalInputs!$D$22,IF($G44="Debit",TechnicalInputs!$D$24,IF($G44="EFT",TechnicalInputs!$D$26,0)))+IF($G44="credit",TechnicalInputs!$D$21,IF($G44="debit",TechnicalInputs!$D$23,IF($G44="eft",TechnicalInputs!$D$25)))+IF(TransactionCosts!$C44="online",TechnicalInputs!$D$28,TechnicalInputs!$D$27))*$E44 -> 1.8 | AO44: =(T44*IF($G44="credit",TechnicalInputs!$D$22,IF($G44="Debit",TechnicalInputs!$D$24,IF($G44="EFT",TechnicalInputs!$D$26,0)))+IF($G44="credit",TechnicalInputs!$D$21,IF($G44="debit",TechnicalInputs!$D$23,IF($G44="eft",TechnicalInputs!$D$25)))+IF(TransactionCosts!$C44="online",TechnicalInputs!$D$28,TechnicalInputs!$D$27))*$E44 -> 1.8 | AP44: =(U44*IF($G44="credit",TechnicalInputs!$D$22,IF($G44="Debit",TechnicalInputs!$D$24,IF($G44="EFT",TechnicalInputs!$D$26,0)))+IF($G44="credit",TechnicalInputs!$D$21,IF($G44="debit",TechnicalInputs!$D$23,IF($G44="eft",TechnicalInputs!$D$25)))+IF(TransactionCosts!$C44="online",TechnicalInputs!$D$28,TechnicalInputs!$D$27))*$E44 -> 1.8 | ... BC44: =(AH44*IF($G44="credit",TechnicalInputs!$D$22,IF($G44="Debit",TechnicalInputs!$D$24,IF($G44="EFT",TechnicalInputs!$D$26,0)))+IF($G44="credit",TechnicalInputs!$D$21,IF($G44="debit",TechnicalInputs!$D$23,IF($G44="eft",TechnicalInputs!$D$25)))+IF(TransactionCosts!$C44="online",TechnicalInputs!$D$28,TechnicalInputs!$D$27))*$E44 -> 1.8 | BD44: =IF(P$9=0,0,P$7*$I44) -> 0 | BE44: =IF(Q$9=0,0,Q$7*$I44) -> 0 | BF44: =IF(R$9=0,0,R$7*$I44) -> 0 | BG44: =IF(S$9=0,0,S$7*$I44) -> 0 | BH44: =IF(T$9=0,0,T$7*$I44) -> 0 | BI44: =IF(U$9=0,0,U$7*$I44) -> 0 | BJ44: =IF(V$9=0,0,V$7*$I44) -> 0 | BK44: =IF(W$9=0,0,W$7*$I44) -> 0 | ... BX44: =IF(AJ$9=0,0,AJ$7*$I44) -> 0 | BY44: =AI44*BD44 -> 0 | BZ44: =AJ44*BE44 -> 0 | CA44: =AK44*BF44 -> 0 | CB44: =AL44*BG44 -> 0 | CC44: =AM44*BH44 -> 0 | CD44: =AN44*BI44 -> 0 | CE44: =AO44*BJ44 -> 0 | CF44: =AP44*BK44 -> 0 | ... CS44: =BC44*BX44 -> 0 | CT44: =BD44*$L44 -> 0 | CU44: =BE44*$L44 -> 0 | CV44: =BF44*$L44 -> 0 | CW44: =BG44*$L44 -> 0 | CX44: =BH44*$L44 -> 0 | CY44: =BI44*$L44 -> 0 | CZ44: =BJ44*$L44 -> 0 | DA44: =BK44*$L44 -> 0 | ... DN44: =BX44*$L44 -> 0 | DR44: =DR43+1 -> 2023 | DS44: 0 | DT44: =DS44*($C$8+$C$9) -> 0 | DU44: 0 | DV44: =DU44-DU43 -> 0 | DW44: 0 | DY44: =DT44*TechnicalInputs!$B$144*TechnicalInputs!$B$134+TechnicalInputs!$B$135*TechnicalInputs!$B$145*TransactionCosts!DU44+TransactionCosts!DW44*TechnicalInputs!$B$136*TechnicalInputs!$B$146 -> 0 | DZ44: =DY44/2000 -> 0 | EA44: =DZ44*TechnicalInputs!$B$90*TechnicalInputs!$D$5 -> 0 | EB44: =DT44*TechnicalInputs!$B$139*TechnicalInputs!$B$144+TechnicalInputs!$B$140*TechnicalInputs!$B$145*TransactionCosts!DU44+TransactionCosts!DW44*TechnicalInputs!$B$141*TechnicalInputs!$B$146 -> 0 | EC44: =EA44+EB44 -> 0
A45: Odometer | B45: =LOOKUP(A45,$A$2:$A$4,$B$2:$B$4) -> 0.25 | C45: Mail | D45: =LOOKUP(C45,$B$7:$B$9,$C$7:$C$9) -> 0.35 | E45: 4 | F45: =LOOKUP(E45,$C$17:$C$19,$D$17:$D$19) -> 0.2 | G45: Check | H45: 1 | I45: =B45*D45*F45*H45 -> 0.0175 | J45: =TechnicalInputs!$D$30 -> 3 | K45: =TechnicalInputs!$D$33 -> 1 | L45: =J45+K45 -> 4 | N45: =P$10/$E45 -> 0 | O45: =Q$10/$E45 -> 0 | P45: =R$10/$E45 -> 0 | Q45: =S$10/$E45 -> 0 | R45: =T$10/$E45 -> 0 | S45: =U$10/$E45 -> 0 | T45: =V$10/$E45 -> 0 | U45: =W$10/$E45 -> 0 | ... AH45: =AJ$10/$E45 -> 0 | AI45: =(N45*IF($G45="credit",TechnicalInputs!$D$22,IF($G45="Debit",TechnicalInputs!$D$24,IF($G45="EFT",TechnicalInputs!$D$26,0)))+IF($G45="credit",TechnicalInputs!$D$21,IF($G45="debit",TechnicalInputs!$D$23,IF($G45="eft",TechnicalInputs!$D$25)))+IF(TransactionCosts!$C45="online",TechnicalInputs!$D$28,TechnicalInputs!$D$27))*$E45 -> 3.6 | AJ45: =(O45*IF($G45="credit",TechnicalInputs!$D$22,IF($G45="Debit",TechnicalInputs!$D$24,IF($G45="EFT",TechnicalInputs!$D$26,0)))+IF($G45="credit",TechnicalInputs!$D$21,IF($G45="debit",TechnicalInputs!$D$23,IF($G45="eft",TechnicalInputs!$D$25)))+IF(TransactionCosts!$C45="online",TechnicalInputs!$D$28,TechnicalInputs!$D$27))*$E45 -> 3.6 | AK45: =(P45*IF($G45="credit",TechnicalInputs!$D$22,IF($G45="Debit",TechnicalInputs!$D$24,IF($G45="EFT",TechnicalInputs!$D$26,0)))+IF($G45="credit",TechnicalInputs!$D$21,IF($G45="debit",TechnicalInputs!$D$23,IF($G45="eft",TechnicalInputs!$D$25)))+IF(TransactionCosts!$C45="online",TechnicalInputs!$D$28,TechnicalInputs!$D$27))*$E45 -> 3.6 | AL45: =(Q45*IF($G45="credit",TechnicalInputs!$D$22,IF($G45="Debit",TechnicalInputs!$D$24,IF($G45="EFT",TechnicalInputs!$D$26,0)))+IF($G45="credit",TechnicalInputs!$D$21,IF($G45="debit",TechnicalInputs!$D$23,IF($G45="eft",TechnicalInputs!$D$25)))+IF(TransactionCosts!$C45="online",TechnicalInputs!$D$28,TechnicalInputs!$D$27))*$E45 -> 3.6 | AM45: =(R45*IF($G45="credit",TechnicalInputs!$D$22,IF($G45="Debit",TechnicalInputs!$D$24,IF($G45="EFT",TechnicalInputs!$D$26,0)))+IF($G45="credit",TechnicalInputs!$D$21,IF($G45="debit",TechnicalInputs!$D$23,IF($G45="eft",TechnicalInputs!$D$25)))+IF(TransactionCosts!$C45="online",TechnicalInputs!$D$28,TechnicalInputs!$D$27))*$E45 -> 3.6 | AN45: =(S45*IF($G45="credit",TechnicalInputs!$D$22,IF($G45="Debit",TechnicalInputs!$D$24,IF($G45="EFT",TechnicalInputs!$D$26,0)))+IF($G45="credit",TechnicalInputs!$D$21,IF($G45="debit",TechnicalInputs!$D$23,IF($G45="eft",TechnicalInputs!$D$25)))+IF(TransactionCosts!$C45="online",TechnicalInputs!$D$28,TechnicalInputs!$D$27))*$E45 -> 3.6 | AO45: =(T45*IF($G45="credit",TechnicalInputs!$D$22,IF($G45="Debit",TechnicalInputs!$D$24,IF($G45="EFT",TechnicalInputs!$D$26,0)))+IF($G45="credit",TechnicalInputs!$D$21,IF($G45="debit",TechnicalInputs!$D$23,IF($G45="eft",TechnicalInputs!$D$25)))+IF(TransactionCosts!$C45="online",TechnicalInputs!$D$28,TechnicalInputs!$D$27))*$E45 -> 3.6 | AP45: =(U45*IF($G45="credit",TechnicalInputs!$D$22,IF($G45="Debit",TechnicalInputs!$D$24,IF($G45="EFT",TechnicalInputs!$D$26,0)))+IF($G45="credit",TechnicalInputs!$D$21,IF($G45="debit",TechnicalInputs!$D$23,IF($G45="eft",TechnicalInputs!$D$25)))+IF(TransactionCosts!$C45="online",TechnicalInputs!$D$28,TechnicalInputs!$D$27))*$E45 -> 3.6 | ... BC45: =(AH45*IF($G45="credit",TechnicalInputs!$D$22,IF($G45="Debit",TechnicalInputs!$D$24,IF($G45="EFT",TechnicalInputs!$D$26,0)))+IF($G45="credit",TechnicalInputs!$D$21,IF($G45="debit",TechnicalInputs!$D$23,IF($G45="eft",TechnicalInputs!$D$25)))+IF(TransactionCosts!$C45="online",TechnicalInputs!$D$28,TechnicalInputs!$D$27))*$E45 -> 3.6 | BD45: =IF(P$9=0,0,P$7*$I45) -> 0 | BE45: =IF(Q$9=0,0,Q$7*$I45) -> 0 | BF45: =IF(R$9=0,0,R$7*$I45) -> 0 | BG45: =IF(S$9=0,0,S$7*$I45) -> 0 | BH45: =IF(T$9=0,0,T$7*$I45) -> 0 | BI45: =IF(U$9=0,0,U$7*$I45) -> 0 | BJ45: =IF(V$9=0,0,V$7*$I45) -> 0 | BK45: =IF(W$9=0,0,W$7*$I45) -> 0 | ... BX45: =IF(AJ$9=0,0,AJ$7*$I45) -> 0 | BY45: =AI45*BD45 -> 0 | BZ45: =AJ45*BE45 -> 0 | CA45: =AK45*BF45 -> 0 | CB45: =AL45*BG45 -> 0 | CC45: =AM45*BH45 -> 0 | CD45: =AN45*BI45 -> 0 | CE45: =AO45*BJ45 -> 0 | CF45: =AP45*BK45 -> 0 | ... CS45: =BC45*BX45 -> 0 | CT45: =BD45*$L45 -> 0 | CU45: =BE45*$L45 -> 0 | CV45: =BF45*$L45 -> 0 | CW45: =BG45*$L45 -> 0 | CX45: =BH45*$L45 -> 0 | CY45: =BI45*$L45 -> 0 | CZ45: =BJ45*$L45 -> 0 | DA45: =BK45*$L45 -> 0 | ... DN45: =BX45*$L45 -> 0 | DR45: =DR44+1 -> 2024 | DS45: 0 | DT45: =DS45*($C$8+$C$9) -> 0 | DU45: 0 | DV45: =DU45-DU44 -> 0 | DW45: 0 | DY45: =DT45*TechnicalInputs!$B$144*TechnicalInputs!$B$134+TechnicalInputs!$B$135*TechnicalInputs!$B$145*TransactionCosts!DU45+TransactionCosts!DW45*TechnicalInputs!$B$136*TechnicalInputs!$B$146 -> 0 | DZ45: =DY45/2000 -> 0 | EA45: =DZ45*TechnicalInputs!$B$90*TechnicalInputs!$D$5 -> 0 | EB45: =DT45*TechnicalInputs!$B$139*TechnicalInputs!$B$144+TechnicalInputs!$B$140*TechnicalInputs!$B$145*TransactionCosts!DU45+TransactionCosts!DW45*TechnicalInputs!$B$141*TechnicalInputs!$B$146 -> 0 | EC45: =EA45+EB45 -> 0
